Workbook

Sheet Смета 12 гр. по ФЕР
A1: =Source!B1 -> Smeta.RU (495) 974-1589
H3: Приложение 1 к Форме 7
B9: =CONCATENATE( "ЛОКАЛЬНЫЙ СМЕТНЫЙ РАСЧЕТ № 1 ",IF(Source!F20<>"Новая локальная смета", Source!F20, "")) -> ЛОКАЛЬНЫЙ СМЕТНЫЙ РАСЧЕТ № 1
A11: =IF(Source!G12<>"Новый объект", Source!G12, "") -> на монтаж систем подпора воздуха и дымоудаления комплекса систем пожарной безопасности согласно рабочей документации № 93/51-2017-4-ОВ в здании общежития НИЯУ МИФИ по адресу: г. Москва, ул. Кошкина, д. 11, к. 1. | AD11: =IF(Source!G12<>"Новый объект", Source!G12, "") -> на монтаж систем подпора воздуха и дымоудаления комплекса систем пожарной безопасности согласно рабочей документации № 93/51-2017-4-ОВ в здании общежития НИЯУ МИФИ по адресу: г. Москва, ул. Кошкина, д. 11, к. 1.
B12: (наименование работ и затрат, наименование объекта)
A13: =CONCATENATE("Основание: ", Source!J20) -> Основание: 93/51-2017-ОВ
G15: базовая цена | I15: текущая цена
C16: Сметная стоимость | G16: =SUM(O26:O409)/1000 -> 230.85756 | I16: =(Source!P428/1000) -> 2133.7339 | K16: тыс. руб.
C17: Строительные работы | G17: =SUM(W26:W409)/1000 -> 202.99403 | I17: =(Source!P415)/1000 -> 1563.0545 | K17: тыс. руб.
C18: Монтажные работы | G18: =SUM(X26:X409)/1000 -> 18.43963 | I18: =(Source!P416)/1000 -> 141.9846 | K18: тыс. руб.
C19: Прочие работы | G19: =SUM(Z26:Z409)/1000 -> 9.4239 | I19: =(Source!P417+Source!P418)/1000 -> 103.20997 | K19: тыс. руб.
C20: Нормативная трудоемкость | G20: =I20 -> 666.72357 | I20: =(Source!P420+Source!P421) -> 666.72357 | K20: чел. -ч.
C21: Средства на оплату труда | G21: =SUM(R26:R409)/1000 -> 6.62909 | I21: =((Source!P413 + Source!P412)/1000) -> 65.99318 | K21: тыс. руб.
A23: Составлена в ценах IV квартал 2017 года
A24: № п/п | B24: Шифр расценки и коды ресурсов | C24: Наименование работ и затрат | D24: Ед. изм. | E24: Кол-во единиц | F24: Цена на ед. изм. | G24: Попра-вочные коэфф. | H24: Стоимость в ценах 2001г. | I24: Пункт коэфф. пересчета | J24: Коэфф. пересчета | K24: Стоимость в текущих ценах | L24: ЗТР всего чел.-час
A25: 1 | B25: 2 | C25: 3 | D25: 4 | E25: 5 | F25: 6 | G25: 7 | H25: 8 | I25: 9 | J25: 10 | K25: 11 | L25: 12
A27: =CONCATENATE("Раздел: ",IF(Source!G24<>"Новый раздел", Source!G24, "")) -> Раздел: Дымоудаление
A28: =Source!E29 -> 1 | B28: =Source!F29 -> 20-03-001-02 | C28: =Source!G29 -> Установка вентиляторов радиальных массой до 0,12 т | D28: =Source!H29 -> ШТ | E28: =Source!I29 -> 1 | F28: =Source!AL29+Source!AM29+Source!AO29 -> 89.88 | I28: =Source!BO29 | S28: =ROUND((Source!FX29/100)*((ROUND(Source!AF29*Source!I29, 2)+ROUND(Source!AE29*Source!I29, 2))), 2) -> 119.44 | T28: =Source!X29 -> 919.65 | U28: =ROUND((Source!FY29/100)*((ROUND(Source!AF29*Source!I29, 2)+ROUND(Source!AE29*Source!I29, 2))), 2) -> 77.45 | V28: =Source!Y29 -> 596.34
C29: Зарплата | F29: =Source!AO29 -> 76.77 | G29: =Source!DG29 -> )*1,2 | H29: =ROUND(Source!AF29*Source!I29, 2) -> 92.12 | J29: =IF(Source!BA29<> 0, Source!BA29, 1) -> 7.7 | K29: =Source!S29 -> 709.32 | R29: =H29 -> 92.12
C30: Эксплуатация машин | F30: =Source!AM29 -> 13.11 | G30: =Source!DE29 -> )*1,2 | H30: =ROUND(Source!AD29*Source!I29, 2) -> 15.73 | J30: =IF(Source!BB29<> 0, Source!BB29, 1) -> 7.7 | K30: =Source!Q29 -> 121.12
C31: в т.ч. зарплата машинистов | F31: =Source!AN29 -> 0.99 | G31: =Source!DF29 -> )*1,2 | H31: =ROUND(Source!AE29*Source!I29, 2) -> 1.19 | J31: =IF(Source!BS29<> 0, Source!BS29, 1) -> 7.7 | K31: =Source!R29 -> 9.16 | R31: =H31 -> 1.19
C32: НР от ФОТ | D32: % | E32: =Source!BZ29 -> 128 | H32: =SUM(S28:S36) -> 119.44 | J32: =Source!AT29 -> 128 | K32: =SUM(T28:T36) -> 919.65
C33: СП от ФОТ | D33: % | E33: =Source!CA29 -> 83 | H33: =SUM(U28:U36) -> 77.45 | J33: =Source!AU29 -> 83 | K33: =SUM(V28:V36) -> 596.34
C34: Затраты труда | D34: чел-ч | E34: =Source!AQ29 -> 9 | G34: =Source!DI29 -> )*1,2 | L34: =Source!U29 -> 10.8
A35: =Source!E31 -> 1,1 | B35: =Source!F31 -> Цена поставщика | C35: Вентилятор дымоудаления радиальный KORF KLR - DU-80B-15х15 (левый) Базисная стоимость: 21 236,79 = [163 523,26 / 7,7] | D35: =Source!H31 -> ШТ | E35: =Source!I31 -> 1 | F35: =Source!AL31+Source!AM31+Source!AO31 -> 21236.79 | H35: =ROUND(Source!AC31*Source!I31, 2)+ROUND(Source!AD31*Source!I31, 2)+ROUND(Source!AF31*Source!I31, 2) -> 21236.79 | J35: =IF(Source!BC31<> 0, Source!BC31, 1) -> 7.7 | K35: =Source!O31 -> 163523.28 | S35: =ROUND((Source!FX31/100)*((ROUND(Source!AF31*Source!I31, 2)+ROUND(Source!AE31*Source!I31, 2))), 2) -> 0 | T35: =Source!X31 -> 0 | U35: =ROUND((Source!FY31/100)*((ROUND(Source!AF31*Source!I31, 2)+ROUND(Source!AE31*Source!I31, 2))), 2) -> 0 | V35: =Source!Y31 -> 0 | W35: =IF(Source!BI31<=1,H35, 0) -> 21236.79 | X35: =IF(Source!BI31=2,H35, 0) -> 0 | Y35: =IF(Source!BI31=3,H35, 0) -> 0 | Z35: =IF(Source!BI31=4,H35, 0) -> 0
A36: =Source!E33 -> 1,2 | B36: =Source!F33 -> Цена поставщика | C36: Комплект виброопор ДО-800 Базисная стоимость: 559,67 = [4 309,45 / 7,7] | D36: =Source!H33 -> компл. | E36: =Source!I33 -> 1 | F36: =Source!AL33+Source!AM33+Source!AO33 -> 559.67 | H36: =ROUND(Source!AC33*Source!I33, 2)+ROUND(Source!AD33*Source!I33, 2)+ROUND(Source!AF33*Source!I33, 2) -> 559.67 | J36: =IF(Source!BC33<> 0, Source!BC33, 1) -> 7.7 | K36: =Source!O33 -> 4309.46 | S36: =ROUND((Source!FX33/100)*((ROUND(Source!AF33*Source!I33, 2)+ROUND(Source!AE33*Source!I33, 2))), 2) -> 0 | T36: =Source!X33 -> 0 | U36: =ROUND((Source!FY33/100)*((ROUND(Source!AF33*Source!I33, 2)+ROUND(Source!AE33*Source!I33, 2))), 2) -> 0 | V36: =Source!Y33 -> 0 | W36: =IF(Source!BI33<=1,H36, 0) -> 559.67 | X36: =IF(Source!BI33=2,H36, 0) -> 0 | Y36: =IF(Source!BI33=3,H36, 0) -> 0 | Z36: =IF(Source!BI33=4,H36, 0) -> 0
G37: =H29+H30+H32+H33+SUM(H35:H36) -> 22101.2 | J37: =K29+K30+K32+K33+SUM(K35:K36) -> 170179.17 | L37: =Source!U29 -> 10.8 | O37: =G37 -> 22101.2 | P37: =J37 -> 170179.17 | Q37: =L37 -> 10.8 | W37: =IF(Source!BI29<=1,H29+H30+H32+H33, 0) -> 304.74 | X37: =IF(Source!BI29=2,H29+H30+H32+H33, 0) -> 0 | Y37: =IF(Source!BI29=3,H29+H30+H32+H33, 0) -> 0 | Z37: =IF(Source!BI29=4,H29+H30+H32+H33, 0) -> 0
A38: =Source!E35 -> 2 | B38: =Source!F35 -> 20-02-018-01 | C38: =Source!G35 -> Установка вставок гибких к радиальным вентиляторам | D38: =Source!H35 -> м2 | E38: =Source!I35 -> 2.01 | F38: =Source!AL35+Source!AM35+Source!AO35 -> 54.58 | I38: =Source!BO35 | S38: =ROUND((Source!FX35/100)*((ROUND(Source!AF35*Source!I35, 2)+ROUND(Source!AE35*Source!I35, 2))), 2) -> 155.52 | T38: =Source!X35 -> 1197.56 | U38: =ROUND((Source!FY35/100)*((ROUND(Source!AF35*Source!I35, 2)+ROUND(Source!AE35*Source!I35, 2))), 2) -> 100.85 | V38: =Source!Y35 -> 776.54
C39: Зарплата | F39: =Source!AO35 -> 50.26 | G39: =Source!DG35 -> )*1,2 | H39: =ROUND(Source!AF35*Source!I35, 2) -> 121.22 | J39: =IF(Source!BA35<> 0, Source!BA35, 1) -> 7.7 | K39: =Source!S35 -> 933.42 | R39: =H39 -> 121.22
C40: Эксплуатация машин | F40: =Source!AM35 -> 0.66 | G40: =Source!DE35 -> )*1,2 | H40: =ROUND(Source!AD35*Source!I35, 2) -> 1.59 | J40: =IF(Source!BB35<> 0, Source!BB35, 1) -> 7.7 | K40: =Source!Q35 -> 12.23
C41: в т.ч. зарплата машинистов | F41: =Source!AN35 -> 0.12 | G41: =Source!DF35 -> )*1,2 | H41: =ROUND(Source!AE35*Source!I35, 2) -> 0.28 | J41: =IF(Source!BS35<> 0, Source!BS35, 1) -> 7.7 | K41: =Source!R35 -> 2.17 | R41: =H41 -> 0.28
C42: Материальные ресурсы | F42: =Source!AL35 -> 3.66 | G42: =Source!DD35 | H42: =ROUND(Source!AC35*Source!I35, 2) -> 7.36 | J42: =IF(Source!BC35<> 0, Source!BC35, 1) -> 7.7 | K42: =Source!P35 -> 56.65
C43: НР от ФОТ | D43: % | E43: =Source!BZ35 -> 128 | H43: =SUM(S38:S46) -> 155.52 | J43: =Source!AT35 -> 128 | K43: =SUM(T38:T46) -> 1197.56
C44: СП от ФОТ | D44: % | E44: =Source!CA35 -> 83 | H44: =SUM(U38:U46) -> 100.85 | J44: =Source!AU35 -> 83 | K44: =SUM(V38:V46) -> 776.54
C45: Затраты труда | D45: чел-ч | E45: =Source!AQ35 -> 5.75 | G45: =Source!DI35 -> )*1,2 | L45: =Source!U35 -> 13.869
A46: =Source!E37 -> 2,1 | B46: =Source!F37 -> Цена поставщика | C46: Вставка гибкая круглого сечения СДКК-400-800-EX-KR Базисная стоимость: 1 139,10 = [8 771,06 / 7,7] | D46: =Source!H37 -> ШТ | E46: =Source!I37 -> 1 | F46: =Source!AL37+Source!AM37+Source!AO37 -> 1139.1 | H46: =ROUND(Source!AC37*Source!I37, 2)+ROUND(Source!AD37*Source!I37, 2)+ROUND(Source!AF37*Source!I37, 2) -> 1139.1 | J46: =IF(Source!BC37<> 0, Source!BC37, 1) -> 7.7 | K46: =Source!O37 -> 8771.07 | S46: =ROUND((Source!FX37/100)*((ROUND(Source!AF37*Source!I37, 2)+ROUND(Source!AE37*Source!I37, 2))), 2) -> 0 | T46: =Source!X37 -> 0 | U46: =ROUND((Source!FY37/100)*((ROUND(Source!AF37*Source!I37, 2)+ROUND(Source!AE37*Source!I37, 2))), 2) -> 0 | V46: =Source!Y37 -> 0 | W46: =IF(Source!BI37<=1,H46, 0) -> 1139.1 | X46: =IF(Source!BI37=2,H46, 0) -> 0 | Y46: =IF(Source!BI37=3,H46, 0) -> 0 | Z46: =IF(Source!BI37=4,H46, 0) -> 0
G47: =H39+H40+H42+H43+H44+SUM(H46:H46) -> 1525.64 | J47: =K39+K40+K42+K43+K44+SUM(K46:K46) -> 11747.47 | L47: =Source!U35 -> 13.869 | O47: =G47 -> 1525.64 | P47: =J47 -> 11747.47 | Q47: =L47 -> 13.869 | W47: =IF(Source!BI35<=1,H39+H40+H42+H43+H44, 0) -> 386.54 | X47: =IF(Source!BI35=2,H39+H40+H42+H43+H44, 0) -> 0 | Y47: =IF(Source!BI35=3,H39+H40+H42+H43+H44, 0) -> 0 | Z47: =IF(Source!BI35=4,H39+H40+H42+H43+H44, 0) -> 0
A48: =Source!E39 -> 3 | B48: =Source!F39 -> 20-02-006-04 | C48: =Source!G39 -> Установка заслонок воздушных и клапанов воздушных КВР с электрическим или пневматическим приводом диаметром до 800 мм | D48: =Source!H39 -> ШТ | E48: =Source!I39 -> 1 | F48: =Source!AL39+Source!AM39+Source!AO39 -> 60.9 | I48: =Source!BO39 | S48: =ROUND((Source!FX39/100)*((ROUND(Source!AF39*Source!I39, 2)+ROUND(Source!AE39*Source!I39, 2))), 2) -> 47.55 | T48: =Source!X39 -> 366.16 | U48: =ROUND((Source!FY39/100)*((ROUND(Source!AF39*Source!I39, 2)+ROUND(Source!AE39*Source!I39, 2))), 2) -> 30.83 | V48: =Source!Y39 -> 237.43
C49: Зарплата | F49: =Source!AO39 -> 30.59 | G49: =Source!DG39 -> )*1,2 | H49: =ROUND(Source!AF39*Source!I39, 2) -> 36.71 | J49: =IF(Source!BA39<> 0, Source!BA39, 1) -> 7.7 | K49: =Source!S39 -> 282.67 | R49: =H49 -> 36.71
C50: Эксплуатация машин | F50: =Source!AM39 -> 4.55 | G50: =Source!DE39 -> )*1,2 | H50: =ROUND(Source!AD39*Source!I39, 2) -> 5.46 | J50: =IF(Source!BB39<> 0, Source!BB39, 1) -> 7.7 | K50: =Source!Q39 -> 42.04
C51: в т.ч. зарплата машинистов | F51: =Source!AN39 -> 0.37 | G51: =Source!DF39 -> )*1,2 | H51: =ROUND(Source!AE39*Source!I39, 2) -> 0.44 | J51: =IF(Source!BS39<> 0, Source!BS39, 1) -> 7.7 | K51: =Source!R39 -> 3.39 | R51: =H51 -> 0.44
C52: Материальные ресурсы | F52: =Source!AL39 -> 25.76 | G52: =Source!DD39 | H52: =ROUND(Source!AC39*Source!I39, 2) -> 25.76 | J52: =IF(Source!BC39<> 0, Source!BC39, 1) -> 7.7 | K52: =Source!P39 -> 198.35
C53: НР от ФОТ | D53: % | E53: =Source!BZ39 -> 128 | H53: =SUM(S48:S57) -> 47.55 | J53: =Source!AT39 -> 128 | K53: =SUM(T48:T57) -> 366.16
C54: СП от ФОТ | D54: % | E54: =Source!CA39 -> 83 | H54: =SUM(U48:U57) -> 30.83 | J54: =Source!AU39 -> 83 | K54: =SUM(V48:V57) -> 237.43
C55: Затраты труда | D55: чел-ч | E55: =Source!AQ39 -> 3.41 | G55: =Source!DI39 -> )*1,2 | L55: =Source!U39 -> 4.092
A56: =Source!E41 -> 3,1 | B56: =Source!F41 -> Цена поставщика | C56: Клапан защитный KVZ-800-EX.B-KR Базисная стоимость: 524,65 = [4 039,83 / 7,7] | D56: =Source!H41 -> ШТ | E56: =Source!I41 -> 1 | F56: =Source!AL41+Source!AM41+Source!AO41 -> 524.65 | H56: =ROUND(Source!AC41*Source!I41, 2)+ROUND(Source!AD41*Source!I41, 2)+ROUND(Source!AF41*Source!I41, 2) -> 524.65 | J56: =IF(Source!BC41<> 0, Source!BC41, 1) -> 7.7 | K56: =Source!O41 -> 4039.81 | S56: =ROUND((Source!FX41/100)*((ROUND(Source!AF41*Source!I41, 2)+ROUND(Source!AE41*Source!I41, 2))), 2) -> 0 | T56: =Source!X41 -> 0 | U56: =ROUND((Source!FY41/100)*((ROUND(Source!AF41*Source!I41, 2)+ROUND(Source!AE41*Source!I41, 2))), 2) -> 0 | V56: =Source!Y41 -> 0 | W56: =IF(Source!BI41<=1,H56, 0) -> 524.65 | X56: =IF(Source!BI41=2,H56, 0) -> 0 | Y56: =IF(Source!BI41=3,H56, 0) -> 0 | Z56: =IF(Source!BI41=4,H56, 0) -> 0
A57: =Source!E43 -> 3,2 | B57: =Source!F43 -> Цена поставщика | C57: Кожух двигателя PTA-800-EX-KR Базисная стоимость: 369,68 = [2 846,57 / 7,7] | D57: =Source!H43 -> компл. | E57: =Source!I43 -> 1 | F57: =Source!AL43+Source!AM43+Source!AO43 -> 369.68 | H57: =ROUND(Source!AC43*Source!I43, 2)+ROUND(Source!AD43*Source!I43, 2)+ROUND(Source!AF43*Source!I43, 2) -> 369.68 | J57: =IF(Source!BC43<> 0, Source!BC43, 1) -> 7.7 | K57: =Source!O43 -> 2846.54 | S57: =ROUND((Source!FX43/100)*((ROUND(Source!AF43*Source!I43, 2)+ROUND(Source!AE43*Source!I43, 2))), 2) -> 0 | T57: =Source!X43 -> 0 | U57: =ROUND((Source!FY43/100)*((ROUND(Source!AF43*Source!I43, 2)+ROUND(Source!AE43*Source!I43, 2))), 2) -> 0 | V57: =Source!Y43 -> 0 | W57: =IF(Source!BI43<=1,H57, 0) -> 369.68 | X57: =IF(Source!BI43=2,H57, 0) -> 0 | Y57: =IF(Source!BI43=3,H57, 0) -> 0 | Z57: =IF(Source!BI43=4,H57, 0) -> 0
G58: =H49+H50+H52+H53+H54+SUM(H56:H57) -> 1040.64 | J58: =K49+K50+K52+K53+K54+SUM(K56:K57) -> 8013 | L58: =Source!U39 -> 4.092 | O58: =G58 -> 1040.64 | P58: =J58 -> 8013 | Q58: =L58 -> 4.092 | W58: =IF(Source!BI39<=1,H49+H50+H52+H53+H54, 0) -> 146.31 | X58: =IF(Source!BI39=2,H49+H50+H52+H53+H54, 0) -> 0 | Y58: =IF(Source!BI39=3,H49+H50+H52+H53+H54, 0) -> 0 | Z58: =IF(Source!BI39=4,H49+H50+H52+H53+H54, 0) -> 0
A59: =Source!E45 -> 4 | B59: =Source!F45 -> м08-01-102-01 | C59: =Source!G45 -> Шкаф управления и регулирования | D59: =Source!H45 -> шкаф | E59: =Source!I45 -> 1 | F59: =Source!AL45+Source!AM45+Source!AO45 -> 378.84 | I59: =Source!BO45 | S59: =ROUND((Source!FX45/100)*((ROUND(Source!AF45*Source!I45, 2)+ROUND(Source!AE45*Source!I45, 2))), 2) -> 183.01 | T59: =Source!X45 -> 1409.16 | U59: =ROUND((Source!FY45/100)*((ROUND(Source!AF45*Source!I45, 2)+ROUND(Source!AE45*Source!I45, 2))), 2) -> 125.22 | V59: =Source!Y45 -> 964.16
C60: Зарплата | F60: =Source!AO45 -> 140.45 | G60: =Source!DG45 -> )*1,2 | H60: =ROUND(Source!AF45*Source!I45, 2) -> 168.54 | J60: =IF(Source!BA45<> 0, Source!BA45, 1) -> 7.7 | K60: =Source!S45 -> 1297.76 | R60: =H60 -> 168.54
C61: Эксплуатация машин | F61: =Source!AM45 -> 142.16 | G61: =Source!DE45 -> )*1,2 | H61: =ROUND(Source!AD45*Source!I45, 2) -> 170.6 | J61: =IF(Source!BB45<> 0, Source!BB45, 1) -> 7.7 | K61: =Source!Q45 -> 1313.62
C62: в т.ч. зарплата машинистов | F62: =Source!AN45 -> 20.08 | G62: =Source!DF45 -> )*1,2 | H62: =ROUND(Source!AE45*Source!I45, 2) -> 24.1 | J62: =IF(Source!BS45<> 0, Source!BS45, 1) -> 7.7 | K62: =Source!R45 -> 185.57 | R62: =H62 -> 24.1
C63: Материальные ресурсы | F63: =Source!AL45 -> 96.23 | G63: =Source!DD45 | H63: =ROUND(Source!AC45*Source!I45, 2) -> 96.23 | J63: =IF(Source!BC45<> 0, Source!BC45, 1) -> 7.7 | K63: =Source!P45 -> 740.97
C64: НР от ФОТ | D64: % | E64: =Source!BZ45 -> 95 | H64: =SUM(S59:S67) -> 183.01 | J64: =Source!AT45 -> 95 | K64: =SUM(T59:T67) -> 1409.16
C65: СП от ФОТ | D65: % | E65: =Source!CA45 -> 65 | H65: =SUM(U59:U67) -> 125.22 | J65: =Source!AU45 -> 65 | K65: =SUM(V59:V67) -> 964.16
C66: Затраты труда | D66: чел-ч | E66: =Source!AQ45 -> 14.6 | G66: =Source!DI45 -> )*1,2 | L66: =Source!U45 -> 17.52
A67: =Source!E47 -> 4,1 | B67: =Source!F47 -> Цена поставщика | C67: Щит управления вентилятором CHU-V 18.5 N (со спецдоработкой) Базисная стоимость: 8 601,16 = [66 228,94 / 7,7] | D67: =Source!H47 -> ШТ | E67: =Source!I47 -> 1 | F67: =Source!AL47+Source!AM47+Source!AO47 -> 8601.16 | H67: =ROUND(Source!AC47*Source!I47, 2)+ROUND(Source!AD47*Source!I47, 2)+ROUND(Source!AF47*Source!I47, 2) -> 8601.16 | J67: =IF(Source!BC47<> 0, Source!BC47, 1) -> 7.7 | K67: =Source!O47 -> 66228.93 | S67: =ROUND((Source!FX47/100)*((ROUND(Source!AF47*Source!I47, 2)+ROUND(Source!AE47*Source!I47, 2))), 2) -> 0 | T67: =Source!X47 -> 0 | U67: =ROUND((Source!FY47/100)*((ROUND(Source!AF47*Source!I47, 2)+ROUND(Source!AE47*Source!I47, 2))), 2) -> 0 | V67: =Source!Y47 -> 0 | W67: =IF(Source!BI47<=1,H67, 0) -> 8601.16 | X67: =IF(Source!BI47=2,H67, 0) -> 0 | Y67: =IF(Source!BI47=3,H67, 0) -> 0 | Z67: =IF(Source!BI47=4,H67, 0) -> 0
G68: =H60+H61+H63+H64+H65+SUM(H67:H67) -> 9344.76 | J68: =K60+K61+K63+K64+K65+SUM(K67:K67) -> 71954.6 | L68: =Source!U45 -> 17.52 | O68: =G68 -> 9344.76 | P68: =J68 -> 71954.6 | Q68: =L68 -> 17.52 | W68: =IF(Source!BI45<=1,H60+H61+H63+H64+H65, 0) -> 0 | X68: =IF(Source!BI45=2,H60+H61+H63+H64+H65, 0) -> 743.6 | Y68: =IF(Source!BI45=3,H60+H61+H63+H64+H65, 0) -> 0 | Z68: =IF(Source!BI45=4,H60+H61+H63+H64+H65, 0) -> 0
A69: =Source!E49 -> 5 | B69: =Source!F49 -> м10-02-016-06 | C69: =Source!G49 -> Отдельно устанавливаемый преобразователь или блок питания | D69: =Source!H49 -> ШТ | E69: =Source!I49 -> 1 | F69: =Source!AL49+Source!AM49+Source!AO49 -> 199.95 | I69: =Source!BO49 | S69: =ROUND((Source!FX49/100)*((ROUND(Source!AF49*Source!I49, 2)+ROUND(Source!AE49*Source!I49, 2))), 2) -> 111.78 | T69: =Source!X49 -> 860.74 | U69: =ROUND((Source!FY49/100)*((ROUND(Source!AF49*Source!I49, 2)+ROUND(Source!AE49*Source!I49, 2))), 2) -> 83.84 | V69: =Source!Y49 -> 645.55
C70: Зарплата | F70: =Source!AO49 -> 112.01 | G70: =Source!DG49 -> )*1,2 | H70: =ROUND(Source!AF49*Source!I49, 2) -> 134.41 | J70: =IF(Source!BA49<> 0, Source!BA49, 1) -> 7.7 | K70: =Source!S49 -> 1034.96 | R70: =H70 -> 134.41
C71: Эксплуатация машин | F71: =Source!AM49 -> 39.6 | G71: =Source!DE49 -> )*1,2 | H71: =ROUND(Source!AD49*Source!I49, 2) -> 47.52 | J71: =IF(Source!BB49<> 0, Source!BB49, 1) -> 7.7 | K71: =Source!Q49 -> 365.9
C72: в т.ч. зарплата машинистов | F72: =Source!AN49 -> 4.43 | G72: =Source!DF49 -> )*1,2 | H72: =ROUND(Source!AE49*Source!I49, 2) -> 5.32 | J72: =IF(Source!BS49<> 0, Source!BS49, 1) -> 7.7 | K72: =Source!R49 -> 40.96 | R72: =H72 -> 5.32
C73: Материальные ресурсы | F73: =Source!AL49 -> 48.34 | G73: =Source!DD49 | H73: =ROUND(Source!AC49*Source!I49, 2) -> 48.34 | J73: =IF(Source!BC49<> 0, Source!BC49, 1) -> 7.7 | K73: =Source!P49 -> 372.22
C74: НР от ФОТ | D74: % | E74: =Source!BZ49 -> 80 | H74: =SUM(S69:S77) -> 111.78 | J74: =Source!AT49 -> 80 | K74: =SUM(T69:T77) -> 860.74
C75: СП от ФОТ | D75: % | E75: =Source!CA49 -> 60 | H75: =SUM(U69:U77) -> 83.84 | J75: =Source!AU49 -> 60 | K75: =SUM(V69:V77) -> 645.55
C76: Затраты труда | D76: чел-ч | E76: =Source!AQ49 -> 10.1 | G76: =Source!DI49 -> )*1,2 | L76: =Source!U49 -> 12.12
A77: =Source!E51 -> 5,1 | B77: =Source!F51 -> Цена поставщика | C77: Комплект частотного преобразователя FC-101P18KT4E20H4 (18 кВт; 37А; 380В) №131L9871 Базисная стоимость: 19 894,15 = [153 184,96 / 7,7] | D77: =Source!H51 -> ШТ | E77: =Source!I51 -> 1 | F77: =Source!AL51+Source!AM51+Source!AO51 -> 19894.15 | H77: =ROUND(Source!AC51*Source!I51, 2)+ROUND(Source!AD51*Source!I51, 2)+ROUND(Source!AF51*Source!I51, 2) -> 19894.15 | J77: =IF(Source!BC51<> 0, Source!BC51, 1) -> 7.7 | K77: =Source!O51 -> 153184.96 | S77: =ROUND((Source!FX51/100)*((ROUND(Source!AF51*Source!I51, 2)+ROUND(Source!AE51*Source!I51, 2))), 2) -> 0 | T77: =Source!X51 -> 0 | U77: =ROUND((Source!FY51/100)*((ROUND(Source!AF51*Source!I51, 2)+ROUND(Source!AE51*Source!I51, 2))), 2) -> 0 | V77: =Source!Y51 -> 0 | W77: =IF(Source!BI51<=1,H77, 0) -> 19894.15 | X77: =IF(Source!BI51=2,H77, 0) -> 0 | Y77: =IF(Source!BI51=3,H77, 0) -> 0 | Z77: =IF(Source!BI51=4,H77, 0) -> 0
G78: =H70+H71+H73+H74+H75+SUM(H77:H77) -> 20320.04 | J78: =K70+K71+K73+K74+K75+SUM(K77:K77) -> 156464.33 | L78: =Source!U49 -> 12.12 | O78: =G78 -> 20320.04 | P78: =J78 -> 156464.33 | Q78: =L78 -> 12.12 | W78: =IF(Source!BI49<=1,H70+H71+H73+H74+H75, 0) -> 0 | X78: =IF(Source!BI49=2,H70+H71+H73+H74+H75, 0) -> 425.89 | Y78: =IF(Source!BI49=3,H70+H71+H73+H74+H75, 0) -> 0 | Z78: =IF(Source!BI49=4,H70+H71+H73+H74+H75, 0) -> 0
A79: =Source!E53 -> 6 | B79: =Source!F53 -> 20-02-004-16 | C79: =Source!G53 -> Установка клапанов огнезадерживающих с ручной регулировкой периметром до 3200 мм | D79: =Source!H53 -> ШТ | E79: =Source!I53 -> 2 | F79: =Source!AL53+Source!AM53+Source!AO53 -> 90.42 | I79: =Source!BO53 | S79: =ROUND((Source!FX53/100)*((ROUND(Source!AF53*Source!I53, 2)+ROUND(Source!AE53*Source!I53, 2))), 2) -> 161.25 | T79: =Source!X53 -> 1241.66 | U79: =ROUND((Source!FY53/100)*((ROUND(Source!AF53*Source!I53, 2)+ROUND(Source!AE53*Source!I53, 2))), 2) -> 104.56 | V79: =Source!Y53 -> 805.14
C80: Зарплата | F80: =Source!AO53 -> 52 | G80: =Source!DG53 -> )*1,2 | H80: =ROUND(Source!AF53*Source!I53, 2) -> 124.8 | J80: =IF(Source!BA53<> 0, Source!BA53, 1) -> 7.7 | K80: =Source!S53 -> 960.96 | R80: =H80 -> 124.8
C81: Эксплуатация машин | F81: =Source!AM53 -> 7.33 | G81: =Source!DE53 -> )*1,2 | H81: =ROUND(Source!AD53*Source!I53, 2) -> 17.6 | J81: =IF(Source!BB53<> 0, Source!BB53, 1) -> 7.7 | K81: =Source!Q53 -> 135.52
C82: в т.ч. зарплата машинистов | F82: =Source!AN53 -> 0.49 | G82: =Source!DF53 -> )*1,2 | H82: =ROUND(Source!AE53*Source!I53, 2) -> 1.18 | J82: =IF(Source!BS53<> 0, Source!BS53, 1) -> 7.7 | K82: =Source!R53 -> 9.09 | R82: =H82 -> 1.18
C83: Материальные ресурсы | F83: =Source!AL53 -> 31.09 | G83: =Source!DD53 | H83: =ROUND(Source!AC53*Source!I53, 2) -> 62.18 | J83: =IF(Source!BC53<> 0, Source!BC53, 1) -> 7.7 | K83: =Source!P53 -> 478.79
C84: НР от ФОТ | D84: % | E84: =Source!BZ53 -> 128 | H84: =SUM(S79:S87) -> 161.25 | J84: =Source!AT53 -> 128 | K84: =SUM(T79:T87) -> 1241.66
C85: СП от ФОТ | D85: % | E85: =Source!CA53 -> 83 | H85: =SUM(U79:U87) -> 104.56 | J85: =Source!AU53 -> 83 | K85: =SUM(V79:V87) -> 805.14
C86: Затраты труда | D86: чел-ч | E86: =Source!AQ53 -> 5.95 | G86: =Source!DI53 -> )*1,2 | L86: =Source!U53 -> 14.28
A87: =Source!E55 -> 6,1 | B87: =Source!F55 -> Цена поставщика | C87: Противопожарный клапан ОКL-1D-450x450-S220-V-K Базисная стоимость: 2 051,35 = [15 795,38 / 7,7] | D87: =Source!H55 -> ШТ | E87: =Source!I55 -> 2 | F87: =Source!AL55+Source!AM55+Source!AO55 -> 2051.35 | H87: =ROUND(Source!AC55*Source!I55, 2)+ROUND(Source!AD55*Source!I55, 2)+ROUND(Source!AF55*Source!I55, 2) -> 4102.7 | J87: =IF(Source!BC55<> 0, Source!BC55, 1) -> 7.7 | K87: =Source!O55 -> 31590.79 | S87: =ROUND((Source!FX55/100)*((ROUND(Source!AF55*Source!I55, 2)+ROUND(Source!AE55*Source!I55, 2))), 2) -> 0 | T87: =Source!X55 -> 0 | U87: =ROUND((Source!FY55/100)*((ROUND(Source!AF55*Source!I55, 2)+ROUND(Source!AE55*Source!I55, 2))), 2) -> 0 | V87: =Source!Y55 -> 0 | W87: =IF(Source!BI55<=1,H87, 0) -> 4102.7 | X87: =IF(Source!BI55=2,H87, 0) -> 0 | Y87: =IF(Source!BI55=3,H87, 0) -> 0 | Z87: =IF(Source!BI55=4,H87, 0) -> 0
G88: =H80+H81+H83+H84+H85+SUM(H87:H87) -> 4573.09 | J88: =K80+K81+K83+K84+K85+SUM(K87:K87) -> 35212.86 | L88: =Source!U53 -> 14.28 | O88: =G88 -> 4573.09 | P88: =J88 -> 35212.86 | Q88: =L88 -> 14.28 | W88: =IF(Source!BI53<=1,H80+H81+H83+H84+H85, 0) -> 470.39 | X88: =IF(Source!BI53=2,H80+H81+H83+H84+H85, 0) -> 0 | Y88: =IF(Source!BI53=3,H80+H81+H83+H84+H85, 0) -> 0 | Z88: =IF(Source!BI53=4,H80+H81+H83+H84+H85, 0) -> 0
A89: =Source!E57 -> 7 | B89: =Source!F57 -> 20-01-002-11 | C89: =Source!G57 -> Прокладка воздуховодов из листовой оцинкованной стали и алюминия класса П (плотные) толщиной 0,7 мм, периметром до 2400 мм | D89: =Source!H57 -> 100 м2 | E89: =Source!I57 -> 0.045 | F89: =Source!AL57+Source!AM57+Source!AO57 -> 1558.26 | I89: =Source!BO57 | S89: =ROUND((Source!FX57/100)*((ROUND(Source!AF57*Source!I57, 2)+ROUND(Source!AE57*Source!I57, 2))), 2) -> 61.04 | T89: =Source!X57 -> 470.11 | U89: =ROUND((Source!FY57/100)*((ROUND(Source!AF57*Source!I57, 2)+ROUND(Source!AE57*Source!I57, 2))), 2) -> 39.58 | V89: =Source!Y57 -> 304.83
C90: Зарплата | F90: =Source!AO57 -> 874.52 | G90: =Source!DG57 -> )*1,2 | H90: =ROUND(Source!AF57*Source!I57, 2) -> 47.22 | J90: =IF(Source!BA57<> 0, Source!BA57, 1) -> 7.7 | K90: =Source!S57 -> 363.62 | R90: =H90 -> 47.22
C91: Эксплуатация машин | F91: =Source!AM57 -> 102.92 | G91: =Source!DE57 -> )*1,2 | H91: =ROUND(Source!AD57*Source!I57, 2) -> 5.56 | J91: =IF(Source!BB57<> 0, Source!BB57, 1) -> 7.7 | K91: =Source!Q57 -> 42.79
C92: в т.ч. зарплата машинистов | F92: =Source!AN57 -> 8.77 | G92: =Source!DF57 -> )*1,2 | H92: =ROUND(Source!AE57*Source!I57, 2) -> 0.47 | J92: =IF(Source!BS57<> 0, Source!BS57, 1) -> 7.7 | K92: =Source!R57 -> 3.65 | R92: =H92 -> 0.47
C93: Материальные ресурсы | F93: =Source!AL57 -> 580.82 | G93: =Source!DD57 | H93: =ROUND(Source!AC57*Source!I57, 2) -> 26.14 | J93: =IF(Source!BC57<> 0, Source!BC57, 1) -> 7.7 | K93: =Source!P57 -> 201.25
C94: НР от ФОТ | D94: % | E94: =Source!BZ57 -> 128 | H94: =SUM(S89:S97) -> 61.04 | J94: =Source!AT57 -> 128 | K94: =SUM(T89:T97) -> 470.11
C95: СП от ФОТ | D95: % | E95: =Source!CA57 -> 83 | H95: =SUM(U89:U97) -> 39.58 | J95: =Source!AU57 -> 83 | K95: =SUM(V89:V97) -> 304.83
C96: Затраты труда | D96: чел-ч | E96: =Source!AQ57 -> 100.06 | G96: =Source!DI57 -> )*1,2 | L96: =Source!U57 -> 5.40324
A97: =Source!E59 -> 7,1 | B97: =Source!F59 -> 19.1.01.03-0079 | C97: =Source!G59 -> Воздуховоды из оцинкованной стали толщиной 0,7 мм, периметром от 1700 до 4000 мм (прим. 500х500 мм S=1мм ) | D97: =Source!H59 -> м2 | E97: =Source!I59 -> 4.5 | F97: =Source!AL59+Source!AM59+Source!AO59 -> 109.09 | H97: =ROUND(Source!AC59*Source!I59, 2)+ROUND(Source!AD59*Source!I59, 2)+ROUND(Source!AF59*Source!I59, 2) -> 490.91 | J97: =IF(Source!BC59<> 0, Source!BC59, 1) -> 7.7 | K97: =Source!O59 -> 3779.97 | S97: =ROUND((Source!FX59/100)*((ROUND(Source!AF59*Source!I59, 2)+ROUND(Source!AE59*Source!I59, 2))), 2) -> 0 | T97: =Source!X59 -> 0 | U97: =ROUND((Source!FY59/100)*((ROUND(Source!AF59*Source!I59, 2)+ROUND(Source!AE59*Source!I59, 2))), 2) -> 0 | V97: =Source!Y59 -> 0 | W97: =IF(Source!BI59<=1,H97, 0) -> 490.91 | X97: =IF(Source!BI59=2,H97, 0) -> 0 | Y97: =IF(Source!BI59=3,H97, 0) -> 0 | Z97: =IF(Source!BI59=4,H97, 0) -> 0
G98: =H90+H91+H93+H94+H95+SUM(H97:H97) -> 670.45 | J98: =K90+K91+K93+K94+K95+SUM(K97:K97) -> 5162.57 | L98: =Source!U57 -> 5.40324 | O98: =G98 -> 670.45 | P98: =J98 -> 5162.57 | Q98: =L98 -> 5.40324 | W98: =IF(Source!BI57<=1,H90+H91+H93+H94+H95, 0) -> 179.54 | X98: =IF(Source!BI57=2,H90+H91+H93+H94+H95, 0) -> 0 | Y98: =IF(Source!BI57=3,H90+H91+H93+H94+H95, 0) -> 0 | Z98: =IF(Source!BI57=4,H90+H91+H93+H94+H95, 0) -> 0
A99: =Source!E61 -> 8 | B99: =Source!F61 -> 20-01-002-13 | C99: =Source!G61 -> Прокладка воздуховодов из листовой оцинкованной стали и алюминия класса П (плотные) толщиной 0,7 мм, периметром до 3600 мм | D99: =Source!H61 -> 100 м2 | E99: =Source!I61 -> 0.856 | F99: =Source!AL61+Source!AM61+Source!AO61 -> 1405.77 | I99: =Source!BO61 | S99: =ROUND((Source!FX61/100)*((ROUND(Source!AF61*Source!I61, 2)+ROUND(Source!AE61*Source!I61, 2))), 2) -> 867.9 | T99: =Source!X61 -> 6682.91 | U99: =ROUND((Source!FY61/100)*((ROUND(Source!AF61*Source!I61, 2)+ROUND(Source!AE61*Source!I61, 2))), 2) -> 562.78 | V99: =Source!Y61 -> 4333.45
C100: Зарплата | F100: =Source!AO61 -> 650.69 | G100: =Source!DG61 -> )*1,2 | H100: =ROUND(Source!AF61*Source!I61, 2) -> 668.39 | J100: =IF(Source!BA61<> 0, Source!BA61, 1) -> 7.7 | K100: =Source!S61 -> 5146.61 | R100: =H100 -> 668.39
C101: Эксплуатация машин | F101: =Source!AM61 -> 107.26 | G101: =Source!DE61 -> )*1,2 | H101: =ROUND(Source!AD61*Source!I61, 2) -> 110.18 | J101: =IF(Source!BB61<> 0, Source!BB61, 1) -> 7.7 | K101: =Source!Q61 -> 848.35
C102: в т.ч. зарплата машинистов | F102: =Source!AN61 -> 9.41 | G102: =Source!DF61 -> )*1,2 | H102: =ROUND(Source!AE61*Source!I61, 2) -> 9.66 | J102: =IF(Source!BS61<> 0, Source!BS61, 1) -> 7.7 | K102: =Source!R61 -> 74.41 | R102: =H102 -> 9.66
C103: Материальные ресурсы | F103: =Source!AL61 -> 647.82 | G103: =Source!DD61 | H103: =ROUND(Source!AC61*Source!I61, 2) -> 554.53 | J103: =IF(Source!BC61<> 0, Source!BC61, 1) -> 7.7 | K103: =Source!P61 -> 4269.91
C104: НР от ФОТ | D104: % | E104: =Source!BZ61 -> 128 | H104: =SUM(S99:S112) -> 867.9 | J104: =Source!AT61 -> 128 | K104: =SUM(T99:T112) -> 6682.91
C105: СП от ФОТ | D105: % | E105: =Source!CA61 -> 83 | H105: =SUM(U99:U112) -> 562.78 | J105: =Source!AU61 -> 83 | K105: =SUM(V99:V112) -> 4333.45
C106: Затраты труда | D106: чел-ч | E106: =Source!AQ61 -> 74.45 | G106: =Source!DI61 -> )*1,2 | L106: =Source!U61 -> 76.47504
A107: =Source!E63 -> 8,1 | B107: =Source!F63 -> 19.1.01.03-0079 | C107: =Source!G63 -> Воздуховоды из оцинкованной стали толщиной 0,7 мм, периметром от 1700 до 4000 мм (прим. 1000х700 мм S=1 мм, 1300х400 мм S=1 мм) | D107: =Source!H63 -> м2 | E107: =Source!I63 -> 85.6 | F107: =Source!AL63+Source!AM63+Source!AO63 -> 109.09 | H107: =ROUND(Source!AC63*Source!I63, 2)+ROUND(Source!AD63*Source!I63, 2)+ROUND(Source!AF63*Source!I63, 2) -> 9338.1 | J107: =IF(Source!BC63<> 0, Source!BC63, 1) -> 7.7 | K107: =Source!O63 -> 71903.4 | S107: =ROUND((Source!FX63/100)*((ROUND(Source!AF63*Source!I63, 2)+ROUND(Source!AE63*Source!I63, 2))), 2) -> 0 | T107: =Source!X63 -> 0 | U107: =ROUND((Source!FY63/100)*((ROUND(Source!AF63*Source!I63, 2)+ROUND(Source!AE63*Source!I63, 2))), 2) -> 0 | V107: =Source!Y63 -> 0 | W107: =IF(Source!BI63<=1,H107, 0) -> 9338.1 | X107: =IF(Source!BI63=2,H107, 0) -> 0 | Y107: =IF(Source!BI63=3,H107, 0) -> 0 | Z107: =IF(Source!BI63=4,H107, 0) -> 0
A108: =Source!E65 -> 8,2 | B108: =Source!F65 -> Цена поставщика | C108: Переход Ф800 - 1000х700, l=500 мм Базисная стоимость: 346,69 = [2 669,49 / 7,7] | D108: =Source!H65 -> ШТ | E108: =Source!I65 -> 1 | F108: =Source!AL65+Source!AM65+Source!AO65 -> 346.69 | H108: =ROUND(Source!AC65*Source!I65, 2)+ROUND(Source!AD65*Source!I65, 2)+ROUND(Source!AF65*Source!I65, 2) -> 346.69 | J108: =IF(Source!BC65<> 0, Source!BC65, 1) -> 7.7 | K108: =Source!O65 -> 2669.51 | S108: =ROUND((Source!FX65/100)*((ROUND(Source!AF65*Source!I65, 2)+ROUND(Source!AE65*Source!I65, 2))), 2) -> 0 | T108: =Source!X65 -> 0 | U108: =ROUND((Source!FY65/100)*((ROUND(Source!AF65*Source!I65, 2)+ROUND(Source!AE65*Source!I65, 2))), 2) -> 0 | V108: =Source!Y65 -> 0 | W108: =IF(Source!BI65<=1,H108, 0) -> 0 | X108: =IF(Source!BI65=2,H108, 0) -> 0 | Y108: =IF(Source!BI65=3,H108, 0) -> 0 | Z108: =IF(Source!BI65=4,H108, 0) -> 346.69
A109: =Source!E67 -> 8,3 | B109: =Source!F67 -> Цена поставщика | C109: Переход 1300х400-1000х700, l=500 мм Базисная стоимость: 462,25 = [3 559,32 / 7,7] | D109: =Source!H67 -> ШТ | E109: =Source!I67 -> 1 | F109: =Source!AL67+Source!AM67+Source!AO67 -> 462.25 | H109: =ROUND(Source!AC67*Source!I67, 2)+ROUND(Source!AD67*Source!I67, 2)+ROUND(Source!AF67*Source!I67, 2) -> 462.25 | J109: =IF(Source!BC67<> 0, Source!BC67, 1) -> 7.7 | K109: =Source!O67 -> 3559.33 | S109: =ROUND((Source!FX67/100)*((ROUND(Source!AF67*Source!I67, 2)+ROUND(Source!AE67*Source!I67, 2))), 2) -> 0 | T109: =Source!X67 -> 0 | U109: =ROUND((Source!FY67/100)*((ROUND(Source!AF67*Source!I67, 2)+ROUND(Source!AE67*Source!I67, 2))), 2) -> 0 | V109: =Source!Y67 -> 0 | W109: =IF(Source!BI67<=1,H109, 0) -> 0 | X109: =IF(Source!BI67=2,H109, 0) -> 0 | Y109: =IF(Source!BI67=3,H109, 0) -> 0 | Z109: =IF(Source!BI67=4,H109, 0) -> 462.25
A110: =Source!E69 -> 8,4 | B110: =Source!F69 -> Цена поставщика | C110: Отвод 90 1000х700 Базисная стоимость: 808,94 = [6 228,81 / 7,7] | D110: =Source!H69 -> ШТ | E110: =Source!I69 -> 2 | F110: =Source!AL69+Source!AM69+Source!AO69 -> 808.94 | H110: =ROUND(Source!AC69*Source!I69, 2)+ROUND(Source!AD69*Source!I69, 2)+ROUND(Source!AF69*Source!I69, 2) -> 1617.88 | J110: =IF(Source!BC69<> 0, Source!BC69, 1) -> 7.7 | K110: =Source!O69 -> 12457.68 | S110: =ROUND((Source!FX69/100)*((ROUND(Source!AF69*Source!I69, 2)+ROUND(Source!AE69*Source!I69, 2))), 2) -> 0 | T110: =Source!X69 -> 0 | U110: =ROUND((Source!FY69/100)*((ROUND(Source!AF69*Source!I69, 2)+ROUND(Source!AE69*Source!I69, 2))), 2) -> 0 | V110: =Source!Y69 -> 0 | W110: =IF(Source!BI69<=1,H110, 0) -> 0 | X110: =IF(Source!BI69=2,H110, 0) -> 0 | Y110: =IF(Source!BI69=3,H110, 0) -> 0 | Z110: =IF(Source!BI69=4,H110, 0) -> 1617.88
...

Sheet Source
A1: 0 | B1: Smeta.RU (495) 974-1589 | D1: _PS_ | F1: 0 | G1: 0 | H1: 0 | I1: Smeta.RU | J1: НИЯУ МИФИ Доп. раб. место MCCS-0016187 | K1: 0 | L1: 16187 | M1: 10
A12: 1 | B12: 491 | C12: 0 | D12: =ROW(A430) -> 430 | E12: 0 | G12: на монтаж систем подпора воздуха и дымоудаления комплекса систем пожарной безопасности согласно рабочей документации № 93/51-2017-4-ОВ в здании общежития НИЯУ МИФИ по адресу: г. Москва, ул. Кошкина, д. 11, к. 1. | I12: 0 | K12: 0 | O12: 0 | P12: 0 | Q12: 0 | R12: 0 | S12: 0 | V12: 0 | BH12: Сметные нормы списания | BI12: Коды ценников | BJ12: 1 | BK12: 1 | BL12: 0 | BM12: 0 | BN12: 1 | BO12: 0 | BP12: 2 | BQ12: 2 | BR12: 1 | BS12: 1 | BT12: 0 | BU12: 0 | BV12: 0 | BW12: 0 | BX12: 0 | BY12: ФЕР-2017 | BZ12: ТР для Версии 10: Центральные регионы (с учетом п-ма 2536-ИП/12/ГС от 22.03.2017 г | CA12: ФЕР-2017 | CB12: ФЕР-2017 | CC12: ФЕР-2017 | CD12: ФЕР-2017 | CE12: Поправки для ГСН 2017 от 31.03.2017 г | CF12: 0 | CG12: 0 | CH12: 524288 | CK12: 4 | EC12: 0
A15: 15 | B15: 1
A18: 52 | B18: =B430 -> 491 | C18: =C430 -> 1 | D18: =D430 -> 12 | E18: =E430 -> 0 | F18: =F430 | G18: =G430 -> на монтаж систем подпора воздуха и дымоудаления комплекса систем пожарной безопасности согласно рабочей документации № 93/51-2017-4-ОВ в здании общежития НИЯУ МИФИ по адресу: г. Москва, ул. Кошкина, д. 11, к. 1. | O18: =O430 -> 220024.72 | P18: =P430 -> 211656.22 | Q18: =Q430 -> 1846.16 | R18: =R430 -> 106.75 | S18: =S430 -> 6522.34 | T18: =T430 -> 0 | U18: =U430 -> 657.86087 | V18: =V430 -> 8.862708 | ... GX18: =GX430 -> 0
A20: 3 | B20: 1 | D20: =ROW(A398) -> 398 | I20: 0 | J20: 93/51-2017-ОВ | K20: 1 | V20: 0 | BX20: 0 | CF20: 0 | CG20: 0
A22: 52 | B22: =B398 -> 1 | C22: =C398 -> 3 | D22: =D398 -> 20 | E22: =E398 -> 0 | F22: =F398 | G22: =G398 | O22: =O398 -> 220024.72 | P22: =P398 -> 211656.22 | Q22: =Q398 -> 1846.16 | R22: =R398 -> 106.75 | S22: =S398 -> 6522.34 | T22: =T398 -> 0 | U22: =U398 -> 657.86087 | V22: =V398 -> 8.862708 | ... GX22: =GX398 -> 0
A24: 4 | B24: 1 | D24: =ROW(A83) -> 83 | F24: Дымоудаление | G24: Дымоудаление | I24: 0 | K24: 1 | V24: 0 | BX24: 0 | CJ24: 0
A26: 52 | B26: =B83 -> 1 | C26: =C83 -> 4 | D26: =D83 -> 24 | E26: =E83 -> 0 | F26: =F83 -> Дымоудаление | G26: =G83 -> Дымоудаление | O26: =O83 -> 140410.35 | P26: =P83 -> 135230.57 | Q26: =Q83 -> 1402.2 | R26: =R83 -> 58.17 | S26: =S83 -> 3777.58 | T26: =T83 -> 0 | U26: =U83 -> 409.14992 | V26: =V83 -> 4.90326 | ... GX26: =GX83 -> 0
A28: 17 | B28: 1 | C28: =ROW(SmtRes!A7) -> 7 | D28: =ROW(EtalonRes!A6) -> 6 | E28: 1 | F28: 20-03-001-02 | G28: Установка вентиляторов радиальных массой до 0,12 т | H28: ШТ | I28: 1 | J28: 0 | O28: =ROUND(CP28,2) -> 107.85 | P28: =ROUND(CQ28*I28,2) -> 0 | Q28: =ROUND(CR28*I28,2) -> 15.73 | R28: =ROUND(CS28*I28,2) -> 1.19 | S28: =ROUND(CT28*I28,2) -> 92.12 | T28: =ROUND(CU28*I28,2) -> 0 | U28: =CV28*I28 -> 10.8 | V28: =CW28*I28 -> 0.096 | W28: =ROUND(CX28*I28,2) -> 0 | X28: =ROUND(CY28,2) -> 119.44 | Y28: =ROUND(CZ28,2) -> 77.45 | AA28: 27795993 | AB28: =ROUND((AC28+AD28+AF28),2) -> 107.85 | AC28: =ROUND((ES28),2) -> 0 | AD28: =ROUND(((((ET28*1.2))-((EU28*1.2)))+AE28),2) -> 15.73 | AE28: =ROUND(((EU28*1.2)),2) -> 1.19 | AF28: =ROUND(((EV28*1.2)),2) -> 92.12 | AG28: =ROUND((AP28),2) -> 0 | AH28: =((EW28*1.2)) -> 10.8 | AI28: =((EX28*1.2)) -> 0.096 | AJ28: =ROUND((AS28),2) -> 0 | AK28: 89.88 | AL28: 0 | AM28: 13.11 | AN28: 0.99 | AO28: 76.77 | AP28: 0 | AQ28: 9 | AR28: 0.08 | AS28: 0 | AT28: 128 | AU28: 83 | AV28: 1 | AW28: 1 | AZ28: 1 | BA28: 1 | BB28: 1 | BC28: 1 | BH28: 0 | BI28: 1 | BJ28: ФЕР-2001, 20-03-001-02, приказ Минстроя России №1039/пр от 30.12.2016г. | BM28: 20001 | BN28: 0 | BP28: 0 | BQ28: 2 | BR28: 0 | BS28: 1 | BT28: 1 | BU28: 1 | BV28: 1 | BW28: 1 | BX28: 1 | BZ28: 128 | CA28: 83 | CF28: 0 | CG28: 0 | CM28: 0 | CN28: Поправка: МДС 81-35.2004, прил.1, т.1, п.2 Наименование: Производство строительных и других работ в существующих зданиях и сооружениях, освобожденных от оборудования и других предметов, мешающих нормальному производству работ. | CO28: 0 | CP28: =(P28+Q28+S28) -> 107.85 | CQ28: =AC28*BC28 -> 0 | CR28: =AD28*BB28 -> 15.73 | CS28: =AE28*BS28 -> 1.19 | CT28: =AF28*BA28 -> 92.12 | CU28: =AG28 -> 0 | CV28: =AH28 -> 10.8 | CW28: =AI28 -> 0.096 | CX28: =AJ28 -> 0 | CY28: =(((S28+R28)*AT28)/100) -> 119.4368 | CZ28: =(((S28+R28)*AU28)/100) -> 77.4473 | DE28: )*1,2 | DF28: )*1,2 | DG28: )*1,2 | DI28: )*1,2 | DJ28: )*1,2 | DN28: 0 | DO28: 0 | DP28: 1 | DQ28: 1 | DU28: 1013 | DV28: ШТ | DW28: ШТ | DX28: 1 | EE28: 27029054 | EF28: 2 | EG28: Общестроительные работы | EH28: 0 | EJ28: 1 | EK28: 20001 | EL28: Вентиляция и кондиционирование | EM28: ФЕР-20 | EO28: Поправка: МДС 81-35.2004, прил.1, т.1, п.2 | EQ28: 0 | ER28: 89.88 | ES28: 0 | ET28: 13.11 | EU28: 0.99 | EV28: 76.77 | EW28: 9 | EX28: 0.08 | EY28: 0 | FQ28: 0 | FR28: =ROUND(IF(AND(BH28=3,BI28=3),P28,0),2) -> 0 | FS28: 0 | FX28: 128 | FY28: 83 | GD28: 0 | GF28: -1768176583 | GG28: 2 | GH28: 1 | GI28: -2 | GJ28: 0 | GK28: =ROUND(R28*(R12)/100,2) -> 0 | GL28: =ROUND(IF(AND(BH28=3,BI28=3,FS28<>0),P28,0),2) -> 0 | GM28: =ROUND(O28+X28+Y28+GK28,2)+GX28 -> 304.74 | GN28: =IF(OR(BI28=0,BI28=1),ROUND(O28+X28+Y28+GK28,2),0) -> 304.74 | GO28: =IF(BI28=2,ROUND(O28+X28+Y28+GK28,2),0) -> 0 | GP28: =IF(BI28=4,ROUND(O28+X28+Y28+GK28,2)+GX28,0) -> 0 | GR28: 0 | GS28: 3 | GT28: 0 | GV28: =ROUND(GT28,2) -> 0 | GW28: 1 | GX28: =ROUND(GV28*GW28*I28,2) -> 0 | HA28: 0 | HB28: 0 | IK28: 0
A29: 17 | B29: 1 | C29: =ROW(SmtRes!A14) -> 14 | D29: =ROW(EtalonRes!A12) -> 12 | E29: 1 | F29: 20-03-001-02 | G29: Установка вентиляторов радиальных массой до 0,12 т | H29: ШТ | I29: 1 | J29: 0 | O29: =ROUND(CP29,2) -> 830.44 | P29: =ROUND(CQ29*I29,2) -> 0 | Q29: =ROUND(CR29*I29,2) -> 121.12 | R29: =ROUND(CS29*I29,2) -> 9.16 | S29: =ROUND(CT29*I29,2) -> 709.32 | T29: =ROUND(CU29*I29,2) -> 0 | U29: =CV29*I29 -> 10.8 | V29: =CW29*I29 -> 0.096 | W29: =ROUND(CX29*I29,2) -> 0 | X29: =ROUND(CY29,2) -> 919.65 | Y29: =ROUND(CZ29,2) -> 596.34 | AA29: 27796868 | AB29: =ROUND((AC29+AD29+AF29),2) -> 107.85 | AC29: =ROUND((ES29),2) -> 0 | AD29: =ROUND(((((ET29*1.2))-((EU29*1.2)))+AE29),2) -> 15.73 | AE29: =ROUND(((EU29*1.2)),2) -> 1.19 | AF29: =ROUND(((EV29*1.2)),2) -> 92.12 | AG29: =ROUND((AP29),2) -> 0 | AH29: =((EW29*1.2)) -> 10.8 | AI29: =((EX29*1.2)) -> 0.096 | AJ29: =ROUND((AS29),2) -> 0 | AK29: 89.88 | AL29: 0 | AM29: 13.11 | AN29: 0.99 | AO29: 76.77 | AP29: 0 | AQ29: 9 | AR29: 0.08 | AS29: 0 | AT29: 128 | AU29: 83 | AV29: 1 | AW29: 1 | AZ29: 7.7 | BA29: 7.7 | BB29: 7.7 | BC29: 7.7 | BH29: 0 | BI29: 1 | BJ29: ФЕР-2001, 20-03-001-02, приказ Минстроя России №1039/пр от 30.12.2016г. | BM29: 20001 | BN29: 0 | BP29: 0 | BQ29: 2 | BR29: 0 | BS29: 7.7 | BT29: 1 | BU29: 1 | BV29: 1 | BW29: 1 | BX29: 1 | BZ29: 128 | CA29: 83 | CF29: 0 | CG29: 0 | CM29: 0 | CN29: Поправка: МДС 81-35.2004, прил.1, т.1, п.2 Наименование: Производство строительных и других работ в существующих зданиях и сооружениях, освобожденных от оборудования и других предметов, мешающих нормальному производству работ. | CO29: 0 | CP29: =(P29+Q29+S29) -> 830.44 | CQ29: =AC29*BC29 -> 0 | CR29: =AD29*BB29 -> 121.121 | CS29: =AE29*BS29 -> 9.163 | CT29: =AF29*BA29 -> 709.324 | CU29: =AG29 -> 0 | CV29: =AH29 -> 10.8 | CW29: =AI29 -> 0.096 | CX29: =AJ29 -> 0 | CY29: =(((S29+R29)*AT29)/100) -> 919.6544 | CZ29: =(((S29+R29)*AU29)/100) -> 596.3384 | DE29: )*1,2 | DF29: )*1,2 | DG29: )*1,2 | DI29: )*1,2 | DJ29: )*1,2 | DN29: 0 | DO29: 0 | DP29: 1 | DQ29: 1 | DU29: 1013 | DV29: ШТ | DW29: ШТ | DX29: 1 | EE29: 27029054 | EF29: 2 | EG29: Общестроительные работы | EH29: 0 | EJ29: 1 | EK29: 20001 | EL29: Вентиляция и кондиционирование | EM29: ФЕР-20 | EO29: Поправка: МДС 81-35.2004, прил.1, т.1, п.2 | EQ29: 0 | ER29: 89.88 | ES29: 0 | ET29: 13.11 | EU29: 0.99 | EV29: 76.77 | EW29: 9 | EX29: 0.08 | EY29: 0 | FQ29: 0 | FR29: =ROUND(IF(AND(BH29=3,BI29=3),P29,0),2) -> 0 | FS29: 0 | FX29: 128 | FY29: 83 | GD29: 0 | GF29: -1768176583 | GG29: 1 | GH29: 1 | GI29: 4 | GJ29: 0 | GK29: =ROUND(R29*(S12)/100,2) -> 0 | GL29: =ROUND(IF(AND(BH29=3,BI29=3,FS29<>0),P29,0),2) -> 0 | GM29: =ROUND(O29+X29+Y29+GK29,2)+GX29 -> 2346.43 | GN29: =IF(OR(BI29=0,BI29=1),ROUND(O29+X29+Y29+GK29,2),0) -> 2346.43 | GO29: =IF(BI29=2,ROUND(O29+X29+Y29+GK29,2),0) -> 0 | GP29: =IF(BI29=4,ROUND(O29+X29+Y29+GK29,2)+GX29,0) -> 0 | GR29: 0 | GS29: 3 | GT29: 0 | GV29: =ROUND(GT29,2) -> 0 | GW29: 1 | GX29: =ROUND(GV29*GW29*I29,2) -> 0 | HA29: 0 | HB29: 0 | IK29: 0
A30: 18 | B30: 1 | C30: 6 | E30: 1,1 | F30: Цена поставщика | G30: Вентилятор дымоудаления радиальный KORF KLR - DU-80B-15х15 (левый) | H30: ШТ | I30: =I28*J30 -> 1 | J30: 1 | O30: =ROUND(CP30,2) -> 21236.79 | P30: =ROUND(CQ30*I30,2) -> 21236.79 | Q30: =ROUND(CR30*I30,2) -> 0 | R30: =ROUND(CS30*I30,2) -> 0 | S30: =ROUND(CT30*I30,2) -> 0 | T30: =ROUND(CU30*I30,2) -> 0 | U30: =CV30*I30 -> 0 | V30: =CW30*I30 -> 0 | W30: =ROUND(CX30*I30,2) -> 0 | X30: =ROUND(CY30,2) -> 0 | Y30: =ROUND(CZ30,2) -> 0 | AA30: 27795993 | AB30: =ROUND((AC30+AD30+AF30),2) -> 21236.79 | AC30: =ROUND((ES30),2) -> 21236.79 | AD30: =ROUND((((ET30)-(EU30))+AE30),2) -> 0 | AE30: =ROUND((EU30),2) -> 0 | AF30: =ROUND((EV30),2) -> 0 | AG30: =ROUND((AP30),2) -> 0 | AH30: =(EW30) -> 0 | AI30: =(EX30) -> 0 | AJ30: =ROUND((AS30),2) -> 0 | AK30: 21236.79 | AL30: 21236.79 | AM30: 0 | AN30: 0 | AO30: 0 | AP30: 0 | AQ30: 0 | AR30: 0 | AS30: 0 | AT30: 122 | AU30: 80 | AV30: 1 | AW30: 1 | AZ30: 1 | BA30: 1 | BB30: 1 | BC30: 1 | BH30: 3 | BI30: 1 | BM30: 14 | BN30: 0 | BP30: 0 | BQ30: 2 | BR30: 0 | BS30: 1 | BT30: 1 | BU30: 1 | BV30: 1 | BW30: 1 | BX30: 1 | BZ30: 122 | CA30: 80 | CF30: 0 | CG30: 0 | CM30: 0 | CO30: 0 | CP30: =(P30+Q30+S30) -> 21236.79 | CQ30: =AC30*BC30 -> 21236.79 | CR30: =AD30*BB30 -> 0 | CS30: =AE30*BS30 -> 0 | CT30: =AF30*BA30 -> 0 | CU30: =AG30 -> 0 | CV30: =AH30 -> 0 | CW30: =AI30 -> 0 | CX30: =AJ30 -> 0 | CY30: =(((S30+R30)*AT30)/100) -> 0 | CZ30: =(((S30+R30)*AU30)/100) -> 0 | DN30: 0 | DO30: 0 | DP30: 1 | DQ30: 1 | DU30: 1013 | DV30: ШТ | DW30: ШТ | DX30: 1 | EE30: 27028976 | EF30: 2 | EG30: Общестроительные работы | EH30: 0 | EJ30: 1 | EK30: 14 | EL30: Конструкции из кирпича и блоков | EM30: ФЕР-08 (03) | EQ30: 512 | ER30: 21236.79 | ES30: 21236.79 | ET30: 0 | EU30: 0 | EV30: 0 | EW30: 0 | EX30: 0 | FQ30: 0 | FR30: =ROUND(IF(AND(BH30=3,BI30=3),P30,0),2) -> 0 | FS30: 0 | FX30: 122 | FY30: 80 | GA30: занесена вручную | GD30: 0 | GF30: -662525012 | GG30: 2 | GH30: 0 | GI30: -2 | GJ30: 0 | GK30: =ROUND(R30*(R12)/100,2) -> 0 | GL30: =ROUND(IF(AND(BH30=3,BI30=3,FS30<>0),P30,0),2) -> 0 | GM30: =ROUND(O30+X30+Y30+GK30,2)+GX30 -> 21236.79 | GN30: =IF(OR(BI30=0,BI30=1),ROUND(O30+X30+Y30+GK30,2),0) -> 21236.79 | GO30: =IF(BI30=2,ROUND(O30+X30+Y30+GK30,2),0) -> 0 | GP30: =IF(BI30=4,ROUND(O30+X30+Y30+GK30,2)+GX30,0) -> 0 | GR30: 0 | GS30: 4 | GT30: 0 | GV30: =ROUND(GT30,2) -> 0 | GW30: 1 | GX30: =ROUND(GV30*GW30*I30,2) -> 0 | HA30: 0 | HB30: 0 | IK30: 0
A31: 18 | B31: 1 | C31: 13 | E31: 1,1 | F31: Цена поставщика | G31: Вентилятор дымоудаления радиальный KORF KLR - DU-80B-15х15 (левый) | H31: ШТ | I31: =I29*J31 -> 1 | J31: 1 | O31: =ROUND(CP31,2) -> 163523.28 | P31: =ROUND(CQ31*I31,2) -> 163523.28 | Q31: =ROUND(CR31*I31,2) -> 0 | R31: =ROUND(CS31*I31,2) -> 0 | S31: =ROUND(CT31*I31,2) -> 0 | T31: =ROUND(CU31*I31,2) -> 0 | U31: =CV31*I31 -> 0 | V31: =CW31*I31 -> 0 | W31: =ROUND(CX31*I31,2) -> 0 | X31: =ROUND(CY31,2) -> 0 | Y31: =ROUND(CZ31,2) -> 0 | AA31: 27796868 | AB31: =ROUND((AC31+AD31+AF31),2) -> 21236.79 | AC31: =ROUND((ES31),2) -> 21236.79 | AD31: =ROUND((((ET31)-(EU31))+AE31),2) -> 0 | AE31: =ROUND((EU31),2) -> 0 | AF31: =ROUND((EV31),2) -> 0 | AG31: =ROUND((AP31),2) -> 0 | AH31: =(EW31) -> 0 | AI31: =(EX31) -> 0 | AJ31: =ROUND((AS31),2) -> 0 | AK31: 21236.79 | AL31: 21236.79 | AM31: 0 | AN31: 0 | AO31: 0 | AP31: 0 | AQ31: 0 | AR31: 0 | AS31: 0 | AT31: 122 | AU31: 80 | AV31: 1 | AW31: 1 | AZ31: 7.7 | BA31: 1 | BB31: 1 | BC31: 7.7 | BH31: 3 | BI31: 1 | BM31: 14 | BN31: 0 | BP31: 0 | BQ31: 2 | BR31: 0 | BS31: 1 | BT31: 1 | BU31: 1 | BV31: 1 | BW31: 1 | BX31: 1 | BZ31: 122 | CA31: 80 | CF31: 0 | CG31: 0 | CM31: 0 | CO31: 0 | CP31: =(P31+Q31+S31) -> 163523.28 | CQ31: =AC31*BC31 -> 163523.28 | CR31: =AD31*BB31 -> 0 | CS31: =AE31*BS31 -> 0 | CT31: =AF31*BA31 -> 0 | CU31: =AG31 -> 0 | CV31: =AH31 -> 0 | CW31: =AI31 -> 0 | CX31: =AJ31 -> 0 | CY31: =(((S31+R31)*AT31)/100) -> 0 | CZ31: =(((S31+R31)*AU31)/100) -> 0 | DN31: 0 | DO31: 0 | DP31: 1 | DQ31: 1 | DU31: 1013 | DV31: ШТ | DW31: ШТ | DX31: 1 | EE31: 27028976 | EF31: 2 | EG31: Общестроительные работы | EH31: 0 | EJ31: 1 | EK31: 14 | EL31: Конструкции из кирпича и блоков | EM31: ФЕР-08 (03) | EQ31: 512 | ER31: 21236.79 | ES31: 21236.79 | ET31: 0 | EU31: 0 | EV31: 0 | EW31: 0 | EX31: 0 | EZ31: 5 | FC31: 0 | FD31: 18 | FF31: 163523.26 | FQ31: 0 | FR31: =ROUND(IF(AND(BH31=3,BI31=3),P31,0),2) -> 0 | FS31: 0 | FX31: 122 | FY31: 80 | GA31: [163 523,26 / 7,7] | GD31: 0 | GF31: -662525012 | GG31: 1 | GH31: 3 | GI31: 4 | GJ31: 0 | GK31: =ROUND(R31*(S12)/100,2) -> 0 | GL31: =ROUND(IF(AND(BH31=3,BI31=3,FS31<>0),P31,0),2) -> 0 | GM31: =ROUND(O31+X31+Y31+GK31,2)+GX31 -> 163523.28 | GN31: =IF(OR(BI31=0,BI31=1),ROUND(O31+X31+Y31+GK31,2),0) -> 163523.28 | GO31: =IF(BI31=2,ROUND(O31+X31+Y31+GK31,2),0) -> 0 | GP31: =IF(BI31=4,ROUND(O31+X31+Y31+GK31,2)+GX31,0) -> 0 | GR31: 1 | GS31: 1 | GT31: 0 | GV31: =ROUND(GT31,2) -> 0 | GW31: 1 | GX31: =ROUND(GV31*GW31*I31,2) -> 0 | HA31: 0 | HB31: 0 | IK31: 0
A32: 18 | B32: 1 | C32: 7 | E32: 1,2 | F32: Цена поставщика | G32: Комплект виброопор ДО-800 | H32: компл. | I32: =I28*J32 -> 1 | J32: 1 | O32: =ROUND(CP32,2) -> 559.67 | P32: =ROUND(CQ32*I32,2) -> 559.67 | Q32: =ROUND(CR32*I32,2) -> 0 | R32: =ROUND(CS32*I32,2) -> 0 | S32: =ROUND(CT32*I32,2) -> 0 | T32: =ROUND(CU32*I32,2) -> 0 | U32: =CV32*I32 -> 0 | V32: =CW32*I32 -> 0 | W32: =ROUND(CX32*I32,2) -> 0 | X32: =ROUND(CY32,2) -> 0 | Y32: =ROUND(CZ32,2) -> 0 | AA32: 27795993 | AB32: =ROUND((AC32+AD32+AF32),2) -> 559.67 | AC32: =ROUND((ES32),2) -> 559.67 | AD32: =ROUND((((ET32)-(EU32))+AE32),2) -> 0 | AE32: =ROUND((EU32),2) -> 0 | AF32: =ROUND((EV32),2) -> 0 | AG32: =ROUND((AP32),2) -> 0 | AH32: =(EW32) -> 0 | AI32: =(EX32) -> 0 | AJ32: =ROUND((AS32),2) -> 0 | AK32: 559.67 | AL32: 559.67 | AM32: 0 | AN32: 0 | AO32: 0 | AP32: 0 | AQ32: 0 | AR32: 0 | AS32: 0 | AT32: 122 | AU32: 80 | AV32: 1 | AW32: 1 | AZ32: 1 | BA32: 1 | BB32: 1 | BC32: 1 | BH32: 3 | BI32: 1 | BM32: 14 | BN32: 0 | BP32: 0 | BQ32: 2 | BR32: 0 | BS32: 1 | BT32: 1 | BU32: 1 | BV32: 1 | BW32: 1 | BX32: 1 | BZ32: 122 | CA32: 80 | CF32: 0 | CG32: 0 | CM32: 0 | CO32: 0 | CP32: =(P32+Q32+S32) -> 559.67 | CQ32: =AC32*BC32 -> 559.67 | CR32: =AD32*BB32 -> 0 | CS32: =AE32*BS32 -> 0 | CT32: =AF32*BA32 -> 0 | CU32: =AG32 -> 0 | CV32: =AH32 -> 0 | CW32: =AI32 -> 0 | CX32: =AJ32 -> 0 | CY32: =(((S32+R32)*AT32)/100) -> 0 | CZ32: =(((S32+R32)*AU32)/100) -> 0 | DN32: 0 | DO32: 0 | DP32: 1 | DQ32: 1 | DU32: 1013 | DV32: компл. | DW32: компл. | DX32: 1 | EE32: 27028976 | EF32: 2 | EG32: Общестроительные работы | EH32: 0 | EJ32: 1 | EK32: 14 | EL32: Конструкции из кирпича и блоков | EM32: ФЕР-08 (03) | EQ32: 512 | ER32: 559.67 | ES32: 559.67 | ET32: 0 | EU32: 0 | EV32: 0 | EW32: 0 | EX32: 0 | FQ32: 0 | FR32: =ROUND(IF(AND(BH32=3,BI32=3),P32,0),2) -> 0 | FS32: 0 | FX32: 122 | FY32: 80 | GA32: занесена вручную | GD32: 0 | GF32: -1247699383 | GG32: 2 | GH32: 0 | GI32: -2 | GJ32: 0 | GK32: =ROUND(R32*(R12)/100,2) -> 0 | GL32: =ROUND(IF(AND(BH32=3,BI32=3,FS32<>0),P32,0),2) -> 0 | GM32: =ROUND(O32+X32+Y32+GK32,2)+GX32 -> 559.67 | GN32: =IF(OR(BI32=0,BI32=1),ROUND(O32+X32+Y32+GK32,2),0) -> 559.67 | GO32: =IF(BI32=2,ROUND(O32+X32+Y32+GK32,2),0) -> 0 | GP32: =IF(BI32=4,ROUND(O32+X32+Y32+GK32,2)+GX32,0) -> 0 | GR32: 0 | GS32: 4 | GT32: 0 | GV32: =ROUND(GT32,2) -> 0 | GW32: 1 | GX32: =ROUND(GV32*GW32*I32,2) -> 0 | HA32: 0 | HB32: 0 | IK32: 0
A33: 18 | B33: 1 | C33: 14 | E33: 1,2 | F33: Цена поставщика | G33: Комплект виброопор ДО-800 | H33: компл. | I33: =I29*J33 -> 1 | J33: 1 | O33: =ROUND(CP33,2) -> 4309.46 | P33: =ROUND(CQ33*I33,2) -> 4309.46 | Q33: =ROUND(CR33*I33,2) -> 0 | R33: =ROUND(CS33*I33,2) -> 0 | S33: =ROUND(CT33*I33,2) -> 0 | T33: =ROUND(CU33*I33,2) -> 0 | U33: =CV33*I33 -> 0 | V33: =CW33*I33 -> 0 | W33: =ROUND(CX33*I33,2) -> 0 | X33: =ROUND(CY33,2) -> 0 | Y33: =ROUND(CZ33,2) -> 0 | AA33: 27796868 | AB33: =ROUND((AC33+AD33+AF33),2) -> 559.67 | AC33: =ROUND((ES33),2) -> 559.67 | AD33: =ROUND((((ET33)-(EU33))+AE33),2) -> 0 | AE33: =ROUND((EU33),2) -> 0 | AF33: =ROUND((EV33),2) -> 0 | AG33: =ROUND((AP33),2) -> 0 | AH33: =(EW33) -> 0 | AI33: =(EX33) -> 0 | AJ33: =ROUND((AS33),2) -> 0 | AK33: 559.67 | AL33: 559.67 | AM33: 0 | AN33: 0 | AO33: 0 | AP33: 0 | AQ33: 0 | AR33: 0 | AS33: 0 | AT33: 122 | AU33: 80 | AV33: 1 | AW33: 1 | AZ33: 7.7 | BA33: 1 | BB33: 1 | BC33: 7.7 | BH33: 3 | BI33: 1 | BM33: 14 | BN33: 0 | BP33: 0 | BQ33: 2 | BR33: 0 | BS33: 1 | BT33: 1 | BU33: 1 | BV33: 1 | BW33: 1 | BX33: 1 | BZ33: 122 | CA33: 80 | CF33: 0 | CG33: 0 | CM33: 0 | CO33: 0 | CP33: =(P33+Q33+S33) -> 4309.46 | CQ33: =AC33*BC33 -> 4309.459 | CR33: =AD33*BB33 -> 0 | CS33: =AE33*BS33 -> 0 | CT33: =AF33*BA33 -> 0 | CU33: =AG33 -> 0 | CV33: =AH33 -> 0 | CW33: =AI33 -> 0 | CX33: =AJ33 -> 0 | CY33: =(((S33+R33)*AT33)/100) -> 0 | CZ33: =(((S33+R33)*AU33)/100) -> 0 | DN33: 0 | DO33: 0 | DP33: 1 | DQ33: 1 | DU33: 1013 | DV33: компл. | DW33: компл. | DX33: 1 | EE33: 27028976 | EF33: 2 | EG33: Общестроительные работы | EH33: 0 | EJ33: 1 | EK33: 14 | EL33: Конструкции из кирпича и блоков | EM33: ФЕР-08 (03) | EQ33: 512 | ER33: 559.67 | ES33: 559.67 | ET33: 0 | EU33: 0 | EV33: 0 | EW33: 0 | EX33: 0 | EZ33: 5 | FC33: 0 | FD33: 18 | FF33: 4309.45 | FQ33: 0 | FR33: =ROUND(IF(AND(BH33=3,BI33=3),P33,0),2) -> 0 | FS33: 0 | FX33: 122 | FY33: 80 | GA33: [4 309,45 / 7,7] | GD33: 0 | GF33: -1247699383 | GG33: 1 | GH33: 3 | GI33: 4 | GJ33: 0 | GK33: =ROUND(R33*(S12)/100,2) -> 0 | GL33: =ROUND(IF(AND(BH33=3,BI33=3,FS33<>0),P33,0),2) -> 0 | GM33: =ROUND(O33+X33+Y33+GK33,2)+GX33 -> 4309.46 | GN33: =IF(OR(BI33=0,BI33=1),ROUND(O33+X33+Y33+GK33,2),0) -> 4309.46 | GO33: =IF(BI33=2,ROUND(O33+X33+Y33+GK33,2),0) -> 0 | GP33: =IF(BI33=4,ROUND(O33+X33+Y33+GK33,2)+GX33,0) -> 0 | GR33: 1 | GS33: 1 | GT33: 0 | GV33: =ROUND(GT33,2) -> 0 | GW33: 1 | GX33: =ROUND(GV33*GW33*I33,2) -> 0 | HA33: 0 | HB33: 0 | IK33: 0
A34: 17 | B34: 1 | C34: =ROW(SmtRes!A20) -> 20 | D34: =ROW(EtalonRes!A18) -> 18 | E34: 2 | F34: 20-02-018-01 | G34: Установка вставок гибких к радиальным вентиляторам | H34: м2 | I34: 2.01 | J34: 0 | O34: =ROUND(CP34,2) -> 130.17 | P34: =ROUND(CQ34*I34,2) -> 7.36 | Q34: =ROUND(CR34*I34,2) -> 1.59 | R34: =ROUND(CS34*I34,2) -> 0.28 | S34: =ROUND(CT34*I34,2) -> 121.22 | T34: =ROUND(CU34*I34,2) -> 0 | U34: =CV34*I34 -> 13.869 | V34: =CW34*I34 -> 0.02412 | W34: =ROUND(CX34*I34,2) -> 0 | X34: =ROUND(CY34,2) -> 155.52 | Y34: =ROUND(CZ34,2) -> 100.85 | AA34: 27795993 | AB34: =ROUND((AC34+AD34+AF34),2) -> 64.76 | AC34: =ROUND((ES34),2) -> 3.66 | AD34: =ROUND(((((ET34*1.2))-((EU34*1.2)))+AE34),2) -> 0.79 | AE34: =ROUND(((EU34*1.2)),2) -> 0.14 | AF34: =ROUND(((EV34*1.2)),2) -> 60.31 | AG34: =ROUND((AP34),2) -> 0 | AH34: =((EW34*1.2)) -> 6.9 | AI34: =((EX34*1.2)) -> 0.012 | AJ34: =ROUND((AS34),2) -> 0 | AK34: 54.58 | AL34: 3.66 | AM34: 0.66 | AN34: 0.12 | AO34: 50.26 | AP34: 0 | AQ34: 5.75 | AR34: 0.01 | AS34: 0 | AT34: 128 | AU34: 83 | AV34: 1 | AW34: 1 | AZ34: 1 | BA34: 1 | BB34: 1 | BC34: 1 | BH34: 0 | BI34: 1 | BJ34: ФЕР-2001, 20-02-018-01, приказ Минстроя России №1039/пр от 30.12.2016г. | BM34: 20001 | BN34: 0 | BP34: 0 | BQ34: 2 | BR34: 0 | BS34: 1 | BT34: 1 | BU34: 1 | BV34: 1 | BW34: 1 | BX34: 1 | BZ34: 128 | CA34: 83 | CF34: 0 | CG34: 0 | CM34: 0 | CN34: Поправка: МДС 81-35.2004, прил.1, т.1, п.2 Наименование: Производство строительных и других работ в существующих зданиях и сооружениях, освобожденных от оборудования и других предметов, мешающих нормальному производству работ. | CO34: 0 | CP34: =(P34+Q34+S34) -> 130.17 | CQ34: =AC34*BC34 -> 3.66 | CR34: =AD34*BB34 -> 0.79 | CS34: =AE34*BS34 -> 0.14 | CT34: =AF34*BA34 -> 60.31 | CU34: =AG34 -> 0 | CV34: =AH34 -> 6.9 | CW34: =AI34 -> 0.012 | CX34: =AJ34 -> 0 | CY34: =(((S34+R34)*AT34)/100) -> 155.52 | CZ34: =(((S34+R34)*AU34)/100) -> 100.845 | DE34: )*1,2 | DF34: )*1,2 | DG34: )*1,2 | DI34: )*1,2 | DJ34: )*1,2 | DN34: 0 | DO34: 0 | DP34: 1 | DQ34: 1 | DU34: 1005 | DV34: м2 | DW34: м2 | DX34: 1 | EE34: 27029054 | EF34: 2 | EG34: Общестроительные работы | EH34: 0 | EJ34: 1 | EK34: 20001 | EL34: Вентиляция и кондиционирование | EM34: ФЕР-20 | EO34: Поправка: МДС 81-35.2004, прил.1, т.1, п.2 | EQ34: 0 | ER34: 54.58 | ES34: 3.66 | ET34: 0.66 | EU34: 0.12 | EV34: 50.26 | EW34: 5.75 | EX34: 0.01 | EY34: 0 | FQ34: 0 | FR34: =ROUND(IF(AND(BH34=3,BI34=3),P34,0),2) -> 0 | FS34: 0 | FX34: 128 | FY34: 83 | GD34: 0 | GF34: 115509146 | GG34: 2 | GH34: 1 | GI34: -2 | GJ34: 0 | GK34: =ROUND(R34*(R12)/100,2) -> 0 | GL34: =ROUND(IF(AND(BH34=3,BI34=3,FS34<>0),P34,0),2) -> 0 | GM34: =ROUND(O34+X34+Y34+GK34,2)+GX34 -> 386.54 | GN34: =IF(OR(BI34=0,BI34=1),ROUND(O34+X34+Y34+GK34,2),0) -> 386.54 | GO34: =IF(BI34=2,ROUND(O34+X34+Y34+GK34,2),0) -> 0 | GP34: =IF(BI34=4,ROUND(O34+X34+Y34+GK34,2)+GX34,0) -> 0 | GR34: 0 | GS34: 3 | GT34: 0 | GV34: =ROUND(GT34,2) -> 0 | GW34: 1 | GX34: =ROUND(GV34*GW34*I34,2) -> 0 | HA34: 0 | HB34: 0 | IK34: 0
A35: 17 | B35: 1 | C35: =ROW(SmtRes!A26) -> 26 | D35: =ROW(EtalonRes!A24) -> 24 | E35: 2 | F35: 20-02-018-01 | G35: Установка вставок гибких к радиальным вентиляторам | H35: м2 | I35: 2.01 | J35: 0 | O35: =ROUND(CP35,2) -> 1002.3 | P35: =ROUND(CQ35*I35,2) -> 56.65 | Q35: =ROUND(CR35*I35,2) -> 12.23 | R35: =ROUND(CS35*I35,2) -> 2.17 | S35: =ROUND(CT35*I35,2) -> 933.42 | T35: =ROUND(CU35*I35,2) -> 0 | U35: =CV35*I35 -> 13.869 | V35: =CW35*I35 -> 0.02412 | W35: =ROUND(CX35*I35,2) -> 0 | X35: =ROUND(CY35,2) -> 1197.56 | Y35: =ROUND(CZ35,2) -> 776.54 | AA35: 27796868 | AB35: =ROUND((AC35+AD35+AF35),2) -> 64.76 | AC35: =ROUND((ES35),2) -> 3.66 | AD35: =ROUND(((((ET35*1.2))-((EU35*1.2)))+AE35),2) -> 0.79 | AE35: =ROUND(((EU35*1.2)),2) -> 0.14 | AF35: =ROUND(((EV35*1.2)),2) -> 60.31 | AG35: =ROUND((AP35),2) -> 0 | AH35: =((EW35*1.2)) -> 6.9 | AI35: =((EX35*1.2)) -> 0.012 | AJ35: =ROUND((AS35),2) -> 0 | AK35: 54.58 | AL35: 3.66 | AM35: 0.66 | AN35: 0.12 | AO35: 50.26 | AP35: 0 | AQ35: 5.75 | AR35: 0.01 | AS35: 0 | AT35: 128 | AU35: 83 | AV35: 1 | AW35: 1 | AZ35: 7.7 | BA35: 7.7 | BB35: 7.7 | BC35: 7.7 | BH35: 0 | BI35: 1 | BJ35: ФЕР-2001, 20-02-018-01, приказ Минстроя России №1039/пр от 30.12.2016г. | BM35: 20001 | BN35: 0 | BP35: 0 | BQ35: 2 | BR35: 0 | BS35: 7.7 | BT35: 1 | BU35: 1 | BV35: 1 | BW35: 1 | BX35: 1 | BZ35: 128 | CA35: 83 | CF35: 0 | CG35: 0 | CM35: 0 | CN35: Поправка: МДС 81-35.2004, прил.1, т.1, п.2 Наименование: Производство строительных и других работ в существующих зданиях и сооружениях, освобожденных от оборудования и других предметов, мешающих нормальному производству работ. | CO35: 0 | CP35: =(P35+Q35+S35) -> 1002.3 | CQ35: =AC35*BC35 -> 28.182 | CR35: =AD35*BB35 -> 6.083 | CS35: =AE35*BS35 -> 1.078 | CT35: =AF35*BA35 -> 464.387 | CU35: =AG35 -> 0 | CV35: =AH35 -> 6.9 | CW35: =AI35 -> 0.012 | CX35: =AJ35 -> 0 | CY35: =(((S35+R35)*AT35)/100) -> 1197.5552 | CZ35: =(((S35+R35)*AU35)/100) -> 776.5397 | DE35: )*1,2 | DF35: )*1,2 | DG35: )*1,2 | DI35: )*1,2 | DJ35: )*1,2 | DN35: 0 | DO35: 0 | DP35: 1 | DQ35: 1 | DU35: 1005 | DV35: м2 | DW35: м2 | DX35: 1 | EE35: 27029054 | EF35: 2 | EG35: Общестроительные работы | EH35: 0 | EJ35: 1 | EK35: 20001 | EL35: Вентиляция и кондиционирование | EM35: ФЕР-20 | EO35: Поправка: МДС 81-35.2004, прил.1, т.1, п.2 | EQ35: 0 | ER35: 54.58 | ES35: 3.66 | ET35: 0.66 | EU35: 0.12 | EV35: 50.26 | EW35: 5.75 | EX35: 0.01 | EY35: 0 | FQ35: 0 | FR35: =ROUND(IF(AND(BH35=3,BI35=3),P35,0),2) -> 0 | FS35: 0 | FX35: 128 | FY35: 83 | GD35: 0 | GF35: 115509146 | GG35: 1 | GH35: 1 | GI35: 4 | GJ35: 0 | GK35: =ROUND(R35*(S12)/100,2) -> 0 | GL35: =ROUND(IF(AND(BH35=3,BI35=3,FS35<>0),P35,0),2) -> 0 | GM35: =ROUND(O35+X35+Y35+GK35,2)+GX35 -> 2976.4 | GN35: =IF(OR(BI35=0,BI35=1),ROUND(O35+X35+Y35+GK35,2),0) -> 2976.4 | GO35: =IF(BI35=2,ROUND(O35+X35+Y35+GK35,2),0) -> 0 | GP35: =IF(BI35=4,ROUND(O35+X35+Y35+GK35,2)+GX35,0) -> 0 | GR35: 0 | GS35: 3 | GT35: 0 | GV35: =ROUND(GT35,2) -> 0 | GW35: 1 | GX35: =ROUND(GV35*GW35*I35,2) -> 0 | HA35: 0 | HB35: 0 | IK35: 0
A36: 18 | B36: 1 | C36: 20 | E36: 2,1 | F36: Цена поставщика | G36: Вставка гибкая круглого сечения СДКК-400-800-EX-KR | H36: ШТ | I36: =I34*J36 -> 1 | J36: 0.49751244 | O36: =ROUND(CP36,2) -> 1139.1 | P36: =ROUND(CQ36*I36,2) -> 1139.1 | Q36: =ROUND(CR36*I36,2) -> 0 | R36: =ROUND(CS36*I36,2) -> 0 | S36: =ROUND(CT36*I36,2) -> 0 | T36: =ROUND(CU36*I36,2) -> 0 | U36: =CV36*I36 -> 0 | V36: =CW36*I36 -> 0 | W36: =ROUND(CX36*I36,2) -> 0 | X36: =ROUND(CY36,2) -> 0 | Y36: =ROUND(CZ36,2) -> 0 | AA36: 27795993 | AB36: =ROUND((AC36+AD36+AF36),2) -> 1139.1 | AC36: =ROUND((ES36),2) -> 1139.1 | AD36: =ROUND((((ET36)-(EU36))+AE36),2) -> 0 | AE36: =ROUND((EU36),2) -> 0 | AF36: =ROUND((EV36),2) -> 0 | AG36: =ROUND((AP36),2) -> 0 | AH36: =(EW36) -> 0 | AI36: =(EX36) -> 0 | AJ36: =ROUND((AS36),2) -> 0 | AK36: 1139.1 | AL36: 1139.1 | AM36: 0 | AN36: 0 | AO36: 0 | AP36: 0 | AQ36: 0 | AR36: 0 | AS36: 0 | AT36: 95 | AU36: 50 | AV36: 1 | AW36: 1 | AZ36: 1 | BA36: 1 | BB36: 1 | BC36: 1 | BH36: 3 | BI36: 1 | BM36: 1 | BN36: 0 | BP36: 0 | BQ36: 2 | BR36: 0 | BS36: 1 | BT36: 1 | BU36: 1 | BV36: 1 | BW36: 1 | BX36: 1 | BZ36: 95 | CA36: 50 | CF36: 0 | CG36: 0 | CM36: 0 | CO36: 0 | CP36: =(P36+Q36+S36) -> 1139.1 | CQ36: =AC36*BC36 -> 1139.1 | CR36: =AD36*BB36 -> 0 | CS36: =AE36*BS36 -> 0 | CT36: =AF36*BA36 -> 0 | CU36: =AG36 -> 0 | CV36: =AH36 -> 0 | CW36: =AI36 -> 0 | CX36: =AJ36 -> 0 | CY36: =(((S36+R36)*AT36)/100) -> 0 | CZ36: =(((S36+R36)*AU36)/100) -> 0 | DN36: 0 | DO36: 0 | DP36: 1 | DQ36: 1 | DU36: 1013 | DV36: ШТ | DW36: ШТ | DX36: 1 | EE36: 27029165 | EF36: 2 | EG36: Общестроительные работы | EH36: 0 | EJ36: 1 | EK36: 1 | EL36: Земляные работы, выполняемые механизированным способом | EM36: ФЕР-01 (03) | EQ36: 512 | ER36: 1139.1 | ES36: 1139.1 | ET36: 0 | EU36: 0 | EV36: 0 | EW36: 0 | EX36: 0 | FQ36: 0 | FR36: =ROUND(IF(AND(BH36=3,BI36=3),P36,0),2) -> 0 | FS36: 0 | FX36: 95 | FY36: 50 | GA36: занесена вручную | GD36: 0 | GF36: -1161653191 | GG36: 2 | GH36: 0 | GI36: -2 | GJ36: 0 | GK36: =ROUND(R36*(R12)/100,2) -> 0 | GL36: =ROUND(IF(AND(BH36=3,BI36=3,FS36<>0),P36,0),2) -> 0 | GM36: =ROUND(O36+X36+Y36+GK36,2)+GX36 -> 1139.1 | GN36: =IF(OR(BI36=0,BI36=1),ROUND(O36+X36+Y36+GK36,2),0) -> 1139.1 | GO36: =IF(BI36=2,ROUND(O36+X36+Y36+GK36,2),0) -> 0 | GP36: =IF(BI36=4,ROUND(O36+X36+Y36+GK36,2)+GX36,0) -> 0 | GR36: 0 | GS36: 4 | GT36: 0 | GV36: =ROUND(GT36,2) -> 0 | GW36: 1 | GX36: =ROUND(GV36*GW36*I36,2) -> 0 | HA36: 0 | HB36: 0 | IK36: 0
A37: 18 | B37: 1 | C37: 26 | E37: 2,1 | F37: Цена поставщика | G37: Вставка гибкая круглого сечения СДКК-400-800-EX-KR | H37: ШТ | I37: =I35*J37 -> 1 | J37: 0.49751244 | O37: =ROUND(CP37,2) -> 8771.07 | P37: =ROUND(CQ37*I37,2) -> 8771.07 | Q37: =ROUND(CR37*I37,2) -> 0 | R37: =ROUND(CS37*I37,2) -> 0 | S37: =ROUND(CT37*I37,2) -> 0 | T37: =ROUND(CU37*I37,2) -> 0 | U37: =CV37*I37 -> 0 | V37: =CW37*I37 -> 0 | W37: =ROUND(CX37*I37,2) -> 0 | X37: =ROUND(CY37,2) -> 0 | Y37: =ROUND(CZ37,2) -> 0 | AA37: 27796868 | AB37: =ROUND((AC37+AD37+AF37),2) -> 1139.1 | AC37: =ROUND((ES37),2) -> 1139.1 | AD37: =ROUND((((ET37)-(EU37))+AE37),2) -> 0 | AE37: =ROUND((EU37),2) -> 0 | AF37: =ROUND((EV37),2) -> 0 | AG37: =ROUND((AP37),2) -> 0 | AH37: =(EW37) -> 0 | AI37: =(EX37) -> 0 | AJ37: =ROUND((AS37),2) -> 0 | AK37: 1139.1 | AL37: 1139.1 | AM37: 0 | AN37: 0 | AO37: 0 | AP37: 0 | AQ37: 0 | AR37: 0 | AS37: 0 | AT37: 95 | AU37: 50 | AV37: 1 | AW37: 1 | AZ37: 7.7 | BA37: 1 | BB37: 1 | BC37: 7.7 | BH37: 3 | BI37: 1 | BM37: 1 | BN37: 0 | BP37: 0 | BQ37: 2 | BR37: 0 | BS37: 1 | BT37: 1 | BU37: 1 | BV37: 1 | BW37: 1 | BX37: 1 | BZ37: 95 | CA37: 50 | CF37: 0 | CG37: 0 | CM37: 0 | CO37: 0 | CP37: =(P37+Q37+S37) -> 8771.07 | CQ37: =AC37*BC37 -> 8771.07 | CR37: =AD37*BB37 -> 0 | CS37: =AE37*BS37 -> 0 | CT37: =AF37*BA37 -> 0 | CU37: =AG37 -> 0 | CV37: =AH37 -> 0 | CW37: =AI37 -> 0 | CX37: =AJ37 -> 0 | CY37: =(((S37+R37)*AT37)/100) -> 0 | CZ37: =(((S37+R37)*AU37)/100) -> 0 | DN37: 0 | DO37: 0 | DP37: 1 | DQ37: 1 | DU37: 1013 | DV37: ШТ | DW37: ШТ | DX37: 1 | EE37: 27029165 | EF37: 2 | EG37: Общестроительные работы | EH37: 0 | EJ37: 1 | EK37: 1 | EL37: Земляные работы, выполняемые механизированным способом | EM37: ФЕР-01 (03) | EQ37: 512 | ER37: 1139.1 | ES37: 1139.1 | ET37: 0 | EU37: 0 | EV37: 0 | EW37: 0 | EX37: 0 | EZ37: 5 | FC37: 0 | FD37: 18 | FF37: 8771.06 | FQ37: 0 | FR37: =ROUND(IF(AND(BH37=3,BI37=3),P37,0),2) -> 0 | FS37: 0 | FX37: 95 | FY37: 50 | GA37: [8 771,06 / 7,7] | GD37: 0 | GF37: -1161653191 | GG37: 1 | GH37: 3 | GI37: 4 | GJ37: 0 | GK37: =ROUND(R37*(S12)/100,2) -> 0 | GL37: =ROUND(IF(AND(BH37=3,BI37=3,FS37<>0),P37,0),2) -> 0 | GM37: =ROUND(O37+X37+Y37+GK37,2)+GX37 -> 8771.07 | GN37: =IF(OR(BI37=0,BI37=1),ROUND(O37+X37+Y37+GK37,2),0) -> 8771.07 | GO37: =IF(BI37=2,ROUND(O37+X37+Y37+GK37,2),0) -> 0 | GP37: =IF(BI37=4,ROUND(O37+X37+Y37+GK37,2)+GX37,0) -> 0 | GR37: 1 | GS37: 1 | GT37: 0 | GV37: =ROUND(GT37,2) -> 0 | GW37: 1 | GX37: =ROUND(GV37*GW37*I37,2) -> 0 | HA37: 0 | HB37: 0 | IK37: 0
A38: 17 | B38: 1 | C38: =ROW(SmtRes!A35) -> 35 | D38: =ROW(EtalonRes!A32) -> 32 | E38: 3 | F38: 20-02-006-04 | G38: Установка заслонок воздушных и клапанов воздушных КВР с электрическим или пневматическим приводом диаметром до 800 мм | H38: ШТ | I38: 1 | J38: 0 | O38: =ROUND(CP38,2) -> 67.93 | P38: =ROUND(CQ38*I38,2) -> 25.76 | Q38: =ROUND(CR38*I38,2) -> 5.46 | R38: =ROUND(CS38*I38,2) -> 0.44 | S38: =ROUND(CT38*I38,2) -> 36.71 | T38: =ROUND(CU38*I38,2) -> 0 | U38: =CV38*I38 -> 4.092 | V38: =CW38*I38 -> 0.036 | W38: =ROUND(CX38*I38,2) -> 0 | X38: =ROUND(CY38,2) -> 47.55 | Y38: =ROUND(CZ38,2) -> 30.83 | AA38: 27795993 | AB38: =ROUND((AC38+AD38+AF38),2) -> 67.93 | AC38: =ROUND((ES38),2) -> 25.76 | AD38: =ROUND(((((ET38*1.2))-((EU38*1.2)))+AE38),2) -> 5.46 | AE38: =ROUND(((EU38*1.2)),2) -> 0.44 | AF38: =ROUND(((EV38*1.2)),2) -> 36.71 | AG38: =ROUND((AP38),2) -> 0 | AH38: =((EW38*1.2)) -> 4.092 | AI38: =((EX38*1.2)) -> 0.036 | AJ38: =ROUND((AS38),2) -> 0 | AK38: 60.9 | AL38: 25.76 | AM38: 4.55 | AN38: 0.37 | AO38: 30.59 | AP38: 0 | AQ38: 3.41 | AR38: 0.03 | AS38: 0 | AT38: 128 | AU38: 83 | AV38: 1 | AW38: 1 | AZ38: 1 | BA38: 1 | BB38: 1 | BC38: 1 | BH38: 0 | BI38: 1 | BJ38: ФЕР-2001, 20-02-006-04, приказ Минстроя России №1039/пр от 30.12.2016г. | BM38: 20001 | BN38: 0 | BP38: 0 | BQ38: 2 | BR38: 0 | BS38: 1 | BT38: 1 | BU38: 1 | BV38: 1 | BW38: 1 | BX38: 1 | BZ38: 128 | CA38: 83 | CF38: 0 | CG38: 0 | CM38: 0 | CN38: Поправка: МДС 81-35.2004, прил.1, т.1, п.2 Наименование: Производство строительных и других работ в существующих зданиях и сооружениях, освобожденных от оборудования и других предметов, мешающих нормальному производству работ. | CO38: 0 | CP38: =(P38+Q38+S38) -> 67.93 | CQ38: =AC38*BC38 -> 25.76 | CR38: =AD38*BB38 -> 5.46 | CS38: =AE38*BS38 -> 0.44 | CT38: =AF38*BA38 -> 36.71 | CU38: =AG38 -> 0 | CV38: =AH38 -> 4.092 | CW38: =AI38 -> 0.036 | CX38: =AJ38 -> 0 | CY38: =(((S38+R38)*AT38)/100) -> 47.552 | CZ38: =(((S38+R38)*AU38)/100) -> 30.8345 | DE38: )*1,2 | DF38: )*1,2 | DG38: )*1,2 | DI38: )*1,2 | DJ38: )*1,2 | DN38: 0 | DO38: 0 | DP38: 1 | DQ38: 1 | DU38: 1013 | DV38: ШТ | DW38: ШТ | DX38: 1 | EE38: 27029054 | EF38: 2 | EG38: Общестроительные работы | EH38: 0 | EJ38: 1 | EK38: 20001 | EL38: Вентиляция и кондиционирование | EM38: ФЕР-20 | EO38: Поправка: МДС 81-35.2004, прил.1, т.1, п.2 | EQ38: 0 | ER38: 60.9 | ES38: 25.76 | ET38: 4.55 | EU38: 0.37 | EV38: 30.59 | EW38: 3.41 | EX38: 0.03 | EY38: 0 | FQ38: 0 | FR38: =ROUND(IF(AND(BH38=3,BI38=3),P38,0),2) -> 0 | FS38: 0 | FX38: 128 | FY38: 83 | GD38: 0 | GF38: -732246212 | GG38: 2 | GH38: 1 | GI38: -2 | GJ38: 0 | GK38: =ROUND(R38*(R12)/100,2) -> 0 | GL38: =ROUND(IF(AND(BH38=3,BI38=3,FS38<>0),P38,0),2) -> 0 | GM38: =ROUND(O38+X38+Y38+GK38,2)+GX38 -> 146.31 | GN38: =IF(OR(BI38=0,BI38=1),ROUND(O38+X38+Y38+GK38,2),0) -> 146.31 | GO38: =IF(BI38=2,ROUND(O38+X38+Y38+GK38,2),0) -> 0 | GP38: =IF(BI38=4,ROUND(O38+X38+Y38+GK38,2)+GX38,0) -> 0 | GR38: 0 | GS38: 3 | GT38: 0 | GV38: =ROUND(GT38,2) -> 0 | GW38: 1 | GX38: =ROUND(GV38*GW38*I38,2) -> 0 | HA38: 0 | HB38: 0 | IK38: 0
A39: 17 | B39: 1 | C39: =ROW(SmtRes!A44) -> 44 | D39: =ROW(EtalonRes!A40) -> 40 | E39: 3 | F39: 20-02-006-04 | G39: Установка заслонок воздушных и клапанов воздушных КВР с электрическим или пневматическим приводом диаметром до 800 мм | H39: ШТ | I39: 1 | J39: 0 | O39: =ROUND(CP39,2) -> 523.06 | P39: =ROUND(CQ39*I39,2) -> 198.35 | Q39: =ROUND(CR39*I39,2) -> 42.04 | R39: =ROUND(CS39*I39,2) -> 3.39 | S39: =ROUND(CT39*I39,2) -> 282.67 | T39: =ROUND(CU39*I39,2) -> 0 | U39: =CV39*I39 -> 4.092 | V39: =CW39*I39 -> 0.036 | W39: =ROUND(CX39*I39,2) -> 0 | X39: =ROUND(CY39,2) -> 366.16 | Y39: =ROUND(CZ39,2) -> 237.43 | AA39: 27796868 | AB39: =ROUND((AC39+AD39+AF39),2) -> 67.93 | AC39: =ROUND((ES39),2) -> 25.76 | AD39: =ROUND(((((ET39*1.2))-((EU39*1.2)))+AE39),2) -> 5.46 | AE39: =ROUND(((EU39*1.2)),2) -> 0.44 | AF39: =ROUND(((EV39*1.2)),2) -> 36.71 | AG39: =ROUND((AP39),2) -> 0 | AH39: =((EW39*1.2)) -> 4.092 | AI39: =((EX39*1.2)) -> 0.036 | AJ39: =ROUND((AS39),2) -> 0 | AK39: 60.9 | AL39: 25.76 | AM39: 4.55 | AN39: 0.37 | AO39: 30.59 | AP39: 0 | AQ39: 3.41 | AR39: 0.03 | AS39: 0 | AT39: 128 | AU39: 83 | AV39: 1 | AW39: 1 | AZ39: 7.7 | BA39: 7.7 | BB39: 7.7 | BC39: 7.7 | BH39: 0 | BI39: 1 | BJ39: ФЕР-2001, 20-02-006-04, приказ Минстроя России №1039/пр от 30.12.2016г. | BM39: 20001 | BN39: 0 | BP39: 0 | BQ39: 2 | BR39: 0 | BS39: 7.7 | BT39: 1 | BU39: 1 | BV39: 1 | BW39: 1 | BX39: 1 | BZ39: 128 | CA39: 83 | CF39: 0 | CG39: 0 | CM39: 0 | CN39: Поправка: МДС 81-35.2004, прил.1, т.1, п.2 Наименование: Производство строительных и других работ в существующих зданиях и сооружениях, освобожденных от оборудования и других предметов, мешающих нормальному производству работ. | CO39: 0 | CP39: =(P39+Q39+S39) -> 523.06 | CQ39: =AC39*BC39 -> 198.352 | CR39: =AD39*BB39 -> 42.042 | CS39: =AE39*BS39 -> 3.388 | CT39: =AF39*BA39 -> 282.667 | CU39: =AG39 -> 0 | CV39: =AH39 -> 4.092 | CW39: =AI39 -> 0.036 | CX39: =AJ39 -> 0 | CY39: =(((S39+R39)*AT39)/100) -> 366.1568 | CZ39: =(((S39+R39)*AU39)/100) -> 237.4298 | DE39: )*1,2 | DF39: )*1,2 | DG39: )*1,2 | DI39: )*1,2 | DJ39: )*1,2 | DN39: 0 | DO39: 0 | DP39: 1 | DQ39: 1 | DU39: 1013 | DV39: ШТ | DW39: ШТ | DX39: 1 | EE39: 27029054 | EF39: 2 | EG39: Общестроительные работы | EH39: 0 | EJ39: 1 | EK39: 20001 | EL39: Вентиляция и кондиционирование | EM39: ФЕР-20 | EO39: Поправка: МДС 81-35.2004, прил.1, т.1, п.2 | EQ39: 0 | ER39: 60.9 | ES39: 25.76 | ET39: 4.55 | EU39: 0.37 | EV39: 30.59 | EW39: 3.41 | EX39: 0.03 | EY39: 0 | FQ39: 0 | FR39: =ROUND(IF(AND(BH39=3,BI39=3),P39,0),2) -> 0 | FS39: 0 | FX39: 128 | FY39: 83 | GD39: 0 | GF39: -732246212 | GG39: 1 | GH39: 1 | GI39: 4 | GJ39: 0 | GK39: =ROUND(R39*(S12)/100,2) -> 0 | GL39: =ROUND(IF(AND(BH39=3,BI39=3,FS39<>0),P39,0),2) -> 0 | GM39: =ROUND(O39+X39+Y39+GK39,2)+GX39 -> 1126.65 | GN39: =IF(OR(BI39=0,BI39=1),ROUND(O39+X39+Y39+GK39,2),0) -> 1126.65 | GO39: =IF(BI39=2,ROUND(O39+X39+Y39+GK39,2),0) -> 0 | GP39: =IF(BI39=4,ROUND(O39+X39+Y39+GK39,2)+GX39,0) -> 0 | GR39: 0 | GS39: 3 | GT39: 0 | GV39: =ROUND(GT39,2) -> 0 | GW39: 1 | GX39: =ROUND(GV39*GW39*I39,2) -> 0 | HA39: 0 | HB39: 0 | IK39: 0
A40: 18 | B40: 1 | C40: 34 | E40: 3,1 | F40: Цена поставщика | G40: Клапан защитный KVZ-800-EX.B-KR | H40: ШТ | I40: =I38*J40 -> 1 | J40: 1 | O40: =ROUND(CP40,2) -> 524.65 | P40: =ROUND(CQ40*I40,2) -> 524.65 | Q40: =ROUND(CR40*I40,2) -> 0 | R40: =ROUND(CS40*I40,2) -> 0 | S40: =ROUND(CT40*I40,2) -> 0 | T40: =ROUND(CU40*I40,2) -> 0 | U40: =CV40*I40 -> 0 | V40: =CW40*I40 -> 0 | W40: =ROUND(CX40*I40,2) -> 0 | X40: =ROUND(CY40,2) -> 0 | Y40: =ROUND(CZ40,2) -> 0 | AA40: 27795993 | AB40: =ROUND((AC40+AD40+AF40),2) -> 524.65 | AC40: =ROUND((ES40),2) -> 524.65 | AD40: =ROUND((((ET40)-(EU40))+AE40),2) -> 0 | AE40: =ROUND((EU40),2) -> 0 | AF40: =ROUND((EV40),2) -> 0 | AG40: =ROUND((AP40),2) -> 0 | AH40: =(EW40) -> 0 | AI40: =(EX40) -> 0 | AJ40: =ROUND((AS40),2) -> 0 | AK40: 524.65 | AL40: 524.65 | AM40: 0 | AN40: 0 | AO40: 0 | AP40: 0 | AQ40: 0 | AR40: 0 | AS40: 0 | AT40: 122 | AU40: 80 | AV40: 1 | AW40: 1 | AZ40: 1 | BA40: 1 | BB40: 1 | BC40: 1 | BH40: 3 | BI40: 1 | BM40: 14 | BN40: 0 | BP40: 0 | BQ40: 2 | BR40: 0 | BS40: 1 | BT40: 1 | BU40: 1 | BV40: 1 | BW40: 1 | BX40: 1 | BZ40: 122 | CA40: 80 | CF40: 0 | CG40: 0 | CM40: 0 | CO40: 0 | CP40: =(P40+Q40+S40) -> 524.65 | CQ40: =AC40*BC40 -> 524.65 | CR40: =AD40*BB40 -> 0 | CS40: =AE40*BS40 -> 0 | CT40: =AF40*BA40 -> 0 | CU40: =AG40 -> 0 | CV40: =AH40 -> 0 | CW40: =AI40 -> 0 | CX40: =AJ40 -> 0 | CY40: =(((S40+R40)*AT40)/100) -> 0 | CZ40: =(((S40+R40)*AU40)/100) -> 0 | DN40: 0 | DO40: 0 | DP40: 1 | DQ40: 1 | DU40: 1013 | DV40: ШТ | DW40: ШТ | DX40: 1 | EE40: 27028976 | EF40: 2 | EG40: Общестроительные работы | EH40: 0 | EJ40: 1 | EK40: 14 | EL40: Конструкции из кирпича и блоков | EM40: ФЕР-08 (03) | EQ40: 512 | ER40: 524.65 | ES40: 524.65 | ET40: 0 | EU40: 0 | EV40: 0 | EW40: 0 | EX40: 0 | FQ40: 0 | FR40: =ROUND(IF(AND(BH40=3,BI40=3),P40,0),2) -> 0 | FS40: 0 | FX40: 122 | FY40: 80 | GA40: занесена вручную | GD40: 0 | GF40: -2019111836 | GG40: 2 | GH40: 0 | GI40: -2 | GJ40: 0 | GK40: =ROUND(R40*(R12)/100,2) -> 0 | GL40: =ROUND(IF(AND(BH40=3,BI40=3,FS40<>0),P40,0),2) -> 0 | GM40: =ROUND(O40+X40+Y40+GK40,2)+GX40 -> 524.65 | GN40: =IF(OR(BI40=0,BI40=1),ROUND(O40+X40+Y40+GK40,2),0) -> 524.65 | GO40: =IF(BI40=2,ROUND(O40+X40+Y40+GK40,2),0) -> 0 | GP40: =IF(BI40=4,ROUND(O40+X40+Y40+GK40,2)+GX40,0) -> 0 | GR40: 0 | GS40: 4 | GT40: 0 | GV40: =ROUND(GT40,2) -> 0 | GW40: 1 | GX40: =ROUND(GV40*GW40*I40,2) -> 0 | HA40: 0 | HB40: 0 | IK40: 0
A41: 18 | B41: 1 | C41: 43 | E41: 3,1 | F41: Цена поставщика | G41: Клапан защитный KVZ-800-EX.B-KR | H41: ШТ | I41: =I39*J41 -> 1 | J41: 1 | O41: =ROUND(CP41,2) -> 4039.81 | P41: =ROUND(CQ41*I41,2) -> 4039.81 | Q41: =ROUND(CR41*I41,2) -> 0 | R41: =ROUND(CS41*I41,2) -> 0 | S41: =ROUND(CT41*I41,2) -> 0 | T41: =ROUND(CU41*I41,2) -> 0 | U41: =CV41*I41 -> 0 | V41: =CW41*I41 -> 0 | W41: =ROUND(CX41*I41,2) -> 0 | X41: =ROUND(CY41,2) -> 0 | Y41: =ROUND(CZ41,2) -> 0 | AA41: 27796868 | AB41: =ROUND((AC41+AD41+AF41),2) -> 524.65 | AC41: =ROUND((ES41),2) -> 524.65 | AD41: =ROUND((((ET41)-(EU41))+AE41),2) -> 0 | AE41: =ROUND((EU41),2) -> 0 | AF41: =ROUND((EV41),2) -> 0 | AG41: =ROUND((AP41),2) -> 0 | AH41: =(EW41) -> 0 | AI41: =(EX41) -> 0 | AJ41: =ROUND((AS41),2) -> 0 | AK41: 524.65 | AL41: 524.65 | AM41: 0 | AN41: 0 | AO41: 0 | AP41: 0 | AQ41: 0 | AR41: 0 | AS41: 0 | AT41: 122 | AU41: 80 | AV41: 1 | AW41: 1 | AZ41: 7.7 | BA41: 1 | BB41: 1 | BC41: 7.7 | BH41: 3 | BI41: 1 | BM41: 14 | BN41: 0 | BP41: 0 | BQ41: 2 | BR41: 0 | BS41: 1 | BT41: 1 | BU41: 1 | BV41: 1 | BW41: 1 | BX41: 1 | BZ41: 122 | CA41: 80 | CF41: 0 | CG41: 0 | CM41: 0 | CO41: 0 | CP41: =(P41+Q41+S41) -> 4039.81 | CQ41: =AC41*BC41 -> 4039.805 | CR41: =AD41*BB41 -> 0 | CS41: =AE41*BS41 -> 0 | CT41: =AF41*BA41 -> 0 | CU41: =AG41 -> 0 | CV41: =AH41 -> 0 | CW41: =AI41 -> 0 | CX41: =AJ41 -> 0 | CY41: =(((S41+R41)*AT41)/100) -> 0 | CZ41: =(((S41+R41)*AU41)/100) -> 0 | DN41: 0 | DO41: 0 | DP41: 1 | DQ41: 1 | DU41: 1013 | DV41: ШТ | DW41: ШТ | DX41: 1 | EE41: 27028976 | EF41: 2 | EG41: Общестроительные работы | EH41: 0 | EJ41: 1 | EK41: 14 | EL41: Конструкции из кирпича и блоков | EM41: ФЕР-08 (03) | EQ41: 512 | ER41: 524.65 | ES41: 524.65 | ET41: 0 | EU41: 0 | EV41: 0 | EW41: 0 | EX41: 0 | EZ41: 5 | FC41: 0 | FD41: 18 | FF41: 4039.83 | FQ41: 0 | FR41: =ROUND(IF(AND(BH41=3,BI41=3),P41,0),2) -> 0 | FS41: 0 | FX41: 122 | FY41: 80 | GA41: [4 039,83 / 7,7] | GD41: 0 | GF41: -2019111836 | GG41: 1 | GH41: 3 | GI41: 3 | GJ41: 0 | GK41: =ROUND(R41*(S12)/100,2) -> 0 | GL41: =ROUND(IF(AND(BH41=3,BI41=3,FS41<>0),P41,0),2) -> 0 | GM41: =ROUND(O41+X41+Y41+GK41,2)+GX41 -> 4039.81 | GN41: =IF(OR(BI41=0,BI41=1),ROUND(O41+X41+Y41+GK41,2),0) -> 4039.81 | GO41: =IF(BI41=2,ROUND(O41+X41+Y41+GK41,2),0) -> 0 | GP41: =IF(BI41=4,ROUND(O41+X41+Y41+GK41,2)+GX41,0) -> 0 | GR41: 1 | GS41: 1 | GT41: 0 | GV41: =ROUND(GT41,2) -> 0 | GW41: 1 | GX41: =ROUND(GV41*GW41*I41,2) -> 0 | HA41: 0 | HB41: 0 | IK41: 0
A42: 18 | B42: 1 | C42: 35 | E42: 3,2 | F42: Цена поставщика | G42: Кожух двигателя PTA-800-EX-KR | H42: компл. | I42: =I38*J42 -> 1 | J42: 1 | O42: =ROUND(CP42,2) -> 369.68 | P42: =ROUND(CQ42*I42,2) -> 369.68 | Q42: =ROUND(CR42*I42,2) -> 0 | R42: =ROUND(CS42*I42,2) -> 0 | S42: =ROUND(CT42*I42,2) -> 0 | T42: =ROUND(CU42*I42,2) -> 0 | U42: =CV42*I42 -> 0 | V42: =CW42*I42 -> 0 | W42: =ROUND(CX42*I42,2) -> 0 | X42: =ROUND(CY42,2) -> 0 | Y42: =ROUND(CZ42,2) -> 0 | AA42: 27795993 | AB42: =ROUND((AC42+AD42+AF42),2) -> 369.68 | AC42: =ROUND((ES42),2) -> 369.68 | AD42: =ROUND((((ET42)-(EU42))+AE42),2) -> 0 | AE42: =ROUND((EU42),2) -> 0 | AF42: =ROUND((EV42),2) -> 0 | AG42: =ROUND((AP42),2) -> 0 | AH42: =(EW42) -> 0 | AI42: =(EX42) -> 0 | AJ42: =ROUND((AS42),2) -> 0 | AK42: 369.68 | AL42: 369.68 | AM42: 0 | AN42: 0 | AO42: 0 | AP42: 0 | AQ42: 0 | AR42: 0 | AS42: 0 | AT42: 122 | AU42: 80 | AV42: 1 | AW42: 1 | AZ42: 1 | BA42: 1 | BB42: 1 | BC42: 1 | BH42: 3 | BI42: 1 | BM42: 14 | BN42: 0 | BP42: 0 | BQ42: 2 | BR42: 0 | BS42: 1 | BT42: 1 | BU42: 1 | BV42: 1 | BW42: 1 | BX42: 1 | BZ42: 122 | CA42: 80 | CF42: 0 | CG42: 0 | CM42: 0 | CO42: 0 | CP42: =(P42+Q42+S42) -> 369.68 | CQ42: =AC42*BC42 -> 369.68 | CR42: =AD42*BB42 -> 0 | CS42: =AE42*BS42 -> 0 | CT42: =AF42*BA42 -> 0 | CU42: =AG42 -> 0 | CV42: =AH42 -> 0 | CW42: =AI42 -> 0 | CX42: =AJ42 -> 0 | CY42: =(((S42+R42)*AT42)/100) -> 0 | CZ42: =(((S42+R42)*AU42)/100) -> 0 | DN42: 0 | DO42: 0 | DP42: 1 | DQ42: 1 | DU42: 1013 | DV42: компл. | DW42: компл. | DX42: 1 | EE42: 27028976 | EF42: 2 | EG42: Общестроительные работы | EH42: 0 | EJ42: 1 | EK42: 14 | EL42: Конструкции из кирпича и блоков | EM42: ФЕР-08 (03) | EQ42: 512 | ER42: 369.68 | ES42: 369.68 | ET42: 0 | EU42: 0 | EV42: 0 | EW42: 0 | EX42: 0 | FQ42: 0 | FR42: =ROUND(IF(AND(BH42=3,BI42=3),P42,0),2) -> 0 | FS42: 0 | FX42: 122 | FY42: 80 | GA42: занесена вручную | GD42: 0 | GF42: 96706656 | GG42: 2 | GH42: 0 | GI42: -2 | GJ42: 0 | GK42: =ROUND(R42*(R12)/100,2) -> 0 | GL42: =ROUND(IF(AND(BH42=3,BI42=3,FS42<>0),P42,0),2) -> 0 | GM42: =ROUND(O42+X42+Y42+GK42,2)+GX42 -> 369.68 | GN42: =IF(OR(BI42=0,BI42=1),ROUND(O42+X42+Y42+GK42,2),0) -> 369.68 | GO42: =IF(BI42=2,ROUND(O42+X42+Y42+GK42,2),0) -> 0 | GP42: =IF(BI42=4,ROUND(O42+X42+Y42+GK42,2)+GX42,0) -> 0 | GR42: 0 | GS42: 4 | GT42: 0 | GV42: =ROUND(GT42,2) -> 0 | GW42: 1 | GX42: =ROUND(GV42*GW42*I42,2) -> 0 | HA42: 0 | HB42: 0 | IK42: 0
A43: 18 | B43: 1 | C43: 44 | E43: 3,2 | F43: Цена поставщика | G43: Кожух двигателя PTA-800-EX-KR | H43: компл. | I43: =I39*J43 -> 1 | J43: 1 | O43: =ROUND(CP43,2) -> 2846.54 | P43: =ROUND(CQ43*I43,2) -> 2846.54 | Q43: =ROUND(CR43*I43,2) -> 0 | R43: =ROUND(CS43*I43,2) -> 0 | S43: =ROUND(CT43*I43,2) -> 0 | T43: =ROUND(CU43*I43,2) -> 0 | U43: =CV43*I43 -> 0 | V43: =CW43*I43 -> 0 | W43: =ROUND(CX43*I43,2) -> 0 | X43: =ROUND(CY43,2) -> 0 | Y43: =ROUND(CZ43,2) -> 0 | AA43: 27796868 | AB43: =ROUND((AC43+AD43+AF43),2) -> 369.68 | AC43: =ROUND((ES43),2) -> 369.68 | AD43: =ROUND((((ET43)-(EU43))+AE43),2) -> 0 | AE43: =ROUND((EU43),2) -> 0 | AF43: =ROUND((EV43),2) -> 0 | AG43: =ROUND((AP43),2) -> 0 | AH43: =(EW43) -> 0 | AI43: =(EX43) -> 0 | AJ43: =ROUND((AS43),2) -> 0 | AK43: 369.68 | AL43: 369.68 | AM43: 0 | AN43: 0 | AO43: 0 | AP43: 0 | AQ43: 0 | AR43: 0 | AS43: 0 | AT43: 122 | AU43: 80 | AV43: 1 | AW43: 1 | AZ43: 7.7 | BA43: 1 | BB43: 1 | BC43: 7.7 | BH43: 3 | BI43: 1 | BM43: 14 | BN43: 0 | BP43: 0 | BQ43: 2 | BR43: 0 | BS43: 1 | BT43: 1 | BU43: 1 | BV43: 1 | BW43: 1 | BX43: 1 | BZ43: 122 | CA43: 80 | CF43: 0 | CG43: 0 | CM43: 0 | CO43: 0 | CP43: =(P43+Q43+S43) -> 2846.54 | CQ43: =AC43*BC43 -> 2846.536 | CR43: =AD43*BB43 -> 0 | CS43: =AE43*BS43 -> 0 | CT43: =AF43*BA43 -> 0 | CU43: =AG43 -> 0 | CV43: =AH43 -> 0 | CW43: =AI43 -> 0 | CX43: =AJ43 -> 0 | CY43: =(((S43+R43)*AT43)/100) -> 0 | CZ43: =(((S43+R43)*AU43)/100) -> 0 | DN43: 0 | DO43: 0 | DP43: 1 | DQ43: 1 | DU43: 1013 | DV43: компл. | DW43: компл. | DX43: 1 | EE43: 27028976 | EF43: 2 | EG43: Общестроительные работы | EH43: 0 | EJ43: 1 | EK43: 14 | EL43: Конструкции из кирпича и блоков | EM43: ФЕР-08 (03) | EQ43: 512 | ER43: 369.68 | ES43: 369.68 | ET43: 0 | EU43: 0 | EV43: 0 | EW43: 0 | EX43: 0 | EZ43: 5 | FC43: 0 | FD43: 18 | FF43: 2846.57 | FQ43: 0 | FR43: =ROUND(IF(AND(BH43=3,BI43=3),P43,0),2) -> 0 | FS43: 0 | FX43: 122 | FY43: 80 | GA43: [2 846,57 / 7,7] | GD43: 0 | GF43: 96706656 | GG43: 1 | GH43: 3 | GI43: 4 | GJ43: 0 | GK43: =ROUND(R43*(S12)/100,2) -> 0 | GL43: =ROUND(IF(AND(BH43=3,BI43=3,FS43<>0),P43,0),2) -> 0 | GM43: =ROUND(O43+X43+Y43+GK43,2)+GX43 -> 2846.54 | GN43: =IF(OR(BI43=0,BI43=1),ROUND(O43+X43+Y43+GK43,2),0) -> 2846.54 | GO43: =IF(BI43=2,ROUND(O43+X43+Y43+GK43,2),0) -> 0 | GP43: =IF(BI43=4,ROUND(O43+X43+Y43+GK43,2)+GX43,0) -> 0 | GR43: 1 | GS43: 1 | GT43: 0 | GV43: =ROUND(GT43,2) -> 0 | GW43: 1 | GX43: =ROUND(GV43*GW43*I43,2) -> 0 | HA43: 0 | HB43: 0 | IK43: 0
A44: 17 | B44: 1 | C44: =ROW(SmtRes!A55) -> 55 | D44: =ROW(EtalonRes!A50) -> 50 | E44: 4 | F44: м08-01-102-01 | G44: Шкаф управления и регулирования | H44: шкаф | I44: 1 | J44: 0 | O44: =ROUND(CP44,2) -> 435.37 | P44: =ROUND(CQ44*I44,2) -> 96.23 | Q44: =ROUND(CR44*I44,2) -> 170.6 | R44: =ROUND(CS44*I44,2) -> 24.1 | S44: =ROUND(CT44*I44,2) -> 168.54 | T44: =ROUND(CU44*I44,2) -> 0 | U44: =CV44*I44 -> 17.52 | V44: =CW44*I44 -> 1.92 | W44: =ROUND(CX44*I44,2) -> 0 | X44: =ROUND(CY44,2) -> 183.01 | Y44: =ROUND(CZ44,2) -> 125.22 | AA44: 27795993 | AB44: =ROUND((AC44+AD44+AF44),2) -> 435.37 | AC44: =ROUND((ES44),2) -> 96.23 | AD44: =ROUND(((((ET44*1.2))-((EU44*1.2)))+AE44),2) -> 170.6 | AE44: =ROUND(((EU44*1.2)),2) -> 24.1 | AF44: =ROUND(((EV44*1.2)),2) -> 168.54 | AG44: =ROUND((AP44),2) -> 0 | AH44: =((EW44*1.2)) -> 17.52 | AI44: =((EX44*1.2)) -> 1.92 | AJ44: =ROUND((AS44),2) -> 0 | AK44: 378.84 | AL44: 96.23 | AM44: 142.16 | AN44: 20.08 | AO44: 140.45 | AP44: 0 | AQ44: 14.6 | AR44: 1.6 | AS44: 0 | AT44: 95 | AU44: 65 | AV44: 1 | AW44: 1 | AZ44: 1 | BA44: 1 | BB44: 1 | BC44: 1 | BH44: 0 | BI44: 2 | BJ44: ФЕРм-2001, м08-01-102-01, приказ Минстроя России №1039/пр от 30.12.2016г. | BM44: 108001 | BN44: 0 | BP44: 0 | BQ44: 3 | BR44: 0 | BS44: 1 | BT44: 1 | BU44: 1 | BV44: 1 | BW44: 1 | BX44: 1 | BZ44: 95 | CA44: 65 | CF44: 0 | CG44: 0 | CM44: 0 | CN44: Поправка: МДС 81-35.2004, прил.1, т.2, п.1 Наименование: Производство монтажных работ в существующих зданиях и сооружениях, освобожденных от оборудования и других предметов, мешающих нормальному производству работ. | CO44: 0 | CP44: =(P44+Q44+S44) -> 435.37 | CQ44: =AC44*BC44 -> 96.23 | CR44: =AD44*BB44 -> 170.6 | CS44: =AE44*BS44 -> 24.1 | CT44: =AF44*BA44 -> 168.54 | CU44: =AG44 -> 0 | CV44: =AH44 -> 17.52 | CW44: =AI44 -> 1.92 | CX44: =AJ44 -> 0 | CY44: =(((S44+R44)*AT44)/100) -> 183.008 | CZ44: =(((S44+R44)*AU44)/100) -> 125.216 | DE44: )*1,2 | DF44: )*1,2 | DG44: )*1,2 | DI44: )*1,2 | DJ44: )*1,2 | DN44: 0 | DO44: 0 | DP44: 1 | DQ44: 1 | DU44: 1013 | DV44: шкаф | DW44: шкаф | DX44: 1 | EE44: 27028906 | EF44: 3 | EG44: Монтажные работы | EH44: 0 | EJ44: 2 | EK44: 108001 | EL44: Электромонтажные работы , отдел 01-03 : ( на АЭС НР = 110% ) - (работы по упр. авиа.- движением: СП=55% ( {АВИА}=1; обычные работы : СП=65 - {AВИА}=0), при работе на АЭС СП= 68% ) | EM44: мФЕР-08 | EO44: Поправка: МДС 81-35.2004, прил.1, т.2, п.1 | EQ44: 0 | ER44: 378.84 | ES44: 96.23 | ET44: 142.16 | EU44: 20.08 | EV44: 140.45 | EW44: 14.6 | EX44: 1.6 | EY44: 0 | FQ44: 0 | FR44: =ROUND(IF(AND(BH44=3,BI44=3),P44,0),2) -> 0 | FS44: 0 | FX44: 95 | FY44: 65 | GD44: 0 | GF44: 399785800 | GG44: 2 | GH44: 1 | GI44: -2 | GJ44: 0 | GK44: =ROUND(R44*(R12)/100,2) -> 0 | GL44: =ROUND(IF(AND(BH44=3,BI44=3,FS44<>0),P44,0),2) -> 0 | GM44: =ROUND(O44+X44+Y44+GK44,2)+GX44 -> 743.6 | GN44: =IF(OR(BI44=0,BI44=1),ROUND(O44+X44+Y44+GK44,2),0) -> 0 | GO44: =IF(BI44=2,ROUND(O44+X44+Y44+GK44,2),0) -> 743.6 | GP44: =IF(BI44=4,ROUND(O44+X44+Y44+GK44,2)+GX44,0) -> 0 | GR44: 0 | GS44: 3 | GT44: 0 | GV44: =ROUND(GT44,2) -> 0 | GW44: 1 | GX44: =ROUND(GV44*GW44*I44,2) -> 0 | HA44: 0 | HB44: 0 | IK44: 0
A45: 17 | B45: 1 | C45: =ROW(SmtRes!A66) -> 66 | D45: =ROW(EtalonRes!A60) -> 60 | E45: 4 | F45: м08-01-102-01 | G45: Шкаф управления и регулирования | H45: шкаф | I45: 1 | J45: 0 | O45: =ROUND(CP45,2) -> 3352.35 | P45: =ROUND(CQ45*I45,2) -> 740.97 | Q45: =ROUND(CR45*I45,2) -> 1313.62 | R45: =ROUND(CS45*I45,2) -> 185.57 | S45: =ROUND(CT45*I45,2) -> 1297.76 | T45: =ROUND(CU45*I45,2) -> 0 | U45: =CV45*I45 -> 17.52 | V45: =CW45*I45 -> 1.92 | W45: =ROUND(CX45*I45,2) -> 0 | X45: =ROUND(CY45,2) -> 1409.16 | Y45: =ROUND(CZ45,2) -> 964.16 | AA45: 27796868 | AB45: =ROUND((AC45+AD45+AF45),2) -> 435.37 | AC45: =ROUND((ES45),2) -> 96.23 | AD45: =ROUND(((((ET45*1.2))-((EU45*1.2)))+AE45),2) -> 170.6 | AE45: =ROUND(((EU45*1.2)),2) -> 24.1 | AF45: =ROUND(((EV45*1.2)),2) -> 168.54 | AG45: =ROUND((AP45),2) -> 0 | AH45: =((EW45*1.2)) -> 17.52 | AI45: =((EX45*1.2)) -> 1.92 | AJ45: =ROUND((AS45),2) -> 0 | AK45: 378.84 | AL45: 96.23 | AM45: 142.16 | AN45: 20.08 | AO45: 140.45 | AP45: 0 | AQ45: 14.6 | AR45: 1.6 | AS45: 0 | AT45: 95 | AU45: 65 | AV45: 1 | AW45: 1 | AZ45: 7.7 | BA45: 7.7 | BB45: 7.7 | BC45: 7.7 | BH45: 0 | BI45: 2 | BJ45: ФЕРм-2001, м08-01-102-01, приказ Минстроя России №1039/пр от 30.12.2016г. | BM45: 108001 | BN45: 0 | BP45: 0 | BQ45: 3 | BR45: 0 | BS45: 7.7 | BT45: 1 | BU45: 1 | BV45: 1 | BW45: 1 | BX45: 1 | BZ45: 95 | CA45: 65 | CF45: 0 | CG45: 0 | CM45: 0 | CN45: Поправка: МДС 81-35.2004, прил.1, т.2, п.1 Наименование: Производство монтажных работ в существующих зданиях и сооружениях, освобожденных от оборудования и других предметов, мешающих нормальному производству работ. | CO45: 0 | CP45: =(P45+Q45+S45) -> 3352.35 | CQ45: =AC45*BC45 -> 740.971 | CR45: =AD45*BB45 -> 1313.62 | CS45: =AE45*BS45 -> 185.57 | CT45: =AF45*BA45 -> 1297.758 | CU45: =AG45 -> 0 | CV45: =AH45 -> 17.52 | CW45: =AI45 -> 1.92 | CX45: =AJ45 -> 0 | CY45: =(((S45+R45)*AT45)/100) -> 1409.1635 | CZ45: =(((S45+R45)*AU45)/100) -> 964.1645 | DE45: )*1,2 | DF45: )*1,2 | DG45: )*1,2 | DI45: )*1,2 | DJ45: )*1,2 | DN45: 0 | DO45: 0 | DP45: 1 | DQ45: 1 | DU45: 1013 | DV45: шкаф | DW45: шкаф | DX45: 1 | EE45: 27028906 | EF45: 3 | EG45: Монтажные работы | EH45: 0 | EJ45: 2 | EK45: 108001 | EL45: Электромонтажные работы , отдел 01-03 : ( на АЭС НР = 110% ) - (работы по упр. авиа.- движением: СП=55% ( {АВИА}=1; обычные работы : СП=65 - {AВИА}=0), при работе на АЭС СП= 68% ) | EM45: мФЕР-08 | EO45: Поправка: МДС 81-35.2004, прил.1, т.2, п.1 | EQ45: 0 | ER45: 378.84 | ES45: 96.23 | ET45: 142.16 | EU45: 20.08 | EV45: 140.45 | EW45: 14.6 | EX45: 1.6 | EY45: 0 | FQ45: 0 | FR45: =ROUND(IF(AND(BH45=3,BI45=3),P45,0),2) -> 0 | FS45: 0 | FX45: 95 | FY45: 65 | GD45: 0 | GF45: 399785800 | GG45: 1 | GH45: 1 | GI45: 4 | GJ45: 0 | GK45: =ROUND(R45*(S12)/100,2) -> 0 | GL45: =ROUND(IF(AND(BH45=3,BI45=3,FS45<>0),P45,0),2) -> 0 | GM45: =ROUND(O45+X45+Y45+GK45,2)+GX45 -> 5725.67 | GN45: =IF(OR(BI45=0,BI45=1),ROUND(O45+X45+Y45+GK45,2),0) -> 0 | GO45: =IF(BI45=2,ROUND(O45+X45+Y45+GK45,2),0) -> 5725.67 | GP45: =IF(BI45=4,ROUND(O45+X45+Y45+GK45,2)+GX45,0) -> 0 | GR45: 0 | GS45: 3 | GT45: 0 | GV45: =ROUND(GT45,2) -> 0 | GW45: 1 | GX45: =ROUND(GV45*GW45*I45,2) -> 0 | HA45: 0 | HB45: 0 | IK45: 0
A46: 18 | B46: 1 | C46: 55 | E46: 4,1 | F46: Цена поставщика | G46: Щит управления вентилятором CHU-V 18.5 N (со спецдоработкой) | H46: ШТ | I46: =I44*J46 -> 1 | J46: 1 | O46: =ROUND(CP46,2) -> 8601.16 | P46: =ROUND(CQ46*I46,2) -> 8601.16 | Q46: =ROUND(CR46*I46,2) -> 0 | R46: =ROUND(CS46*I46,2) -> 0 | S46: =ROUND(CT46*I46,2) -> 0 | T46: =ROUND(CU46*I46,2) -> 0 | U46: =CV46*I46 -> 0 | V46: =CW46*I46 -> 0 | W46: =ROUND(CX46*I46,2) -> 0 | X46: =ROUND(CY46,2) -> 0 | Y46: =ROUND(CZ46,2) -> 0 | AA46: 27795993 | AB46: =ROUND((AC46+AD46+AF46),2) -> 8601.16 | AC46: =ROUND((ES46),2) -> 8601.16 | AD46: =ROUND((((ET46)-(EU46))+AE46),2) -> 0 | AE46: =ROUND((EU46),2) -> 0 | AF46: =ROUND((EV46),2) -> 0 | AG46: =ROUND((AP46),2) -> 0 | AH46: =(EW46) -> 0 | AI46: =(EX46) -> 0 | AJ46: =ROUND((AS46),2) -> 0 | AK46: 8601.16 | AL46: 8601.16 | AM46: 0 | AN46: 0 | AO46: 0 | AP46: 0 | AQ46: 0 | AR46: 0 | AS46: 0 | AT46: 122 | AU46: 80 | AV46: 1 | AW46: 1 | AZ46: 1 | BA46: 1 | BB46: 1 | BC46: 1 | BH46: 3 | BI46: 1 | BM46: 14 | BN46: 0 | BP46: 0 | BQ46: 2 | BR46: 0 | BS46: 1 | BT46: 1 | BU46: 1 | BV46: 1 | BW46: 1 | BX46: 1 | BZ46: 122 | CA46: 80 | CF46: 0 | CG46: 0 | CM46: 0 | CO46: 0 | CP46: =(P46+Q46+S46) -> 8601.16 | CQ46: =AC46*BC46 -> 8601.16 | CR46: =AD46*BB46 -> 0 | CS46: =AE46*BS46 -> 0 | CT46: =AF46*BA46 -> 0 | CU46: =AG46 -> 0 | CV46: =AH46 -> 0 | CW46: =AI46 -> 0 | CX46: =AJ46 -> 0 | CY46: =(((S46+R46)*AT46)/100) -> 0 | CZ46: =(((S46+R46)*AU46)/100) -> 0 | DN46: 0 | DO46: 0 | DP46: 1 | DQ46: 1 | DU46: 1013 | DV46: ШТ | DW46: ШТ | DX46: 1 | EE46: 27028976 | EF46: 2 | EG46: Общестроительные работы | EH46: 0 | EJ46: 1 | EK46: 14 | EL46: Конструкции из кирпича и блоков | EM46: ФЕР-08 (03) | EQ46: 512 | ER46: 8601.16 | ES46: 8601.16 | ET46: 0 | EU46: 0 | EV46: 0 | EW46: 0 | EX46: 0 | FQ46: 0 | FR46: =ROUND(IF(AND(BH46=3,BI46=3),P46,0),2) -> 0 | FS46: 0 | FX46: 122 | FY46: 80 | GA46: занесена вручную | GD46: 0 | GF46: -1442760405 | GG46: 2 | GH46: 0 | GI46: -2 | GJ46: 0 | GK46: =ROUND(R46*(R12)/100,2) -> 0 | GL46: =ROUND(IF(AND(BH46=3,BI46=3,FS46<>0),P46,0),2) -> 0 | GM46: =ROUND(O46+X46+Y46+GK46,2)+GX46 -> 8601.16 | GN46: =IF(OR(BI46=0,BI46=1),ROUND(O46+X46+Y46+GK46,2),0) -> 8601.16 | GO46: =IF(BI46=2,ROUND(O46+X46+Y46+GK46,2),0) -> 0 | GP46: =IF(BI46=4,ROUND(O46+X46+Y46+GK46,2)+GX46,0) -> 0 | GR46: 0 | GS46: 4 | GT46: 0 | GV46: =ROUND(GT46,2) -> 0 | GW46: 1 | GX46: =ROUND(GV46*GW46*I46,2) -> 0 | HA46: 0 | HB46: 0 | IK46: 0
A47: 18 | B47: 1 | C47: 66 | E47: 4,1 | F47: Цена поставщика | G47: Щит управления вентилятором CHU-V 18.5 N (со спецдоработкой) | H47: ШТ | I47: =I45*J47 -> 1 | J47: 1 | O47: =ROUND(CP47,2) -> 66228.93 | P47: =ROUND(CQ47*I47,2) -> 66228.93 | Q47: =ROUND(CR47*I47,2) -> 0 | R47: =ROUND(CS47*I47,2) -> 0 | S47: =ROUND(CT47*I47,2) -> 0 | T47: =ROUND(CU47*I47,2) -> 0 | U47: =CV47*I47 -> 0 | V47: =CW47*I47 -> 0 | W47: =ROUND(CX47*I47,2) -> 0 | X47: =ROUND(CY47,2) -> 0 | Y47: =ROUND(CZ47,2) -> 0 | AA47: 27796868 | AB47: =ROUND((AC47+AD47+AF47),2) -> 8601.16 | AC47: =ROUND((ES47),2) -> 8601.16 | AD47: =ROUND((((ET47)-(EU47))+AE47),2) -> 0 | AE47: =ROUND((EU47),2) -> 0 | AF47: =ROUND((EV47),2) -> 0 | AG47: =ROUND((AP47),2) -> 0 | AH47: =(EW47) -> 0 | AI47: =(EX47) -> 0 | AJ47: =ROUND((AS47),2) -> 0 | AK47: 8601.16 | AL47: 8601.16 | AM47: 0 | AN47: 0 | AO47: 0 | AP47: 0 | AQ47: 0 | AR47: 0 | AS47: 0 | AT47: 122 | AU47: 80 | AV47: 1 | AW47: 1 | AZ47: 7.7 | BA47: 1 | BB47: 1 | BC47: 7.7 | BH47: 3 | BI47: 1 | BM47: 14 | BN47: 0 | BP47: 0 | BQ47: 2 | BR47: 0 | BS47: 1 | BT47: 1 | BU47: 1 | BV47: 1 | BW47: 1 | BX47: 1 | BZ47: 122 | CA47: 80 | CF47: 0 | CG47: 0 | CM47: 0 | CO47: 0 | CP47: =(P47+Q47+S47) -> 66228.93 | CQ47: =AC47*BC47 -> 66228.932 | CR47: =AD47*BB47 -> 0 | CS47: =AE47*BS47 -> 0 | CT47: =AF47*BA47 -> 0 | CU47: =AG47 -> 0 | CV47: =AH47 -> 0 | CW47: =AI47 -> 0 | CX47: =AJ47 -> 0 | CY47: =(((S47+R47)*AT47)/100) -> 0 | CZ47: =(((S47+R47)*AU47)/100) -> 0 | DN47: 0 | DO47: 0 | DP47: 1 | DQ47: 1 | DU47: 1013 | DV47: ШТ | DW47: ШТ | DX47: 1 | EE47: 27028976 | EF47: 2 | EG47: Общестроительные работы | EH47: 0 | EJ47: 1 | EK47: 14 | EL47: Конструкции из кирпича и блоков | EM47: ФЕР-08 (03) | EQ47: 512 | ER47: 8601.16 | ES47: 8601.16 | ET47: 0 | EU47: 0 | EV47: 0 | EW47: 0 | EX47: 0 | EZ47: 5 | FC47: 0 | FD47: 18 | FF47: 66228.94 | FQ47: 0 | FR47: =ROUND(IF(AND(BH47=3,BI47=3),P47,0),2) -> 0 | FS47: 0 | FX47: 122 | FY47: 80 | GA47: [66 228,94 / 7,7] | GD47: 0 | GF47: -1442760405 | GG47: 1 | GH47: 3 | GI47: 4 | GJ47: 0 | GK47: =ROUND(R47*(S12)/100,2) -> 0 | GL47: =ROUND(IF(AND(BH47=3,BI47=3,FS47<>0),P47,0),2) -> 0 | GM47: =ROUND(O47+X47+Y47+GK47,2)+GX47 -> 66228.93 | GN47: =IF(OR(BI47=0,BI47=1),ROUND(O47+X47+Y47+GK47,2),0) -> 66228.93 | GO47: =IF(BI47=2,ROUND(O47+X47+Y47+GK47,2),0) -> 0 | GP47: =IF(BI47=4,ROUND(O47+X47+Y47+GK47,2)+GX47,0) -> 0 | GR47: 1 | GS47: 1 | GT47: 0 | GV47: =ROUND(GT47,2) -> 0 | GW47: 1 | GX47: =ROUND(GV47*GW47*I47,2) -> 0 | HA47: 0 | HB47: 0 | IK47: 0
A48: 17 | B48: 1 | C48: =ROW(SmtRes!A83) -> 83 | D48: =ROW(EtalonRes!A77) -> 77 | E48: 5 | F48: м10-02-016-06 | G48: Отдельно устанавливаемый преобразователь или блок питания | H48: ШТ | I48: 1 | J48: 0 | O48: =ROUND(CP48,2) -> 230.27 | P48: =ROUND(CQ48*I48,2) -> 48.34 | Q48: =ROUND(CR48*I48,2) -> 47.52 | R48: =ROUND(CS48*I48,2) -> 5.32 | S48: =ROUND(CT48*I48,2) -> 134.41 | T48: =ROUND(CU48*I48,2) -> 0 | U48: =CV48*I48 -> 12.12 | V48: =CW48*I48 -> 0.528 | W48: =ROUND(CX48*I48,2) -> 0 | X48: =ROUND(CY48,2) -> 111.78 | Y48: =ROUND(CZ48,2) -> 83.84 | AA48: 27795993 | AB48: =ROUND((AC48+AD48+AF48),2) -> 230.27 | AC48: =ROUND((ES48),2) -> 48.34 | AD48: =ROUND(((((ET48*1.2))-((EU48*1.2)))+AE48),2) -> 47.52 | AE48: =ROUND(((EU48*1.2)),2) -> 5.32 | AF48: =ROUND(((EV48*1.2)),2) -> 134.41 | AG48: =ROUND((AP48),2) -> 0 | AH48: =((EW48*1.2)) -> 12.12 | AI48: =((EX48*1.2)) -> 0.528 | AJ48: =ROUND((AS48),2) -> 0 | AK48: 199.95 | AL48: 48.34 | AM48: 39.6 | AN48: 4.43 | AO48: 112.01 | AP48: 0 | AQ48: 10.1 | AR48: 0.44 | AS48: 0 | AT48: 80 | AU48: 60 | AV48: 1 | AW48: 1 | AZ48: 1 | BA48: 1 | BB48: 1 | BC48: 1 | BH48: 0 | BI48: 2 | BJ48: ФЕРм-2001, м10-02-016-06, приказ Минстроя России №1039/пр от 30.12.2016г. | BM48: 110001 | BN48: 0 | BP48: 0 | BQ48: 3 | BR48: 0 | BS48: 1 | BT48: 1 | BU48: 1 | BV48: 1 | BW48: 1 | BX48: 1 | BZ48: 80 | CA48: 60 | CF48: 0 | CG48: 0 | CM48: 0 | CN48: Поправка: МДС 81-35.2004, прил.1, т.2, п.1 Наименование: Производство монтажных работ в существующих зданиях и сооружениях, освобожденных от оборудования и других предметов, мешающих нормальному производству работ. | CO48: 0 | CP48: =(P48+Q48+S48) -> 230.27 | CQ48: =AC48*BC48 -> 48.34 | CR48: =AD48*BB48 -> 47.52 | CS48: =AE48*BS48 -> 5.32 | CT48: =AF48*BA48 -> 134.41 | CU48: =AG48 -> 0 | CV48: =AH48 -> 12.12 | CW48: =AI48 -> 0.528 | CX48: =AJ48 -> 0 | CY48: =(((S48+R48)*AT48)/100) -> 111.784 | CZ48: =(((S48+R48)*AU48)/100) -> 83.838 | DE48: )*1,2 | DF48: )*1,2 | DG48: )*1,2 | DI48: )*1,2 | DJ48: )*1,2 | DN48: 0 | DO48: 0 | DP48: 1 | DQ48: 1 | DU48: 1013 | DV48: ШТ | DW48: ШТ | DX48: 1 | EE48: 27028909 | EF48: 3 | EG48: Монтажные работы | EH48: 0 | EJ48: 2 | EK48: 110001 | EL48: Связь: городская, местная, междугородняя проводная телефонная связь ( отделы 1, 2, 3 ) - ( при уст-ве средств посадки самолетов: {AВИА}=1 - НР=95%, СП=55% ) | EM48: мФЕР-10 | EO48: Поправка: МДС 81-35.2004, прил.1, т.2, п.1 | EQ48: 0 | ER48: 199.95 | ES48: 48.34 | ET48: 39.6 | EU48: 4.43 | EV48: 112.01 | EW48: 10.1 | EX48: 0.44 | EY48: 0 | FQ48: 0 | FR48: =ROUND(IF(AND(BH48=3,BI48=3),P48,0),2) -> 0 | FS48: 0 | FX48: 80 | FY48: 60 | GD48: 0 | GF48: 1110635560 | GG48: 2 | GH48: 1 | GI48: -2 | GJ48: 0 | GK48: =ROUND(R48*(R12)/100,2) -> 0 | GL48: =ROUND(IF(AND(BH48=3,BI48=3,FS48<>0),P48,0),2) -> 0 | GM48: =ROUND(O48+X48+Y48+GK48,2)+GX48 -> 425.89 | GN48: =IF(OR(BI48=0,BI48=1),ROUND(O48+X48+Y48+GK48,2),0) -> 0 | GO48: =IF(BI48=2,ROUND(O48+X48+Y48+GK48,2),0) -> 425.89 | GP48: =IF(BI48=4,ROUND(O48+X48+Y48+GK48,2)+GX48,0) -> 0 | GR48: 0 | GS48: 3 | GT48: 0 | GV48: =ROUND(GT48,2) -> 0 | GW48: 1 | GX48: =ROUND(GV48*GW48*I48,2) -> 0 | HA48: 0 | HB48: 0 | IK48: 0
A49: 17 | B49: 1 | C49: =ROW(SmtRes!A100) -> 100 | D49: =ROW(EtalonRes!A94) -> 94 | E49: 5 | F49: м10-02-016-06 | G49: Отдельно устанавливаемый преобразователь или блок питания | H49: ШТ | I49: 1 | J49: 0 | O49: =ROUND(CP49,2) -> 1773.08 | P49: =ROUND(CQ49*I49,2) -> 372.22 | Q49: =ROUND(CR49*I49,2) -> 365.9 | R49: =ROUND(CS49*I49,2) -> 40.96 | S49: =ROUND(CT49*I49,2) -> 1034.96 | T49: =ROUND(CU49*I49,2) -> 0 | U49: =CV49*I49 -> 12.12 | V49: =CW49*I49 -> 0.528 | W49: =ROUND(CX49*I49,2) -> 0 | X49: =ROUND(CY49,2) -> 860.74 | Y49: =ROUND(CZ49,2) -> 645.55 | AA49: 27796868 | AB49: =ROUND((AC49+AD49+AF49),2) -> 230.27 | AC49: =ROUND((ES49),2) -> 48.34 | AD49: =ROUND(((((ET49*1.2))-((EU49*1.2)))+AE49),2) -> 47.52 | AE49: =ROUND(((EU49*1.2)),2) -> 5.32 | AF49: =ROUND(((EV49*1.2)),2) -> 134.41 | AG49: =ROUND((AP49),2) -> 0 | AH49: =((EW49*1.2)) -> 12.12 | AI49: =((EX49*1.2)) -> 0.528 | AJ49: =ROUND((AS49),2) -> 0 | AK49: 199.95 | AL49: 48.34 | AM49: 39.6 | AN49: 4.43 | AO49: 112.01 | AP49: 0 | AQ49: 10.1 | AR49: 0.44 | AS49: 0 | AT49: 80 | AU49: 60 | AV49: 1 | AW49: 1 | AZ49: 7.7 | BA49: 7.7 | BB49: 7.7 | BC49: 7.7 | BH49: 0 | BI49: 2 | BJ49: ФЕРм-2001, м10-02-016-06, приказ Минстроя России №1039/пр от 30.12.2016г. | BM49: 110001 | BN49: 0 | BP49: 0 | BQ49: 3 | BR49: 0 | BS49: 7.7 | BT49: 1 | BU49: 1 | BV49: 1 | BW49: 1 | BX49: 1 | BZ49: 80 | CA49: 60 | CF49: 0 | CG49: 0 | CM49: 0 | CN49: Поправка: МДС 81-35.2004, прил.1, т.2, п.1 Наименование: Производство монтажных работ в существующих зданиях и сооружениях, освобожденных от оборудования и других предметов, мешающих нормальному производству работ. | CO49: 0 | CP49: =(P49+Q49+S49) -> 1773.08 | CQ49: =AC49*BC49 -> 372.218 | CR49: =AD49*BB49 -> 365.904 | CS49: =AE49*BS49 -> 40.964 | CT49: =AF49*BA49 -> 1034.957 | CU49: =AG49 -> 0 | CV49: =AH49 -> 12.12 | CW49: =AI49 -> 0.528 | CX49: =AJ49 -> 0 | CY49: =(((S49+R49)*AT49)/100) -> 860.736 | CZ49: =(((S49+R49)*AU49)/100) -> 645.552 | DE49: )*1,2 | DF49: )*1,2 | DG49: )*1,2 | DI49: )*1,2 | DJ49: )*1,2 | DN49: 0 | DO49: 0 | DP49: 1 | DQ49: 1 | DU49: 1013 | DV49: ШТ | DW49: ШТ | DX49: 1 | EE49: 27028909 | EF49: 3 | EG49: Монтажные работы | EH49: 0 | EJ49: 2 | EK49: 110001 | EL49: Связь: городская, местная, междугородняя проводная телефонная связь ( отделы 1, 2, 3 ) - ( при уст-ве средств посадки самолетов: {AВИА}=1 - НР=95%, СП=55% ) | EM49: мФЕР-10 | EO49: Поправка: МДС 81-35.2004, прил.1, т.2, п.1 | EQ49: 0 | ER49: 199.95 | ES49: 48.34 | ET49: 39.6 | EU49: 4.43 | EV49: 112.01 | EW49: 10.1 | EX49: 0.44 | EY49: 0 | FQ49: 0 | FR49: =ROUND(IF(AND(BH49=3,BI49=3),P49,0),2) -> 0 | FS49: 0 | FX49: 80 | FY49: 60 | GD49: 0 | GF49: 1110635560 | GG49: 1 | GH49: 1 | GI49: 4 | GJ49: 0 | GK49: =ROUND(R49*(S12)/100,2) -> 0 | GL49: =ROUND(IF(AND(BH49=3,BI49=3,FS49<>0),P49,0),2) -> 0 | GM49: =ROUND(O49+X49+Y49+GK49,2)+GX49 -> 3279.37 | GN49: =IF(OR(BI49=0,BI49=1),ROUND(O49+X49+Y49+GK49,2),0) -> 0 | GO49: =IF(BI49=2,ROUND(O49+X49+Y49+GK49,2),0) -> 3279.37 | GP49: =IF(BI49=4,ROUND(O49+X49+Y49+GK49,2)+GX49,0) -> 0 | GR49: 0 | GS49: 3 | GT49: 0 | GV49: =ROUND(GT49,2) -> 0 | GW49: 1 | GX49: =ROUND(GV49*GW49*I49,2) -> 0 | HA49: 0 | HB49: 0 | IK49: 0
A50: 18 | B50: 1 | C50: 83 | E50: 5,1 | F50: Цена поставщика | G50: Комплект частотного преобразователя FC-101P18KT4E20H4 (18 кВт; 37А; 380В) №131L9871 | H50: ШТ | I50: =I48*J50 -> 1 | J50: 1 | O50: =ROUND(CP50,2) -> 19894.15 | P50: =ROUND(CQ50*I50,2) -> 19894.15 | Q50: =ROUND(CR50*I50,2) -> 0 | R50: =ROUND(CS50*I50,2) -> 0 | S50: =ROUND(CT50*I50,2) -> 0 | T50: =ROUND(CU50*I50,2) -> 0 | U50: =CV50*I50 -> 0 | V50: =CW50*I50 -> 0 | W50: =ROUND(CX50*I50,2) -> 0 | X50: =ROUND(CY50,2) -> 0 | Y50: =ROUND(CZ50,2) -> 0 | AA50: 27795993 | AB50: =ROUND((AC50+AD50+AF50),2) -> 19894.15 | AC50: =ROUND((ES50),2) -> 19894.15 | AD50: =ROUND((((ET50)-(EU50))+AE50),2) -> 0 | AE50: =ROUND((EU50),2) -> 0 | AF50: =ROUND((EV50),2) -> 0 | AG50: =ROUND((AP50),2) -> 0 | AH50: =(EW50) -> 0 | AI50: =(EX50) -> 0 | AJ50: =ROUND((AS50),2) -> 0 | AK50: 19894.15 | AL50: 19894.15 | AM50: 0 | AN50: 0 | AO50: 0 | AP50: 0 | AQ50: 0 | AR50: 0 | AS50: 0 | AT50: 122 | AU50: 80 | AV50: 1 | AW50: 1 | AZ50: 1 | BA50: 1 | BB50: 1 | BC50: 1 | BH50: 3 | BI50: 1 | BM50: 14 | BN50: 0 | BP50: 0 | BQ50: 2 | BR50: 0 | BS50: 1 | BT50: 1 | BU50: 1 | BV50: 1 | BW50: 1 | BX50: 1 | BZ50: 122 | CA50: 80 | CF50: 0 | CG50: 0 | CM50: 0 | CO50: 0 | CP50: =(P50+Q50+S50) -> 19894.15 | CQ50: =AC50*BC50 -> 19894.15 | CR50: =AD50*BB50 -> 0 | CS50: =AE50*BS50 -> 0 | CT50: =AF50*BA50 -> 0 | CU50: =AG50 -> 0 | CV50: =AH50 -> 0 | CW50: =AI50 -> 0 | CX50: =AJ50 -> 0 | CY50: =(((S50+R50)*AT50)/100) -> 0 | CZ50: =(((S50+R50)*AU50)/100) -> 0 | DN50: 0 | DO50: 0 | DP50: 1 | DQ50: 1 | DU50: 1013 | DV50: ШТ | DW50: ШТ | DX50: 1 | EE50: 27028976 | EF50: 2 | EG50: Общестроительные работы | EH50: 0 | EJ50: 1 | EK50: 14 | EL50: Конструкции из кирпича и блоков | EM50: ФЕР-08 (03) | EQ50: 512 | ER50: 19894.15 | ES50: 19894.15 | ET50: 0 | EU50: 0 | EV50: 0 | EW50: 0 | EX50: 0 | FQ50: 0 | FR50: =ROUND(IF(AND(BH50=3,BI50=3),P50,0),2) -> 0 | FS50: 0 | FX50: 122 | FY50: 80 | GA50: занесена вручную | GD50: 0 | GF50: -2106615000 | GG50: 2 | GH50: 0 | GI50: -2 | GJ50: 0 | GK50: =ROUND(R50*(R12)/100,2) -> 0 | GL50: =ROUND(IF(AND(BH50=3,BI50=3,FS50<>0),P50,0),2) -> 0 | GM50: =ROUND(O50+X50+Y50+GK50,2)+GX50 -> 19894.15 | GN50: =IF(OR(BI50=0,BI50=1),ROUND(O50+X50+Y50+GK50,2),0) -> 19894.15 | GO50: =IF(BI50=2,ROUND(O50+X50+Y50+GK50,2),0) -> 0 | GP50: =IF(BI50=4,ROUND(O50+X50+Y50+GK50,2)+GX50,0) -> 0 | GR50: 0 | GS50: 4 | GT50: 0 | GV50: =ROUND(GT50,2) -> 0 | GW50: 1 | GX50: =ROUND(GV50*GW50*I50,2) -> 0 | HA50: 0 | HB50: 0 | IK50: 0
A51: 18 | B51: 1 | C51: 100 | E51: 5,1 | F51: Цена поставщика | G51: Комплект частотного преобразователя FC-101P18KT4E20H4 (18 кВт; 37А; 380В) №131L9871 | H51: ШТ | I51: =I49*J51 -> 1 | J51: 1 | O51: =ROUND(CP51,2) -> 153184.96 | P51: =ROUND(CQ51*I51,2) -> 153184.96 | Q51: =ROUND(CR51*I51,2) -> 0 | R51: =ROUND(CS51*I51,2) -> 0 | S51: =ROUND(CT51*I51,2) -> 0 | T51: =ROUND(CU51*I51,2) -> 0 | U51: =CV51*I51 -> 0 | V51: =CW51*I51 -> 0 | W51: =ROUND(CX51*I51,2) -> 0 | X51: =ROUND(CY51,2) -> 0 | Y51: =ROUND(CZ51,2) -> 0 | AA51: 27796868 | AB51: =ROUND((AC51+AD51+AF51),2) -> 19894.15 | AC51: =ROUND((ES51),2) -> 19894.15 | AD51: =ROUND((((ET51)-(EU51))+AE51),2) -> 0 | AE51: =ROUND((EU51),2) -> 0 | AF51: =ROUND((EV51),2) -> 0 | AG51: =ROUND((AP51),2) -> 0 | AH51: =(EW51) -> 0 | AI51: =(EX51) -> 0 | AJ51: =ROUND((AS51),2) -> 0 | AK51: 19894.15 | AL51: 19894.15 | AM51: 0 | AN51: 0 | AO51: 0 | AP51: 0 | AQ51: 0 | AR51: 0 | AS51: 0 | AT51: 122 | AU51: 80 | AV51: 1 | AW51: 1 | AZ51: 7.7 | BA51: 1 | BB51: 1 | BC51: 7.7 | BH51: 3 | BI51: 1 | BM51: 14 | BN51: 0 | BP51: 0 | BQ51: 2 | BR51: 0 | BS51: 1 | BT51: 1 | BU51: 1 | BV51: 1 | BW51: 1 | BX51: 1 | BZ51: 122 | CA51: 80 | CF51: 0 | CG51: 0 | CM51: 0 | CO51: 0 | CP51: =(P51+Q51+S51) -> 153184.96 | CQ51: =AC51*BC51 -> 153184.96 | CR51: =AD51*BB51 -> 0 | CS51: =AE51*BS51 -> 0 | CT51: =AF51*BA51 -> 0 | CU51: =AG51 -> 0 | CV51: =AH51 -> 0 | CW51: =AI51 -> 0 | CX51: =AJ51 -> 0 | CY51: =(((S51+R51)*AT51)/100) -> 0 | CZ51: =(((S51+R51)*AU51)/100) -> 0 | DN51: 0 | DO51: 0 | DP51: 1 | DQ51: 1 | DU51: 1013 | DV51: ШТ | DW51: ШТ | DX51: 1 | EE51: 27028976 | EF51: 2 | EG51: Общестроительные работы | EH51: 0 | EJ51: 1 | EK51: 14 | EL51: Конструкции из кирпича и блоков | EM51: ФЕР-08 (03) | EQ51: 512 | ER51: 19894.15 | ES51: 19894.15 | ET51: 0 | EU51: 0 | EV51: 0 | EW51: 0 | EX51: 0 | EZ51: 5 | FC51: 0 | FD51: 18 | FF51: 153184.96 | FQ51: 0 | FR51: =ROUND(IF(AND(BH51=3,BI51=3),P51,0),2) -> 0 | FS51: 0 | FX51: 122 | FY51: 80 | GA51: [153 184,96 / 7,7] | GD51: 0 | GF51: -2106615000 | GG51: 1 | GH51: 3 | GI51: 4 | GJ51: 0 | GK51: =ROUND(R51*(S12)/100,2) -> 0 | GL51: =ROUND(IF(AND(BH51=3,BI51=3,FS51<>0),P51,0),2) -> 0 | GM51: =ROUND(O51+X51+Y51+GK51,2)+GX51 -> 153184.96 | GN51: =IF(OR(BI51=0,BI51=1),ROUND(O51+X51+Y51+GK51,2),0) -> 153184.96 | GO51: =IF(BI51=2,ROUND(O51+X51+Y51+GK51,2),0) -> 0 | GP51: =IF(BI51=4,ROUND(O51+X51+Y51+GK51,2)+GX51,0) -> 0 | GR51: 1 | GS51: 1 | GT51: 0 | GV51: =ROUND(GT51,2) -> 0 | GW51: 1 | GX51: =ROUND(GV51*GW51*I51,2) -> 0 | HA51: 0 | HB51: 0 | IK51: 0
A52: 17 | B52: 1 | C52: =ROW(SmtRes!A110) -> 110 | D52: =ROW(EtalonRes!A106) -> 106 | E52: 6 | F52: 20-02-004-16 | G52: Установка клапанов огнезадерживающих с ручной регулировкой периметром до 3200 мм | H52: ШТ | I52: 2 | J52: 0 | O52: =ROUND(CP52,2) -> 204.58 | P52: =ROUND(CQ52*I52,2) -> 62.18 | Q52: =ROUND(CR52*I52,2) -> 17.6 | R52: =ROUND(CS52*I52,2) -> 1.18 | S52: =ROUND(CT52*I52,2) -> 124.8 | T52: =ROUND(CU52*I52,2) -> 0 | U52: =CV52*I52 -> 14.28 | V52: =CW52*I52 -> 0.096 | W52: =ROUND(CX52*I52,2) -> 0 | X52: =ROUND(CY52,2) -> 161.25 | Y52: =ROUND(CZ52,2) -> 104.56 | AA52: 27795993 | AB52: =ROUND((AC52+AD52+AF52),2) -> 102.29 | AC52: =ROUND((ES52),2) -> 31.09 | AD52: =ROUND(((((ET52*1.2))-((EU52*1.2)))+AE52),2) -> 8.8 | AE52: =ROUND(((EU52*1.2)),2) -> 0.59 | AF52: =ROUND(((EV52*1.2)),2) -> 62.4 | AG52: =ROUND((AP52),2) -> 0 | AH52: =((EW52*1.2)) -> 7.14 | AI52: =((EX52*1.2)) -> 0.048 | AJ52: =ROUND((AS52),2) -> 0 | AK52: 90.42 | AL52: 31.09 | AM52: 7.33 | AN52: 0.49 | AO52: 52 | AP52: 0 | AQ52: 5.95 | AR52: 0.04 | AS52: 0 | AT52: 128 | AU52: 83 | AV52: 1 | AW52: 1 | AZ52: 1 | BA52: 1 | BB52: 1 | BC52: 1 | BH52: 0 | BI52: 1 | BJ52: ФЕР-2001, 20-02-004-16, приказ Минстроя России №1039/пр от 30.12.2016г. | BM52: 20001 | BN52: 0 | BP52: 0 | BQ52: 2 | BR52: 0 | BS52: 1 | BT52: 1 | BU52: 1 | BV52: 1 | BW52: 1 | BX52: 1 | BZ52: 128 | CA52: 83 | CF52: 0 | CG52: 0 | CM52: 0 | CN52: Поправка: МДС 81-35.2004, прил.1, т.1, п.2 Наименование: Производство строительных и других работ в существующих зданиях и сооружениях, освобожденных от оборудования и других предметов, мешающих нормальному производству работ. | CO52: 0 | CP52: =(P52+Q52+S52) -> 204.58 | CQ52: =AC52*BC52 -> 31.09 | CR52: =AD52*BB52 -> 8.8 | CS52: =AE52*BS52 -> 0.59 | CT52: =AF52*BA52 -> 62.4 | CU52: =AG52 -> 0 | CV52: =AH52 -> 7.14 | CW52: =AI52 -> 0.048 | CX52: =AJ52 -> 0 | CY52: =(((S52+R52)*AT52)/100) -> 161.2544 | CZ52: =(((S52+R52)*AU52)/100) -> 104.5634 | DE52: )*1,2 | DF52: )*1,2 | DG52: )*1,2 | DI52: )*1,2 | DJ52: )*1,2 | DN52: 0 | DO52: 0 | DP52: 1 | DQ52: 1 | DU52: 1013 | DV52: ШТ | DW52: ШТ | DX52: 1 | EE52: 27029054 | EF52: 2 | EG52: Общестроительные работы | EH52: 0 | EJ52: 1 | EK52: 20001 | EL52: Вентиляция и кондиционирование | EM52: ФЕР-20 | EO52: Поправка: МДС 81-35.2004, прил.1, т.1, п.2 | EQ52: 0 | ER52: 90.42 | ES52: 31.09 | ET52: 7.33 | EU52: 0.49 | EV52: 52 | EW52: 5.95 | EX52: 0.04 | EY52: 0 | FQ52: 0 | FR52: =ROUND(IF(AND(BH52=3,BI52=3),P52,0),2) -> 0 | FS52: 0 | FX52: 128 | FY52: 83 | GD52: 0 | GF52: -971270805 | GG52: 2 | GH52: 1 | GI52: -2 | GJ52: 0 | GK52: =ROUND(R52*(R12)/100,2) -> 0 | GL52: =ROUND(IF(AND(BH52=3,BI52=3,FS52<>0),P52,0),2) -> 0 | GM52: =ROUND(O52+X52+Y52+GK52,2)+GX52 -> 470.39 | GN52: =IF(OR(BI52=0,BI52=1),ROUND(O52+X52+Y52+GK52,2),0) -> 470.39 | GO52: =IF(BI52=2,ROUND(O52+X52+Y52+GK52,2),0) -> 0 | GP52: =IF(BI52=4,ROUND(O52+X52+Y52+GK52,2)+GX52,0) -> 0 | GR52: 0 | GS52: 3 | GT52: 0 | GV52: =ROUND(GT52,2) -> 0 | GW52: 1 | GX52: =ROUND(GV52*GW52*I52,2) -> 0 | HA52: 0 | HB52: 0 | IK52: 0
A53: 17 | B53: 1 | C53: =ROW(SmtRes!A120) -> 120 | D53: =ROW(EtalonRes!A118) -> 118 | E53: 6 | F53: 20-02-004-16 | G53: Установка клапанов огнезадерживающих с ручной регулировкой периметром до 3200 мм | H53: ШТ | I53: 2 | J53: 0 | O53: =ROUND(CP53,2) -> 1575.27 | P53: =ROUND(CQ53*I53,2) -> 478.79 | Q53: =ROUND(CR53*I53,2) -> 135.52 | R53: =ROUND(CS53*I53,2) -> 9.09 | S53: =ROUND(CT53*I53,2) -> 960.96 | T53: =ROUND(CU53*I53,2) -> 0 | U53: =CV53*I53 -> 14.28 | V53: =CW53*I53 -> 0.096 | W53: =ROUND(CX53*I53,2) -> 0 | X53: =ROUND(CY53,2) -> 1241.66 | Y53: =ROUND(CZ53,2) -> 805.14 | AA53: 27796868 | AB53: =ROUND((AC53+AD53+AF53),2) -> 102.29 | AC53: =ROUND((ES53),2) -> 31.09 | AD53: =ROUND(((((ET53*1.2))-((EU53*1.2)))+AE53),2) -> 8.8 | AE53: =ROUND(((EU53*1.2)),2) -> 0.59 | AF53: =ROUND(((EV53*1.2)),2) -> 62.4 | AG53: =ROUND((AP53),2) -> 0 | AH53: =((EW53*1.2)) -> 7.14 | AI53: =((EX53*1.2)) -> 0.048 | AJ53: =ROUND((AS53),2) -> 0 | AK53: 90.42 | AL53: 31.09 | AM53: 7.33 | AN53: 0.49 | AO53: 52 | AP53: 0 | AQ53: 5.95 | AR53: 0.04 | AS53: 0 | AT53: 128 | AU53: 83 | AV53: 1 | AW53: 1 | AZ53: 7.7 | BA53: 7.7 | BB53: 7.7 | BC53: 7.7 | BH53: 0 | BI53: 1 | BJ53: ФЕР-2001, 20-02-004-16, приказ Минстроя России №1039/пр от 30.12.2016г. | BM53: 20001 | BN53: 0 | BP53: 0 | BQ53: 2 | BR53: 0 | BS53: 7.7 | BT53: 1 | BU53: 1 | BV53: 1 | BW53: 1 | BX53: 1 | BZ53: 128 | CA53: 83 | CF53: 0 | CG53: 0 | CM53: 0 | CN53: Поправка: МДС 81-35.2004, прил.1, т.1, п.2 Наименование: Производство строительных и других работ в существующих зданиях и сооружениях, освобожденных от оборудования и других предметов, мешающих нормальному производству работ. | CO53: 0 | CP53: =(P53+Q53+S53) -> 1575.27 | CQ53: =AC53*BC53 -> 239.393 | CR53: =AD53*BB53 -> 67.76 | CS53: =AE53*BS53 -> 4.543 | CT53: =AF53*BA53 -> 480.48 | CU53: =AG53 -> 0 | CV53: =AH53 -> 7.14 | CW53: =AI53 -> 0.048 | CX53: =AJ53 -> 0 | CY53: =(((S53+R53)*AT53)/100) -> 1241.664 | CZ53: =(((S53+R53)*AU53)/100) -> 805.1415 | DE53: )*1,2 | DF53: )*1,2 | DG53: )*1,2 | DI53: )*1,2 | DJ53: )*1,2 | DN53: 0 | DO53: 0 | DP53: 1 | DQ53: 1 | DU53: 1013 | DV53: ШТ | DW53: ШТ | DX53: 1 | EE53: 27029054 | EF53: 2 | EG53: Общестроительные работы | EH53: 0 | EJ53: 1 | EK53: 20001 | EL53: Вентиляция и кондиционирование | EM53: ФЕР-20 | EO53: Поправка: МДС 81-35.2004, прил.1, т.1, п.2 | EQ53: 0 | ER53: 90.42 | ES53: 31.09 | ET53: 7.33 | EU53: 0.49 | EV53: 52 | EW53: 5.95 | EX53: 0.04 | EY53: 0 | FQ53: 0 | FR53: =ROUND(IF(AND(BH53=3,BI53=3),P53,0),2) -> 0 | FS53: 0 | FX53: 128 | FY53: 83 | GD53: 0 | GF53: -971270805 | GG53: 1 | GH53: 1 | GI53: 4 | GJ53: 0 | GK53: =ROUND(R53*(S12)/100,2) -> 0 | GL53: =ROUND(IF(AND(BH53=3,BI53=3,FS53<>0),P53,0),2) -> 0 | GM53: =ROUND(O53+X53+Y53+GK53,2)+GX53 -> 3622.07 | GN53: =IF(OR(BI53=0,BI53=1),ROUND(O53+X53+Y53+GK53,2),0) -> 3622.07 | GO53: =IF(BI53=2,ROUND(O53+X53+Y53+GK53,2),0) -> 0 | GP53: =IF(BI53=4,ROUND(O53+X53+Y53+GK53,2)+GX53,0) -> 0 | GR53: 0 | GS53: 3 | GT53: 0 | GV53: =ROUND(GT53,2) -> 0 | GW53: 1 | GX53: =ROUND(GV53*GW53*I53,2) -> 0 | HA53: 0 | HB53: 0 | IK53: 0
A54: 18 | B54: 1 | C54: 110 | E54: 6,1 | F54: Цена поставщика | G54: Противопожарный клапан ОКL-1D-450x450-S220-V-K | H54: ШТ | I54: =I52*J54 -> 2 | J54: 1 | O54: =ROUND(CP54,2) -> 4102.7 | P54: =ROUND(CQ54*I54,2) -> 4102.7 | Q54: =ROUND(CR54*I54,2) -> 0 | R54: =ROUND(CS54*I54,2) -> 0 | S54: =ROUND(CT54*I54,2) -> 0 | T54: =ROUND(CU54*I54,2) -> 0 | U54: =CV54*I54 -> 0 | V54: =CW54*I54 -> 0 | W54: =ROUND(CX54*I54,2) -> 0 | X54: =ROUND(CY54,2) -> 0 | Y54: =ROUND(CZ54,2) -> 0 | AA54: 27795993 | AB54: =ROUND((AC54+AD54+AF54),2) -> 2051.35 | AC54: =ROUND((ES54),2) -> 2051.35 | AD54: =ROUND((((ET54)-(EU54))+AE54),2) -> 0 | AE54: =ROUND((EU54),2) -> 0 | AF54: =ROUND((EV54),2) -> 0 | AG54: =ROUND((AP54),2) -> 0 | AH54: =(EW54) -> 0 | AI54: =(EX54) -> 0 | AJ54: =ROUND((AS54),2) -> 0 | AK54: 2051.35 | AL54: 2051.35 | AM54: 0 | AN54: 0 | AO54: 0 | AP54: 0 | AQ54: 0 | AR54: 0 | AS54: 0 | AT54: 122 | AU54: 80 | AV54: 1 | AW54: 1 | AZ54: 1 | BA54: 1 | BB54: 1 | BC54: 1 | BH54: 3 | BI54: 1 | BM54: 14 | BN54: 0 | BP54: 0 | BQ54: 2 | BR54: 0 | BS54: 1 | BT54: 1 | BU54: 1 | BV54: 1 | BW54: 1 | BX54: 1 | BZ54: 122 | CA54: 80 | CF54: 0 | CG54: 0 | CM54: 0 | CO54: 0 | CP54: =(P54+Q54+S54) -> 4102.7 | CQ54: =AC54*BC54 -> 2051.35 | CR54: =AD54*BB54 -> 0 | CS54: =AE54*BS54 -> 0 | CT54: =AF54*BA54 -> 0 | CU54: =AG54 -> 0 | CV54: =AH54 -> 0 | CW54: =AI54 -> 0 | CX54: =AJ54 -> 0 | CY54: =(((S54+R54)*AT54)/100) -> 0 | CZ54: =(((S54+R54)*AU54)/100) -> 0 | DN54: 0 | DO54: 0 | DP54: 1 | DQ54: 1 | DU54: 1013 | DV54: ШТ | DW54: ШТ | DX54: 1 | EE54: 27028976 | EF54: 2 | EG54: Общестроительные работы | EH54: 0 | EJ54: 1 | EK54: 14 | EL54: Конструкции из кирпича и блоков | EM54: ФЕР-08 (03) | EQ54: 512 | ER54: 2051.35 | ES54: 2051.35 | ET54: 0 | EU54: 0 | EV54: 0 | EW54: 0 | EX54: 0 | FQ54: 0 | FR54: =ROUND(IF(AND(BH54=3,BI54=3),P54,0),2) -> 0 | FS54: 0 | FX54: 122 | FY54: 80 | GA54: занесена вручную | GD54: 0 | GF54: -1481260767 | GG54: 2 | GH54: 0 | GI54: -2 | GJ54: 0 | GK54: =ROUND(R54*(R12)/100,2) -> 0 | GL54: =ROUND(IF(AND(BH54=3,BI54=3,FS54<>0),P54,0),2) -> 0 | GM54: =ROUND(O54+X54+Y54+GK54,2)+GX54 -> 4102.7 | GN54: =IF(OR(BI54=0,BI54=1),ROUND(O54+X54+Y54+GK54,2),0) -> 4102.7 | GO54: =IF(BI54=2,ROUND(O54+X54+Y54+GK54,2),0) -> 0 | GP54: =IF(BI54=4,ROUND(O54+X54+Y54+GK54,2)+GX54,0) -> 0 | GR54: 0 | GS54: 4 | GT54: 0 | GV54: =ROUND(GT54,2) -> 0 | GW54: 1 | GX54: =ROUND(GV54*GW54*I54,2) -> 0 | HA54: 0 | HB54: 0 | IK54: 0
A55: 18 | B55: 1 | C55: 120 | E55: 6,1 | F55: Цена поставщика | G55: Противопожарный клапан ОКL-1D-450x450-S220-V-K | H55: ШТ | I55: =I53*J55 -> 2 | J55: 1 | O55: =ROUND(CP55,2) -> 31590.79 | P55: =ROUND(CQ55*I55,2) -> 31590.79 | Q55: =ROUND(CR55*I55,2) -> 0 | R55: =ROUND(CS55*I55,2) -> 0 | S55: =ROUND(CT55*I55,2) -> 0 | T55: =ROUND(CU55*I55,2) -> 0 | U55: =CV55*I55 -> 0 | V55: =CW55*I55 -> 0 | W55: =ROUND(CX55*I55,2) -> 0 | X55: =ROUND(CY55,2) -> 0 | Y55: =ROUND(CZ55,2) -> 0 | AA55: 27796868 | AB55: =ROUND((AC55+AD55+AF55),2) -> 2051.35 | AC55: =ROUND((ES55),2) -> 2051.35 | AD55: =ROUND((((ET55)-(EU55))+AE55),2) -> 0 | AE55: =ROUND((EU55),2) -> 0 | AF55: =ROUND((EV55),2) -> 0 | AG55: =ROUND((AP55),2) -> 0 | AH55: =(EW55) -> 0 | AI55: =(EX55) -> 0 | AJ55: =ROUND((AS55),2) -> 0 | AK55: 2051.35 | AL55: 2051.35 | AM55: 0 | AN55: 0 | AO55: 0 | AP55: 0 | AQ55: 0 | AR55: 0 | AS55: 0 | AT55: 122 | AU55: 80 | AV55: 1 | AW55: 1 | AZ55: 7.7 | BA55: 1 | BB55: 1 | BC55: 7.7 | BH55: 3 | BI55: 1 | BM55: 14 | BN55: 0 | BP55: 0 | BQ55: 2 | BR55: 0 | BS55: 1 | BT55: 1 | BU55: 1 | BV55: 1 | BW55: 1 | BX55: 1 | BZ55: 122 | CA55: 80 | CF55: 0 | CG55: 0 | CM55: 0 | CO55: 0 | CP55: =(P55+Q55+S55) -> 31590.79 | CQ55: =AC55*BC55 -> 15795.395 | CR55: =AD55*BB55 -> 0 | CS55: =AE55*BS55 -> 0 | CT55: =AF55*BA55 -> 0 | CU55: =AG55 -> 0 | CV55: =AH55 -> 0 | CW55: =AI55 -> 0 | CX55: =AJ55 -> 0 | CY55: =(((S55+R55)*AT55)/100) -> 0 | CZ55: =(((S55+R55)*AU55)/100) -> 0 | DN55: 0 | DO55: 0 | DP55: 1 | DQ55: 1 | DU55: 1013 | DV55: ШТ | DW55: ШТ | DX55: 1 | EE55: 27028976 | EF55: 2 | EG55: Общестроительные работы | EH55: 0 | EJ55: 1 | EK55: 14 | EL55: Конструкции из кирпича и блоков | EM55: ФЕР-08 (03) | EQ55: 512 | ER55: 2051.35 | ES55: 2051.35 | ET55: 0 | EU55: 0 | EV55: 0 | EW55: 0 | EX55: 0 | EZ55: 5 | FC55: 0 | FD55: 18 | FF55: 15795.38 | FQ55: 0 | FR55: =ROUND(IF(AND(BH55=3,BI55=3),P55,0),2) -> 0 | FS55: 0 | FX55: 122 | FY55: 80 | GA55: [15 795,38 / 7,7] | GD55: 0 | GF55: -1481260767 | GG55: 1 | GH55: 3 | GI55: 4 | GJ55: 0 | GK55: =ROUND(R55*(S12)/100,2) -> 0 | GL55: =ROUND(IF(AND(BH55=3,BI55=3,FS55<>0),P55,0),2) -> 0 | GM55: =ROUND(O55+X55+Y55+GK55,2)+GX55 -> 31590.79 | GN55: =IF(OR(BI55=0,BI55=1),ROUND(O55+X55+Y55+GK55,2),0) -> 31590.79 | GO55: =IF(BI55=2,ROUND(O55+X55+Y55+GK55,2),0) -> 0 | GP55: =IF(BI55=4,ROUND(O55+X55+Y55+GK55,2)+GX55,0) -> 0 | GR55: 1 | GS55: 1 | GT55: 0 | GV55: =ROUND(GT55,2) -> 0 | GW55: 1 | GX55: =ROUND(GV55*GW55*I55,2) -> 0 | HA55: 0 | HB55: 0 | IK55: 0
A56: 17 | B56: 1 | C56: =ROW(SmtRes!A132) -> 132 | D56: =ROW(EtalonRes!A134) -> 134 | E56: 7 | F56: 20-01-002-11 | G56: Прокладка воздуховодов из листовой оцинкованной стали и алюминия класса П (плотные) толщиной 0,7 мм, периметром до 2400 мм | H56: 100 м2 | I56: 0.045 | J56: 0 | O56: =ROUND(CP56,2) -> 78.92 | P56: =ROUND(CQ56*I56,2) -> 26.14 | Q56: =ROUND(CR56*I56,2) -> 5.56 | R56: =ROUND(CS56*I56,2) -> 0.47 | S56: =ROUND(CT56*I56,2) -> 47.22 | T56: =ROUND(CU56*I56,2) -> 0 | U56: =CV56*I56 -> 5.40324 | V56: =CW56*I56 -> 0.03834 | W56: =ROUND(CX56*I56,2) -> 0 | X56: =ROUND(CY56,2) -> 61.04 | Y56: =ROUND(CZ56,2) -> 39.58 | AA56: 27795993 | AB56: =ROUND((AC56+AD56+AF56),2) -> 1753.74 | AC56: =ROUND((ES56),2) -> 580.82 | AD56: =ROUND(((((ET56*1.2))-((EU56*1.2)))+AE56),2) -> 123.5 | AE56: =ROUND(((EU56*1.2)),2) -> 10.52 | AF56: =ROUND(((EV56*1.2)),2) -> 1049.42 | AG56: =ROUND((AP56),2) -> 0 | AH56: =((EW56*1.2)) -> 120.072 | AI56: =((EX56*1.2)) -> 0.852 | AJ56: =ROUND((AS56),2) -> 0 | AK56: 1558.26 | AL56: 580.82 | AM56: 102.92 | AN56: 8.77 | AO56: 874.52 | AP56: 0 | AQ56: 100.06 | AR56: 0.71 | AS56: 0 | AT56: 128 | AU56: 83 | AV56: 1 | AW56: 1 | AZ56: 1 | BA56: 1 | BB56: 1 | BC56: 1 | BH56: 0 | BI56: 1 | BJ56: ФЕР-2001, 20-01-002-11, приказ Минстроя России №1039/пр от 30.12.2016г. | BM56: 20001 | BN56: 0 | BP56: 0 | BQ56: 2 | BR56: 0 | BS56: 1 | BT56: 1 | BU56: 1 | BV56: 1 | BW56: 1 | BX56: 1 | BZ56: 128 | CA56: 83 | CF56: 0 | CG56: 0 | CM56: 0 | CN56: Поправка: МДС 81-35.2004, прил.1, т.1, п.2 Наименование: Производство строительных и других работ в существующих зданиях и сооружениях, освобожденных от оборудования и других предметов, мешающих нормальному производству работ. | CO56: 0 | CP56: =(P56+Q56+S56) -> 78.92 | CQ56: =AC56*BC56 -> 580.82 | CR56: =AD56*BB56 -> 123.5 | CS56: =AE56*BS56 -> 10.52 | CT56: =AF56*BA56 -> 1049.42 | CU56: =AG56 -> 0 | CV56: =AH56 -> 120.072 | CW56: =AI56 -> 0.852 | CX56: =AJ56 -> 0 | CY56: =(((S56+R56)*AT56)/100) -> 61.0432 | CZ56: =(((S56+R56)*AU56)/100) -> 39.5827 | DE56: )*1,2 | DF56: )*1,2 | DG56: )*1,2 | DI56: )*1,2 | DJ56: )*1,2 | DN56: 0 | DO56: 0 | DP56: 1 | DQ56: 1 | DU56: 1005 | DV56: 100 м2 | DW56: 100 м2 | DX56: 100 | EE56: 27029054 | EF56: 2 | EG56: Общестроительные работы | EH56: 0 | EJ56: 1 | EK56: 20001 | EL56: Вентиляция и кондиционирование | EM56: ФЕР-20 | EO56: Поправка: МДС 81-35.2004, прил.1, т.1, п.2 | EQ56: 0 | ER56: 1558.26 | ES56: 580.82 | ET56: 102.92 | EU56: 8.77 | EV56: 874.52 | EW56: 100.06 | EX56: 0.71 | EY56: 0 | FQ56: 0 | FR56: =ROUND(IF(AND(BH56=3,BI56=3),P56,0),2) -> 0 | FS56: 0 | FX56: 128 | FY56: 83 | GD56: 0 | GF56: 1394249478 | GG56: 2 | GH56: 1 | GI56: -2 | GJ56: 0 | GK56: =ROUND(R56*(R12)/100,2) -> 0 | GL56: =ROUND(IF(AND(BH56=3,BI56=3,FS56<>0),P56,0),2) -> 0 | GM56: =ROUND(O56+X56+Y56+GK56,2)+GX56 -> 179.54 | GN56: =IF(OR(BI56=0,BI56=1),ROUND(O56+X56+Y56+GK56,2),0) -> 179.54 | GO56: =IF(BI56=2,ROUND(O56+X56+Y56+GK56,2),0) -> 0 | GP56: =IF(BI56=4,ROUND(O56+X56+Y56+GK56,2)+GX56,0) -> 0 | GR56: 0 | GS56: 3 | GT56: 0 | GV56: =ROUND(GT56,2) -> 0 | GW56: 1 | GX56: =ROUND(GV56*GW56*I56,2) -> 0 | HA56: 0 | HB56: 0 | IK56: 0
A57: 17 | B57: 1 | C57: =ROW(SmtRes!A144) -> 144 | D57: =ROW(EtalonRes!A150) -> 150 | E57: 7 | F57: 20-01-002-11 | G57: Прокладка воздуховодов из листовой оцинкованной стали и алюминия класса П (плотные) толщиной 0,7 мм, периметром до 2400 мм | H57: 100 м2 | I57: 0.045 | J57: 0 | O57: =ROUND(CP57,2) -> 607.66 | P57: =ROUND(CQ57*I57,2) -> 201.25 | Q57: =ROUND(CR57*I57,2) -> 42.79 | R57: =ROUND(CS57*I57,2) -> 3.65 | S57: =ROUND(CT57*I57,2) -> 363.62 | T57: =ROUND(CU57*I57,2) -> 0 | U57: =CV57*I57 -> 5.40324 | V57: =CW57*I57 -> 0.03834 | W57: =ROUND(CX57*I57,2) -> 0 | X57: =ROUND(CY57,2) -> 470.11 | Y57: =ROUND(CZ57,2) -> 304.83 | AA57: 27796868 | AB57: =ROUND((AC57+AD57+AF57),2) -> 1753.74 | AC57: =ROUND((ES57),2) -> 580.82 | AD57: =ROUND(((((ET57*1.2))-((EU57*1.2)))+AE57),2) -> 123.5 | AE57: =ROUND(((EU57*1.2)),2) -> 10.52 | AF57: =ROUND(((EV57*1.2)),2) -> 1049.42 | AG57: =ROUND((AP57),2) -> 0 | AH57: =((EW57*1.2)) -> 120.072 | AI57: =((EX57*1.2)) -> 0.852 | AJ57: =ROUND((AS57),2) -> 0 | AK57: 1558.26 | AL57: 580.82 | AM57: 102.92 | AN57: 8.77 | AO57: 874.52 | AP57: 0 | AQ57: 100.06 | AR57: 0.71 | AS57: 0 | AT57: 128 | AU57: 83 | AV57: 1 | AW57: 1 | AZ57: 7.7 | BA57: 7.7 | BB57: 7.7 | BC57: 7.7 | BH57: 0 | BI57: 1 | BJ57: ФЕР-2001, 20-01-002-11, приказ Минстроя России №1039/пр от 30.12.2016г. | BM57: 20001 | BN57: 0 | BP57: 0 | BQ57: 2 | BR57: 0 | BS57: 7.7 | BT57: 1 | BU57: 1 | BV57: 1 | BW57: 1 | BX57: 1 | BZ57: 128 | CA57: 83 | CF57: 0 | CG57: 0 | CM57: 0 | CN57: Поправка: МДС 81-35.2004, прил.1, т.1, п.2 Наименование: Производство строительных и других работ в существующих зданиях и сооружениях, освобожденных от оборудования и других предметов, мешающих нормальному производству работ. | CO57: 0 | CP57: =(P57+Q57+S57) -> 607.66 | CQ57: =AC57*BC57 -> 4472.314 | CR57: =AD57*BB57 -> 950.95 | CS57: =AE57*BS57 -> 81.004 | CT57: =AF57*BA57 -> 8080.534 | CU57: =AG57 -> 0 | CV57: =AH57 -> 120.072 | CW57: =AI57 -> 0.852 | CX57: =AJ57 -> 0 | CY57: =(((S57+R57)*AT57)/100) -> 470.1056 | CZ57: =(((S57+R57)*AU57)/100) -> 304.8341 | DE57: )*1,2 | DF57: )*1,2 | DG57: )*1,2 | DI57: )*1,2 | DJ57: )*1,2 | DN57: 0 | DO57: 0 | DP57: 1 | DQ57: 1 | DU57: 1005 | DV57: 100 м2 | DW57: 100 м2 | DX57: 100 | EE57: 27029054 | EF57: 2 | EG57: Общестроительные работы | EH57: 0 | EJ57: 1 | EK57: 20001 | EL57: Вентиляция и кондиционирование | EM57: ФЕР-20 | EO57: Поправка: МДС 81-35.2004, прил.1, т.1, п.2 | EQ57: 0 | ER57: 1558.26 | ES57: 580.82 | ET57: 102.92 | EU57: 8.77 | EV57: 874.52 | EW57: 100.06 | EX57: 0.71 | EY57: 0 | FQ57: 0 | FR57: =ROUND(IF(AND(BH57=3,BI57=3),P57,0),2) -> 0 | FS57: 0 | FX57: 128 | FY57: 83 | GD57: 0 | GF57: 1394249478 | GG57: 1 | GH57: 1 | GI57: 4 | GJ57: 0 | GK57: =ROUND(R57*(S12)/100,2) -> 0 | GL57: =ROUND(IF(AND(BH57=3,BI57=3,FS57<>0),P57,0),2) -> 0 | GM57: =ROUND(O57+X57+Y57+GK57,2)+GX57 -> 1382.6 | GN57: =IF(OR(BI57=0,BI57=1),ROUND(O57+X57+Y57+GK57,2),0) -> 1382.6 | GO57: =IF(BI57=2,ROUND(O57+X57+Y57+GK57,2),0) -> 0 | GP57: =IF(BI57=4,ROUND(O57+X57+Y57+GK57,2)+GX57,0) -> 0 | GR57: 0 | GS57: 3 | GT57: 0 | GV57: =ROUND(GT57,2) -> 0 | GW57: 1 | GX57: =ROUND(GV57*GW57*I57,2) -> 0 | HA57: 0 | HB57: 0 | IK57: 0
A58: 18 | B58: 1 | C58: 132 | E58: 7,1 | F58: 19.1.01.03-0079 | G58: Воздуховоды из оцинкованной стали толщиной 0,7 мм, периметром от 1700 до 4000 мм (прим. 500х500 мм S=1мм ) | H58: м2 | I58: =I56*J58 -> 4.5 | J58: 100 | O58: =ROUND(CP58,2) -> 490.91 | P58: =ROUND(CQ58*I58,2) -> 490.91 | Q58: =ROUND(CR58*I58,2) -> 0 | R58: =ROUND(CS58*I58,2) -> 0 | S58: =ROUND(CT58*I58,2) -> 0 | T58: =ROUND(CU58*I58,2) -> 0 | U58: =CV58*I58 -> 0 | V58: =CW58*I58 -> 0 | W58: =ROUND(CX58*I58,2) -> 0 | X58: =ROUND(CY58,2) -> 0 | Y58: =ROUND(CZ58,2) -> 0 | AA58: 27795993 | AB58: =ROUND((AC58+AD58+AF58),2) -> 109.09 | AC58: =ROUND((ES58),2) -> 109.09 | AD58: =ROUND((((ET58)-(EU58))+AE58),2) -> 0 | AE58: =ROUND((EU58),2) -> 0 | AF58: =ROUND((EV58),2) -> 0 | AG58: =ROUND((AP58),2) -> 0 | AH58: =(EW58) -> 0 | AI58: =(EX58) -> 0 | AJ58: =ROUND((AS58),2) -> 0 | AK58: 109.09 | AL58: 109.09 | AM58: 0 | AN58: 0 | AO58: 0 | AP58: 0 | AQ58: 0 | AR58: 0 | AS58: 0 | AT58: 128 | AU58: 83 | AV58: 1 | AW58: 1 | AZ58: 1 | BA58: 1 | BB58: 1 | BC58: 1 | BH58: 3 | BI58: 1 | BJ58: ФССЦ-2001, 19.1.01.03-0079, приказ Минстроя России №1039/пр от 30.12.2016г. | BM58: 20001 | BN58: 0 | BP58: 0 | BQ58: 2 | BR58: 0 | BS58: 1 | BT58: 1 | BU58: 1 | BV58: 1 | BW58: 1 | BX58: 1 | BZ58: 128 | CA58: 83 | CF58: 0 | CG58: 0 | CM58: 0 | CO58: 0 | CP58: =(P58+Q58+S58) -> 490.91 | CQ58: =AC58*BC58 -> 109.09 | CR58: =AD58*BB58 -> 0 | CS58: =AE58*BS58 -> 0 | CT58: =AF58*BA58 -> 0 | CU58: =AG58 -> 0 | CV58: =AH58 -> 0 | CW58: =AI58 -> 0 | CX58: =AJ58 -> 0 | CY58: =(((S58+R58)*AT58)/100) -> 0 | CZ58: =(((S58+R58)*AU58)/100) -> 0 | DN58: 0 | DO58: 0 | DP58: 1 | DQ58: 1 | DU58: 1005 | DV58: м2 | DW58: м2 | DX58: 1 | EE58: 27029054 | EF58: 2 | EG58: Общестроительные работы | EH58: 0 | EJ58: 1 | EK58: 20001 | EL58: Вентиляция и кондиционирование | EM58: ФЕР-20 | EQ58: 0 | ER58: 109.09 | ES58: 109.09 | ET58: 0 | EU58: 0 | EV58: 0 | EW58: 0 | EX58: 0 | FQ58: 0 | FR58: =ROUND(IF(AND(BH58=3,BI58=3),P58,0),2) -> 0 | FS58: 0 | FX58: 128 | FY58: 83 | GD58: 0 | GF58: -834182631 | GG58: 2 | GH58: 1 | GI58: -2 | GJ58: 0 | GK58: =ROUND(R58*(R12)/100,2) -> 0 | GL58: =ROUND(IF(AND(BH58=3,BI58=3,FS58<>0),P58,0),2) -> 0 | GM58: =ROUND(O58+X58+Y58+GK58,2)+GX58 -> 490.91 | GN58: =IF(OR(BI58=0,BI58=1),ROUND(O58+X58+Y58+GK58,2),0) -> 490.91 | GO58: =IF(BI58=2,ROUND(O58+X58+Y58+GK58,2),0) -> 0 | GP58: =IF(BI58=4,ROUND(O58+X58+Y58+GK58,2)+GX58,0) -> 0 | GR58: 0 | GS58: 3 | GT58: 0 | GV58: =ROUND(GT58,2) -> 0 | GW58: 1 | GX58: =ROUND(GV58*GW58*I58,2) -> 0 | HA58: 0 | HB58: 0 | IK58: 0
A59: 18 | B59: 1 | C59: 144 | E59: 7,1 | F59: 19.1.01.03-0079 | G59: Воздуховоды из оцинкованной стали толщиной 0,7 мм, периметром от 1700 до 4000 мм (прим. 500х500 мм S=1мм ) | H59: м2 | I59: =I57*J59 -> 4.5 | J59: 100 | O59: =ROUND(CP59,2) -> 3779.97 | P59: =ROUND(CQ59*I59,2) -> 3779.97 | Q59: =ROUND(CR59*I59,2) -> 0 | R59: =ROUND(CS59*I59,2) -> 0 | S59: =ROUND(CT59*I59,2) -> 0 | T59: =ROUND(CU59*I59,2) -> 0 | U59: =CV59*I59 -> 0 | V59: =CW59*I59 -> 0 | W59: =ROUND(CX59*I59,2) -> 0 | X59: =ROUND(CY59,2) -> 0 | Y59: =ROUND(CZ59,2) -> 0 | AA59: 27796868 | AB59: =ROUND((AC59+AD59+AF59),2) -> 109.09 | AC59: =ROUND((ES59),2) -> 109.09 | AD59: =ROUND((((ET59)-(EU59))+AE59),2) -> 0 | AE59: =ROUND((EU59),2) -> 0 | AF59: =ROUND((EV59),2) -> 0 | AG59: =ROUND((AP59),2) -> 0 | AH59: =(EW59) -> 0 | AI59: =(EX59) -> 0 | AJ59: =ROUND((AS59),2) -> 0 | AK59: 109.09 | AL59: 109.09 | AM59: 0 | AN59: 0 | AO59: 0 | AP59: 0 | AQ59: 0 | AR59: 0 | AS59: 0 | AT59: 128 | AU59: 83 | AV59: 1 | AW59: 1 | AZ59: 7.7 | BA59: 1 | BB59: 1 | BC59: 7.7 | BH59: 3 | BI59: 1 | BJ59: ФССЦ-2001, 19.1.01.03-0079, приказ Минстроя России №1039/пр от 30.12.2016г. | BM59: 20001 | BN59: 0 | BP59: 0 | BQ59: 2 | BR59: 0 | BS59: 1 | BT59: 1 | BU59: 1 | BV59: 1 | BW59: 1 | BX59: 1 | BZ59: 128 | CA59: 83 | CF59: 0 | CG59: 0 | CM59: 0 | CO59: 0 | CP59: =(P59+Q59+S59) -> 3779.97 | CQ59: =AC59*BC59 -> 839.993 | CR59: =AD59*BB59 -> 0 | CS59: =AE59*BS59 -> 0 | CT59: =AF59*BA59 -> 0 | CU59: =AG59 -> 0 | CV59: =AH59 -> 0 | CW59: =AI59 -> 0 | CX59: =AJ59 -> 0 | CY59: =(((S59+R59)*AT59)/100) -> 0 | CZ59: =(((S59+R59)*AU59)/100) -> 0 | DN59: 0 | DO59: 0 | DP59: 1 | DQ59: 1 | DU59: 1005 | DV59: м2 | DW59: м2 | DX59: 1 | EE59: 27029054 | EF59: 2 | EG59: Общестроительные работы | EH59: 0 | EJ59: 1 | EK59: 20001 | EL59: Вентиляция и кондиционирование | EM59: ФЕР-20 | EQ59: 0 | ER59: 109.09 | ES59: 109.09 | ET59: 0 | EU59: 0 | EV59: 0 | EW59: 0 | EX59: 0 | FQ59: 0 | FR59: =ROUND(IF(AND(BH59=3,BI59=3),P59,0),2) -> 0 | FS59: 0 | FX59: 128 | FY59: 83 | GD59: 0 | GF59: -834182631 | GG59: 1 | GH59: 1 | GI59: 4 | GJ59: 0 | GK59: =ROUND(R59*(S12)/100,2) -> 0 | GL59: =ROUND(IF(AND(BH59=3,BI59=3,FS59<>0),P59,0),2) -> 0 | GM59: =ROUND(O59+X59+Y59+GK59,2)+GX59 -> 3779.97 | GN59: =IF(OR(BI59=0,BI59=1),ROUND(O59+X59+Y59+GK59,2),0) -> 3779.97 | GO59: =IF(BI59=2,ROUND(O59+X59+Y59+GK59,2),0) -> 0 | GP59: =IF(BI59=4,ROUND(O59+X59+Y59+GK59,2)+GX59,0) -> 0 | GR59: 0 | GS59: 3 | GT59: 0 | GV59: =ROUND(GT59,2) -> 0 | GW59: 1 | GX59: =ROUND(GV59*GW59*I59,2) -> 0 | HA59: 0 | HB59: 0 | IK59: 0
A60: 17 | B60: 1 | C60: =ROW(SmtRes!A161) -> 161 | D60: =ROW(EtalonRes!A166) -> 166 | E60: 8 | F60: 20-01-002-13 | G60: Прокладка воздуховодов из листовой оцинкованной стали и алюминия класса П (плотные) толщиной 0,7 мм, периметром до 3600 мм | H60: 100 м2 | I60: 0.856 | J60: 0 | O60: =ROUND(CP60,2) -> 1333.1 | P60: =ROUND(CQ60*I60,2) -> 554.53 | Q60: =ROUND(CR60*I60,2) -> 110.18 | R60: =ROUND(CS60*I60,2) -> 9.66 | S60: =ROUND(CT60*I60,2) -> 668.39 | T60: =ROUND(CU60*I60,2) -> 0 | U60: =CV60*I60 -> 76.47504 | V60: =CW60*I60 -> 0.780672 | W60: =ROUND(CX60*I60,2) -> 0 | X60: =ROUND(CY60,2) -> 867.9 | Y60: =ROUND(CZ60,2) -> 562.78 | AA60: 27795993 | AB60: =ROUND((AC60+AD60+AF60),2) -> 1557.36 | AC60: =ROUND((ES60),2) -> 647.82 | AD60: =ROUND(((((ET60*1.2))-((EU60*1.2)))+AE60),2) -> 128.71 | AE60: =ROUND(((EU60*1.2)),2) -> 11.29 | AF60: =ROUND(((EV60*1.2)),2) -> 780.83 | AG60: =ROUND((AP60),2) -> 0 | AH60: =((EW60*1.2)) -> 89.34 | AI60: =((EX60*1.2)) -> 0.912 | AJ60: =ROUND((AS60),2) -> 0 | AK60: 1405.77 | AL60: 647.82 | AM60: 107.26 | AN60: 9.41 | AO60: 650.69 | AP60: 0 | AQ60: 74.45 | AR60: 0.76 | AS60: 0 | AT60: 128 | AU60: 83 | AV60: 1 | AW60: 1 | AZ60: 1 | BA60: 1 | BB60: 1 | BC60: 1 | BH60: 0 | BI60: 1 | BJ60: ФЕР-2001, 20-01-002-13, приказ Минстроя России №1039/пр от 30.12.2016г. | BM60: 20001 | BN60: 0 | BP60: 0 | BQ60: 2 | BR60: 0 | BS60: 1 | BT60: 1 | BU60: 1 | BV60: 1 | BW60: 1 | BX60: 1 | BZ60: 128 | CA60: 83 | CF60: 0 | CG60: 0 | CM60: 0 | CN60: Поправка: МДС 81-35.2004, прил.1, т.1, п.2 Наименование: Производство строительных и других работ в существующих зданиях и сооружениях, освобожденных от оборудования и других предметов, мешающих нормальному производству работ. | CO60: 0 | CP60: =(P60+Q60+S60) -> 1333.1 | CQ60: =AC60*BC60 -> 647.82 | CR60: =AD60*BB60 -> 128.71 | CS60: =AE60*BS60 -> 11.29 | CT60: =AF60*BA60 -> 780.83 | CU60: =AG60 -> 0 | CV60: =AH60 -> 89.34 | CW60: =AI60 -> 0.912 | CX60: =AJ60 -> 0 | CY60: =(((S60+R60)*AT60)/100) -> 867.904 | CZ60: =(((S60+R60)*AU60)/100) -> 562.7815 | DE60: )*1,2 | DF60: )*1,2 | DG60: )*1,2 | DI60: )*1,2 | DJ60: )*1,2 | DN60: 0 | DO60: 0 | DP60: 1 | DQ60: 1 | DU60: 1005 | DV60: 100 м2 | DW60: 100 м2 | DX60: 100 | EE60: 27029054 | EF60: 2 | EG60: Общестроительные работы | EH60: 0 | EJ60: 1 | EK60: 20001 | EL60: Вентиляция и кондиционирование | EM60: ФЕР-20 | EO60: Поправка: МДС 81-35.2004, прил.1, т.1, п.2 | EQ60: 0 | ER60: 1405.77 | ES60: 647.82 | ET60: 107.26 | EU60: 9.41 | EV60: 650.69 | EW60: 74.45 | EX60: 0.76 | EY60: 0 | FQ60: 0 | FR60: =ROUND(IF(AND(BH60=3,BI60=3),P60,0),2) -> 0 | FS60: 0 | FX60: 128 | FY60: 83 | GD60: 0 | GF60: -2095831010 | GG60: 2 | GH60: 1 | GI60: -2 | GJ60: 0 | GK60: =ROUND(R60*(R12)/100,2) -> 0 | GL60: =ROUND(IF(AND(BH60=3,BI60=3,FS60<>0),P60,0),2) -> 0 | GM60: =ROUND(O60+X60+Y60+GK60,2)+GX60 -> 2763.78 | GN60: =IF(OR(BI60=0,BI60=1),ROUND(O60+X60+Y60+GK60,2),0) -> 2763.78 | GO60: =IF(BI60=2,ROUND(O60+X60+Y60+GK60,2),0) -> 0 | GP60: =IF(BI60=4,ROUND(O60+X60+Y60+GK60,2)+GX60,0) -> 0 | GR60: 0 | GS60: 3 | GT60: 0 | GV60: =ROUND(GT60,2) -> 0 | GW60: 1 | GX60: =ROUND(GV60*GW60*I60,2) -> 0 | HA60: 0 | HB60: 0 | IK60: 0
A61: 17 | B61: 1 | C61: =ROW(SmtRes!A178) -> 178 | D61: =ROW(EtalonRes!A182) -> 182 | E61: 8 | F61: 20-01-002-13 | G61: Прокладка воздуховодов из листовой оцинкованной стали и алюминия класса П (плотные) толщиной 0,7 мм, периметром до 3600 мм | H61: 100 м2 | I61: 0.856 | J61: 0 | O61: =ROUND(CP61,2) -> 10264.87 | P61: =ROUND(CQ61*I61,2) -> 4269.91 | Q61: =ROUND(CR61*I61,2) -> 848.35 | R61: =ROUND(CS61*I61,2) -> 74.41 | S61: =ROUND(CT61*I61,2) -> 5146.61 | T61: =ROUND(CU61*I61,2) -> 0 | U61: =CV61*I61 -> 76.47504 | V61: =CW61*I61 -> 0.780672 | W61: =ROUND(CX61*I61,2) -> 0 | X61: =ROUND(CY61,2) -> 6682.91 | Y61: =ROUND(CZ61,2) -> 4333.45 | AA61: 27796868 | AB61: =ROUND((AC61+AD61+AF61),2) -> 1557.36 | AC61: =ROUND((ES61),2) -> 647.82 | AD61: =ROUND(((((ET61*1.2))-((EU61*1.2)))+AE61),2) -> 128.71 | AE61: =ROUND(((EU61*1.2)),2) -> 11.29 | AF61: =ROUND(((EV61*1.2)),2) -> 780.83 | AG61: =ROUND((AP61),2) -> 0 | AH61: =((EW61*1.2)) -> 89.34 | AI61: =((EX61*1.2)) -> 0.912 | AJ61: =ROUND((AS61),2) -> 0 | AK61: 1405.77 | AL61: 647.82 | AM61: 107.26 | AN61: 9.41 | AO61: 650.69 | AP61: 0 | AQ61: 74.45 | AR61: 0.76 | AS61: 0 | AT61: 128 | AU61: 83 | AV61: 1 | AW61: 1 | AZ61: 7.7 | BA61: 7.7 | BB61: 7.7 | BC61: 7.7 | BH61: 0 | BI61: 1 | BJ61: ФЕР-2001, 20-01-002-13, приказ Минстроя России №1039/пр от 30.12.2016г. | BM61: 20001 | BN61: 0 | BP61: 0 | BQ61: 2 | BR61: 0 | BS61: 7.7 | BT61: 1 | BU61: 1 | BV61: 1 | BW61: 1 | BX61: 1 | BZ61: 128 | CA61: 83 | CF61: 0 | CG61: 0 | CM61: 0 | CN61: Поправка: МДС 81-35.2004, прил.1, т.1, п.2 Наименование: Производство строительных и других работ в существующих зданиях и сооружениях, освобожденных от оборудования и других предметов, мешающих нормальному производству работ. | CO61: 0 | CP61: =(P61+Q61+S61) -> 10264.87 | CQ61: =AC61*BC61 -> 4988.214 | CR61: =AD61*BB61 -> 991.067 | CS61: =AE61*BS61 -> 86.933 | CT61: =AF61*BA61 -> 6012.391 | CU61: =AG61 -> 0 | CV61: =AH61 -> 89.34 | CW61: =AI61 -> 0.912 | CX61: =AJ61 -> 0 | CY61: =(((S61+R61)*AT61)/100) -> 6682.9056 | CZ61: =(((S61+R61)*AU61)/100) -> 4333.4466 | DE61: )*1,2 | DF61: )*1,2 | DG61: )*1,2 | DI61: )*1,2 | DJ61: )*1,2 | DN61: 0 | DO61: 0 | DP61: 1 | DQ61: 1 | DU61: 1005 | DV61: 100 м2 | DW61: 100 м2 | DX61: 100 | EE61: 27029054 | EF61: 2 | EG61: Общестроительные работы | EH61: 0 | EJ61: 1 | EK61: 20001 | EL61: Вентиляция и кондиционирование | EM61: ФЕР-20 | EO61: Поправка: МДС 81-35.2004, прил.1, т.1, п.2 | EQ61: 0 | ER61: 1405.77 | ES61: 647.82 | ET61: 107.26 | EU61: 9.41 | EV61: 650.69 | EW61: 74.45 | EX61: 0.76 | EY61: 0 | FQ61: 0 | FR61: =ROUND(IF(AND(BH61=3,BI61=3),P61,0),2) -> 0 | FS61: 0 | FX61: 128 | FY61: 83 | GD61: 0 | GF61: -2095831010 | GG61: 1 | GH61: 1 | GI61: 4 | GJ61: 0 | GK61: =ROUND(R61*(S12)/100,2) -> 0 | GL61: =ROUND(IF(AND(BH61=3,BI61=3,FS61<>0),P61,0),2) -> 0 | GM61: =ROUND(O61+X61+Y61+GK61,2)+GX61 -> 21281.23 | GN61: =IF(OR(BI61=0,BI61=1),ROUND(O61+X61+Y61+GK61,2),0) -> 21281.23 | GO61: =IF(BI61=2,ROUND(O61+X61+Y61+GK61,2),0) -> 0 | GP61: =IF(BI61=4,ROUND(O61+X61+Y61+GK61,2)+GX61,0) -> 0 | GR61: 0 | GS61: 3 | GT61: 0 | GV61: =ROUND(GT61,2) -> 0 | GW61: 1 | GX61: =ROUND(GV61*GW61*I61,2) -> 0 | HA61: 0 | HB61: 0 | IK61: 0
A62: 18 | B62: 1 | C62: 156 | E62: 8,1 | F62: 19.1.01.03-0079 | G62: Воздуховоды из оцинкованной стали толщиной 0,7 мм, периметром от 1700 до 4000 мм (прим. 1000х700 мм S=1 мм, 1300х400 мм S=1 мм) | H62: м2 | I62: =I60*J62 -> 85.6 | J62: 100 | O62: =ROUND(CP62,2) -> 9338.1 | P62: =ROUND(CQ62*I62,2) -> 9338.1 | Q62: =ROUND(CR62*I62,2) -> 0 | R62: =ROUND(CS62*I62,2) -> 0 | S62: =ROUND(CT62*I62,2) -> 0 | T62: =ROUND(CU62*I62,2) -> 0 | U62: =CV62*I62 -> 0 | V62: =CW62*I62 -> 0 | W62: =ROUND(CX62*I62,2) -> 0 | X62: =ROUND(CY62,2) -> 0 | Y62: =ROUND(CZ62,2) -> 0 | AA62: 27795993 | AB62: =ROUND((AC62+AD62+AF62),2) -> 109.09 | AC62: =ROUND((ES62),2) -> 109.09 | AD62: =ROUND((((ET62)-(EU62))+AE62),2) -> 0 | AE62: =ROUND((EU62),2) -> 0 | AF62: =ROUND((EV62),2) -> 0 | AG62: =ROUND((AP62),2) -> 0 | AH62: =(EW62) -> 0 | AI62: =(EX62) -> 0 | AJ62: =ROUND((AS62),2) -> 0 | AK62: 109.09 | AL62: 109.09 | AM62: 0 | AN62: 0 | AO62: 0 | AP62: 0 | AQ62: 0 | AR62: 0 | AS62: 0 | AT62: 128 | AU62: 83 | AV62: 1 | AW62: 1 | AZ62: 1 | BA62: 1 | BB62: 1 | BC62: 1 | BH62: 3 | BI62: 1 | BJ62: ФССЦ-2001, 19.1.01.03-0079, приказ Минстроя России №1039/пр от 30.12.2016г. | BM62: 20001 | BN62: 0 | BP62: 0 | BQ62: 2 | BR62: 0 | BS62: 1 | BT62: 1 | BU62: 1 | BV62: 1 | BW62: 1 | BX62: 1 | BZ62: 128 | CA62: 83 | CF62: 0 | CG62: 0 | CM62: 0 | CO62: 0 | CP62: =(P62+Q62+S62) -> 9338.1 | CQ62: =AC62*BC62 -> 109.09 | CR62: =AD62*BB62 -> 0 | CS62: =AE62*BS62 -> 0 | CT62: =AF62*BA62 -> 0 | CU62: =AG62 -> 0 | CV62: =AH62 -> 0 | CW62: =AI62 -> 0 | CX62: =AJ62 -> 0 | CY62: =(((S62+R62)*AT62)/100) -> 0 | CZ62: =(((S62+R62)*AU62)/100) -> 0 | DN62: 0 | DO62: 0 | DP62: 1 | DQ62: 1 | DU62: 1005 | DV62: м2 | DW62: м2 | DX62: 1 | EE62: 27029054 | EF62: 2 | EG62: Общестроительные работы | EH62: 0 | EJ62: 1 | EK62: 20001 | EL62: Вентиляция и кондиционирование | EM62: ФЕР-20 | EQ62: 0 | ER62: 109.09 | ES62: 109.09 | ET62: 0 | EU62: 0 | EV62: 0 | EW62: 0 | EX62: 0 | FQ62: 0 | FR62: =ROUND(IF(AND(BH62=3,BI62=3),P62,0),2) -> 0 | FS62: 0 | FX62: 128 | FY62: 83 | GD62: 0 | GF62: 431544196 | GG62: 2 | GH62: 1 | GI62: -2 | GJ62: 0 | GK62: =ROUND(R62*(R12)/100,2) -> 0 | GL62: =ROUND(IF(AND(BH62=3,BI62=3,FS62<>0),P62,0),2) -> 0 | GM62: =ROUND(O62+X62+Y62+GK62,2)+GX62 -> 9338.1 | GN62: =IF(OR(BI62=0,BI62=1),ROUND(O62+X62+Y62+GK62,2),0) -> 9338.1 | GO62: =IF(BI62=2,ROUND(O62+X62+Y62+GK62,2),0) -> 0 | GP62: =IF(BI62=4,ROUND(O62+X62+Y62+GK62,2)+GX62,0) -> 0 | GR62: 0 | GS62: 3 | GT62: 0 | GV62: =ROUND(GT62,2) -> 0 | GW62: 1 | GX62: =ROUND(GV62*GW62*I62,2) -> 0 | HA62: 0 | HB62: 0 | IK62: 0
A63: 18 | B63: 1 | C63: 173 | E63: 8,1 | F63: 19.1.01.03-0079 | G63: Воздуховоды из оцинкованной стали толщиной 0,7 мм, периметром от 1700 до 4000 мм (прим. 1000х700 мм S=1 мм, 1300х400 мм S=1 мм) | H63: м2 | I63: =I61*J63 -> 85.6 | J63: 100 | O63: =ROUND(CP63,2) -> 71903.4 | P63: =ROUND(CQ63*I63,2) -> 71903.4 | Q63: =ROUND(CR63*I63,2) -> 0 | R63: =ROUND(CS63*I63,2) -> 0 | S63: =ROUND(CT63*I63,2) -> 0 | T63: =ROUND(CU63*I63,2) -> 0 | U63: =CV63*I63 -> 0 | V63: =CW63*I63 -> 0 | W63: =ROUND(CX63*I63,2) -> 0 | X63: =ROUND(CY63,2) -> 0 | Y63: =ROUND(CZ63,2) -> 0 | AA63: 27796868 | AB63: =ROUND((AC63+AD63+AF63),2) -> 109.09 | AC63: =ROUND((ES63),2) -> 109.09 | AD63: =ROUND((((ET63)-(EU63))+AE63),2) -> 0 | AE63: =ROUND((EU63),2) -> 0 | AF63: =ROUND((EV63),2) -> 0 | AG63: =ROUND((AP63),2) -> 0 | AH63: =(EW63) -> 0 | AI63: =(EX63) -> 0 | AJ63: =ROUND((AS63),2) -> 0 | AK63: 109.09 | AL63: 109.09 | AM63: 0 | AN63: 0 | AO63: 0 | AP63: 0 | AQ63: 0 | AR63: 0 | AS63: 0 | AT63: 128 | AU63: 83 | AV63: 1 | AW63: 1 | AZ63: 7.7 | BA63: 1 | BB63: 1 | BC63: 7.7 | BH63: 3 | BI63: 1 | BJ63: ФССЦ-2001, 19.1.01.03-0079, приказ Минстроя России №1039/пр от 30.12.2016г. | BM63: 20001 | BN63: 0 | BP63: 0 | BQ63: 2 | BR63: 0 | BS63: 1 | BT63: 1 | BU63: 1 | BV63: 1 | BW63: 1 | BX63: 1 | BZ63: 128 | CA63: 83 | CF63: 0 | CG63: 0 | CM63: 0 | CO63: 0 | CP63: =(P63+Q63+S63) -> 71903.4 | CQ63: =AC63*BC63 -> 839.993 | CR63: =AD63*BB63 -> 0 | CS63: =AE63*BS63 -> 0 | CT63: =AF63*BA63 -> 0 | CU63: =AG63 -> 0 | CV63: =AH63 -> 0 | CW63: =AI63 -> 0 | CX63: =AJ63 -> 0 | CY63: =(((S63+R63)*AT63)/100) -> 0 | CZ63: =(((S63+R63)*AU63)/100) -> 0 | DN63: 0 | DO63: 0 | DP63: 1 | DQ63: 1 | DU63: 1005 | DV63: м2 | DW63: м2 | DX63: 1 | EE63: 27029054 | EF63: 2 | EG63: Общестроительные работы | EH63: 0 | EJ63: 1 | EK63: 20001 | EL63: Вентиляция и кондиционирование | EM63: ФЕР-20 | EQ63: 0 | ER63: 109.09 | ES63: 109.09 | ET63: 0 | EU63: 0 | EV63: 0 | EW63: 0 | EX63: 0 | FQ63: 0 | FR63: =ROUND(IF(AND(BH63=3,BI63=3),P63,0),2) -> 0 | FS63: 0 | FX63: 128 | FY63: 83 | GD63: 0 | GF63: 431544196 | GG63: 1 | GH63: 1 | GI63: 4 | GJ63: 0 | GK63: =ROUND(R63*(S12)/100,2) -> 0 | GL63: =ROUND(IF(AND(BH63=3,BI63=3,FS63<>0),P63,0),2) -> 0 | GM63: =ROUND(O63+X63+Y63+GK63,2)+GX63 -> 71903.4 | GN63: =IF(OR(BI63=0,BI63=1),ROUND(O63+X63+Y63+GK63,2),0) -> 71903.4 | GO63: =IF(BI63=2,ROUND(O63+X63+Y63+GK63,2),0) -> 0 | GP63: =IF(BI63=4,ROUND(O63+X63+Y63+GK63,2)+GX63,0) -> 0 | GR63: 0 | GS63: 3 | GT63: 0 | GV63: =ROUND(GT63,2) -> 0 | GW63: 1 | GX63: =ROUND(GV63*GW63*I63,2) -> 0 | HA63: 0 | HB63: 0 | IK63: 0
A64: 18 | B64: 1 | C64: 158 | E64: 8,2 | F64: Цена поставщика | G64: Переход Ф800 - 1000х700, l=500 мм | H64: ШТ | I64: =I60*J64 -> 1 | J64: 1.1682243 | O64: =ROUND(CP64,2) -> 346.69 | P64: =ROUND(CQ64*I64,2) -> 346.69 | Q64: =ROUND(CR64*I64,2) -> 0 | R64: =ROUND(CS64*I64,2) -> 0 | S64: =ROUND(CT64*I64,2) -> 0 | T64: =ROUND(CU64*I64,2) -> 0 | U64: =CV64*I64 -> 0 | V64: =CW64*I64 -> 0 | W64: =ROUND(CX64*I64,2) -> 0 | X64: =ROUND(CY64,2) -> 0 | Y64: =ROUND(CZ64,2) -> 0 | AA64: 27795993 | AB64: =ROUND((AC64+AD64+AF64),2) -> 346.69 | AC64: =ROUND((ES64),2) -> 346.69 | AD64: =ROUND((((ET64)-(EU64))+AE64),2) -> 0 | AE64: =ROUND((EU64),2) -> 0 | AF64: =ROUND((EV64),2) -> 0 | AG64: =ROUND((AP64),2) -> 0 | AH64: =(EW64) -> 0 | AI64: =(EX64) -> 0 | AJ64: =ROUND((AS64),2) -> 0 | AK64: 346.69 | AL64: 346.69 | AM64: 0 | AN64: 0 | AO64: 0 | AP64: 0 | AQ64: 0 | AR64: 0 | AS64: 0 | AT64: 0 | AU64: 0 | AV64: 1 | AW64: 1 | AZ64: 1 | BA64: 1 | BB64: 1 | BC64: 1 | BH64: 3 | BI64: 4 | BM64: 0 | BN64: 0 | BP64: 0 | BQ64: 16 | BR64: 0 | BS64: 1 | BT64: 1 | BU64: 1 | BV64: 1 | BW64: 1 | BX64: 1 | BZ64: 0 | CA64: 0 | CF64: 0 | CG64: 0 | CM64: 0 | CO64: 0 | CP64: =(P64+Q64+S64) -> 346.69 | CQ64: =AC64*BC64 -> 346.69 | CR64: =AD64*BB64 -> 0 | CS64: =AE64*BS64 -> 0 | CT64: =AF64*BA64 -> 0 | CU64: =AG64 -> 0 | CV64: =AH64 -> 0 | CW64: =AI64 -> 0 | CX64: =AJ64 -> 0 | CY64: =(((S64+R64)*AT64)/100) -> 0 | CZ64: =(((S64+R64)*AU64)/100) -> 0 | DN64: 0 | DO64: 0 | DP64: 1 | DQ64: 1 | DU64: 1013 | DV64: ШТ | DW64: ШТ | DX64: 1 | EE64: 27028964 | EF64: 16 | EG64: Строка по умолчанию | EH64: 0 | EJ64: 4 | EK64: 0 | EL64: Прочие работы | EM64: по умолчанию | EQ64: 512 | ER64: 346.69 | ES64: 346.69 | ET64: 0 | EU64: 0 | EV64: 0 | EW64: 0 | EX64: 0 | FQ64: 0 | FR64: =ROUND(IF(AND(BH64=3,BI64=3),P64,0),2) -> 0 | FS64: 0 | FX64: 0 | FY64: 0 | GA64: занесена вручную | GD64: 0 | GF64: 220037018 | GG64: 2 | GH64: 0 | GI64: -2 | GJ64: 0 | GK64: =ROUND(R64*(R12)/100,2) -> 0 | GL64: =ROUND(IF(AND(BH64=3,BI64=3,FS64<>0),P64,0),2) -> 0 | GM64: =ROUND(O64+X64+Y64+GK64,2)+GX64 -> 346.69 | GN64: =IF(OR(BI64=0,BI64=1),ROUND(O64+X64+Y64+GK64,2),0) -> 0 | GO64: =IF(BI64=2,ROUND(O64+X64+Y64+GK64,2),0) -> 0 | GP64: =IF(BI64=4,ROUND(O64+X64+Y64+GK64,2)+GX64,0) -> 346.69 | GR64: 0 | GS64: 4 | GT64: 0 | GV64: =ROUND(GT64,2) -> 0 | GW64: 1 | GX64: =ROUND(GV64*GW64*I64,2) -> 0 | HA64: 0 | HB64: 0 | IK64: 0
A65: 18 | B65: 1 | C65: 175 | E65: 8,2 | F65: Цена поставщика | G65: Переход Ф800 - 1000х700, l=500 мм | H65: ШТ | I65: =I61*J65 -> 1 | J65: 1.1682243 | O65: =ROUND(CP65,2) -> 2669.51 | P65: =ROUND(CQ65*I65,2) -> 2669.51 | Q65: =ROUND(CR65*I65,2) -> 0 | R65: =ROUND(CS65*I65,2) -> 0 | S65: =ROUND(CT65*I65,2) -> 0 | T65: =ROUND(CU65*I65,2) -> 0 | U65: =CV65*I65 -> 0 | V65: =CW65*I65 -> 0 | W65: =ROUND(CX65*I65,2) -> 0 | X65: =ROUND(CY65,2) -> 0 | Y65: =ROUND(CZ65,2) -> 0 | AA65: 27796868 | AB65: =ROUND((AC65+AD65+AF65),2) -> 346.69 | AC65: =ROUND((ES65),2) -> 346.69 | AD65: =ROUND((((ET65)-(EU65))+AE65),2) -> 0 | AE65: =ROUND((EU65),2) -> 0 | AF65: =ROUND((EV65),2) -> 0 | AG65: =ROUND((AP65),2) -> 0 | AH65: =(EW65) -> 0 | AI65: =(EX65) -> 0 | AJ65: =ROUND((AS65),2) -> 0 | AK65: 346.69 | AL65: 346.69 | AM65: 0 | AN65: 0 | AO65: 0 | AP65: 0 | AQ65: 0 | AR65: 0 | AS65: 0 | AT65: 0 | AU65: 0 | AV65: 1 | AW65: 1 | AZ65: 7.7 | BA65: 1 | BB65: 1 | BC65: 7.7 | BH65: 3 | BI65: 4 | BM65: 0 | BN65: 0 | BP65: 0 | BQ65: 16 | BR65: 0 | BS65: 1 | BT65: 1 | BU65: 1 | BV65: 1 | BW65: 1 | BX65: 1 | BZ65: 0 | CA65: 0 | CF65: 0 | CG65: 0 | CM65: 0 | CO65: 0 | CP65: =(P65+Q65+S65) -> 2669.51 | CQ65: =AC65*BC65 -> 2669.513 | CR65: =AD65*BB65 -> 0 | CS65: =AE65*BS65 -> 0 | CT65: =AF65*BA65 -> 0 | CU65: =AG65 -> 0 | CV65: =AH65 -> 0 | CW65: =AI65 -> 0 | CX65: =AJ65 -> 0 | CY65: =(((S65+R65)*AT65)/100) -> 0 | CZ65: =(((S65+R65)*AU65)/100) -> 0 | DN65: 0 | DO65: 0 | DP65: 1 | DQ65: 1 | DU65: 1013 | DV65: ШТ | DW65: ШТ | DX65: 1 | EE65: 27028964 | EF65: 16 | EG65: Строка по умолчанию | EH65: 0 | EJ65: 4 | EK65: 0 | EL65: Прочие работы | EM65: по умолчанию | EQ65: 512 | ER65: 346.69 | ES65: 346.69 | ET65: 0 | EU65: 0 | EV65: 0 | EW65: 0 | EX65: 0 | EZ65: 5 | FC65: 0 | FD65: 18 | FF65: 2669.49 | FQ65: 0 | FR65: =ROUND(IF(AND(BH65=3,BI65=3),P65,0),2) -> 0 | FS65: 0 | FX65: 0 | FY65: 0 | GA65: [2 669,49 / 7,7] | GD65: 0 | GF65: 220037018 | GG65: 1 | GH65: 3 | GI65: 3 | GJ65: 0 | GK65: =ROUND(R65*(S12)/100,2) -> 0 | GL65: =ROUND(IF(AND(BH65=3,BI65=3,FS65<>0),P65,0),2) -> 0 | GM65: =ROUND(O65+X65+Y65+GK65,2)+GX65 -> 2669.51 | GN65: =IF(OR(BI65=0,BI65=1),ROUND(O65+X65+Y65+GK65,2),0) -> 0 | GO65: =IF(BI65=2,ROUND(O65+X65+Y65+GK65,2),0) -> 0 | GP65: =IF(BI65=4,ROUND(O65+X65+Y65+GK65,2)+GX65,0) -> 2669.51 | GR65: 1 | GS65: 1 | GT65: 0 | GV65: =ROUND(GT65,2) -> 0 | GW65: 1 | GX65: =ROUND(GV65*GW65*I65,2) -> 0 | HA65: 0 | HB65: 0 | IK65: 0
A66: 18 | B66: 1 | C66: 159 | E66: 8,3 | F66: Цена поставщика | G66: Переход 1300х400-1000х700, l=500 мм | H66: ШТ | I66: =I60*J66 -> 1 | J66: 1.1682243 | O66: =ROUND(CP66,2) -> 462.25 | P66: =ROUND(CQ66*I66,2) -> 462.25 | Q66: =ROUND(CR66*I66,2) -> 0 | R66: =ROUND(CS66*I66,2) -> 0 | S66: =ROUND(CT66*I66,2) -> 0 | T66: =ROUND(CU66*I66,2) -> 0 | U66: =CV66*I66 -> 0 | V66: =CW66*I66 -> 0 | W66: =ROUND(CX66*I66,2) -> 0 | X66: =ROUND(CY66,2) -> 0 | Y66: =ROUND(CZ66,2) -> 0 | AA66: 27795993 | AB66: =ROUND((AC66+AD66+AF66),2) -> 462.25 | AC66: =ROUND((ES66),2) -> 462.25 | AD66: =ROUND((((ET66)-(EU66))+AE66),2) -> 0 | AE66: =ROUND((EU66),2) -> 0 | AF66: =ROUND((EV66),2) -> 0 | AG66: =ROUND((AP66),2) -> 0 | AH66: =(EW66) -> 0 | AI66: =(EX66) -> 0 | AJ66: =ROUND((AS66),2) -> 0 | AK66: 462.25 | AL66: 462.25 | AM66: 0 | AN66: 0 | AO66: 0 | AP66: 0 | AQ66: 0 | AR66: 0 | AS66: 0 | AT66: 0 | AU66: 0 | AV66: 1 | AW66: 1 | AZ66: 1 | BA66: 1 | BB66: 1 | BC66: 1 | BH66: 3 | BI66: 4 | BM66: 0 | BN66: 0 | BP66: 0 | BQ66: 16 | BR66: 0 | BS66: 1 | BT66: 1 | BU66: 1 | BV66: 1 | BW66: 1 | BX66: 1 | BZ66: 0 | CA66: 0 | CF66: 0 | CG66: 0 | CM66: 0 | CO66: 0 | CP66: =(P66+Q66+S66) -> 462.25 | CQ66: =AC66*BC66 -> 462.25 | CR66: =AD66*BB66 -> 0 | CS66: =AE66*BS66 -> 0 | CT66: =AF66*BA66 -> 0 | CU66: =AG66 -> 0 | CV66: =AH66 -> 0 | CW66: =AI66 -> 0 | CX66: =AJ66 -> 0 | CY66: =(((S66+R66)*AT66)/100) -> 0 | CZ66: =(((S66+R66)*AU66)/100) -> 0 | DN66: 0 | DO66: 0 | DP66: 1 | DQ66: 1 | DU66: 1013 | DV66: ШТ | DW66: ШТ | DX66: 1 | EE66: 27028964 | EF66: 16 | EG66: Строка по умолчанию | EH66: 0 | EJ66: 4 | EK66: 0 | EL66: Прочие работы | EM66: по умолчанию | EQ66: 512 | ER66: 462.25 | ES66: 462.25 | ET66: 0 | EU66: 0 | EV66: 0 | EW66: 0 | EX66: 0 | FQ66: 0 | FR66: =ROUND(IF(AND(BH66=3,BI66=3),P66,0),2) -> 0 | FS66: 0 | FX66: 0 | FY66: 0 | GA66: занесена вручную | GD66: 0 | GF66: 1103295669 | GG66: 2 | GH66: 0 | GI66: -2 | GJ66: 0 | GK66: =ROUND(R66*(R12)/100,2) -> 0 | GL66: =ROUND(IF(AND(BH66=3,BI66=3,FS66<>0),P66,0),2) -> 0 | GM66: =ROUND(O66+X66+Y66+GK66,2)+GX66 -> 462.25 | GN66: =IF(OR(BI66=0,BI66=1),ROUND(O66+X66+Y66+GK66,2),0) -> 0 | GO66: =IF(BI66=2,ROUND(O66+X66+Y66+GK66,2),0) -> 0 | GP66: =IF(BI66=4,ROUND(O66+X66+Y66+GK66,2)+GX66,0) -> 462.25 | GR66: 0 | GS66: 4 | GT66: 0 | GV66: =ROUND(GT66,2) -> 0 | GW66: 1 | GX66: =ROUND(GV66*GW66*I66,2) -> 0 | HA66: 0 | HB66: 0 | IK66: 0
A67: 18 | B67: 1 | C67: 176 | E67: 8,3 | F67: Цена поставщика | G67: Переход 1300х400-1000х700, l=500 мм | H67: ШТ | I67: =I61*J67 -> 1 | J67: 1.1682243 | O67: =ROUND(CP67,2) -> 3559.33 | P67: =ROUND(CQ67*I67,2) -> 3559.33 | Q67: =ROUND(CR67*I67,2) -> 0 | R67: =ROUND(CS67*I67,2) -> 0 | S67: =ROUND(CT67*I67,2) -> 0 | T67: =ROUND(CU67*I67,2) -> 0 | U67: =CV67*I67 -> 0 | V67: =CW67*I67 -> 0 | W67: =ROUND(CX67*I67,2) -> 0 | X67: =ROUND(CY67,2) -> 0 | Y67: =ROUND(CZ67,2) -> 0 | AA67: 27796868 | AB67: =ROUND((AC67+AD67+AF67),2) -> 462.25 | AC67: =ROUND((ES67),2) -> 462.25 | AD67: =ROUND((((ET67)-(EU67))+AE67),2) -> 0 | AE67: =ROUND((EU67),2) -> 0 | AF67: =ROUND((EV67),2) -> 0 | AG67: =ROUND((AP67),2) -> 0 | AH67: =(EW67) -> 0 | AI67: =(EX67) -> 0 | AJ67: =ROUND((AS67),2) -> 0 | AK67: 462.25 | AL67: 462.25 | AM67: 0 | AN67: 0 | AO67: 0 | AP67: 0 | AQ67: 0 | AR67: 0 | AS67: 0 | AT67: 0 | AU67: 0 | AV67: 1 | AW67: 1 | AZ67: 7.7 | BA67: 1 | BB67: 1 | BC67: 7.7 | BH67: 3 | BI67: 4 | BM67: 0 | BN67: 0 | BP67: 0 | BQ67: 16 | BR67: 0 | BS67: 1 | BT67: 1 | BU67: 1 | BV67: 1 | BW67: 1 | BX67: 1 | BZ67: 0 | CA67: 0 | CF67: 0 | CG67: 0 | CM67: 0 | CO67: 0 | CP67: =(P67+Q67+S67) -> 3559.33 | CQ67: =AC67*BC67 -> 3559.325 | CR67: =AD67*BB67 -> 0 | CS67: =AE67*BS67 -> 0 | CT67: =AF67*BA67 -> 0 | CU67: =AG67 -> 0 | CV67: =AH67 -> 0 | CW67: =AI67 -> 0 | CX67: =AJ67 -> 0 | CY67: =(((S67+R67)*AT67)/100) -> 0 | CZ67: =(((S67+R67)*AU67)/100) -> 0 | DN67: 0 | DO67: 0 | DP67: 1 | DQ67: 1 | DU67: 1013 | DV67: ШТ | DW67: ШТ | DX67: 1 | EE67: 27028964 | EF67: 16 | EG67: Строка по умолчанию | EH67: 0 | EJ67: 4 | EK67: 0 | EL67: Прочие работы | EM67: по умолчанию | EQ67: 512 | ER67: 462.25 | ES67: 462.25 | ET67: 0 | EU67: 0 | EV67: 0 | EW67: 0 | EX67: 0 | EZ67: 5 | FC67: 0 | FD67: 18 | FF67: 3559.32 | FQ67: 0 | FR67: =ROUND(IF(AND(BH67=3,BI67=3),P67,0),2) -> 0 | FS67: 0 | FX67: 0 | FY67: 0 | GA67: [3 559,32 / 7,7] | GD67: 0 | GF67: 1103295669 | GG67: 1 | GH67: 3 | GI67: 3 | GJ67: 0 | GK67: =ROUND(R67*(S12)/100,2) -> 0 | GL67: =ROUND(IF(AND(BH67=3,BI67=3,FS67<>0),P67,0),2) -> 0 | GM67: =ROUND(O67+X67+Y67+GK67,2)+GX67 -> 3559.33 | GN67: =IF(OR(BI67=0,BI67=1),ROUND(O67+X67+Y67+GK67,2),0) -> 0 | GO67: =IF(BI67=2,ROUND(O67+X67+Y67+GK67,2),0) -> 0 | GP67: =IF(BI67=4,ROUND(O67+X67+Y67+GK67,2)+GX67,0) -> 3559.33 | GR67: 1 | GS67: 1 | GT67: 0 | GV67: =ROUND(GT67,2) -> 0 | GW67: 1 | GX67: =ROUND(GV67*GW67*I67,2) -> 0 | HA67: 0 | HB67: 0 | IK67: 0
A68: 18 | B68: 1 | C68: 160 | E68: 8,4 | F68: Цена поставщика | G68: Отвод 90 1000х700 | H68: ШТ | I68: =I60*J68 -> 2 | J68: 2.3364486 | O68: =ROUND(CP68,2) -> 1617.88 | P68: =ROUND(CQ68*I68,2) -> 1617.88 | Q68: =ROUND(CR68*I68,2) -> 0 | R68: =ROUND(CS68*I68,2) -> 0 | S68: =ROUND(CT68*I68,2) -> 0 | T68: =ROUND(CU68*I68,2) -> 0 | U68: =CV68*I68 -> 0 | V68: =CW68*I68 -> 0 | W68: =ROUND(CX68*I68,2) -> 0 | X68: =ROUND(CY68,2) -> 0 | Y68: =ROUND(CZ68,2) -> 0 | AA68: 27795993 | AB68: =ROUND((AC68+AD68+AF68),2) -> 808.94 | AC68: =ROUND((ES68),2) -> 808.94 | AD68: =ROUND((((ET68)-(EU68))+AE68),2) -> 0 | AE68: =ROUND((EU68),2) -> 0 | AF68: =ROUND((EV68),2) -> 0 | AG68: =ROUND((AP68),2) -> 0 | AH68: =(EW68) -> 0 | AI68: =(EX68) -> 0 | AJ68: =ROUND((AS68),2) -> 0 | AK68: 808.94 | AL68: 808.94 | AM68: 0 | AN68: 0 | AO68: 0 | AP68: 0 | AQ68: 0 | AR68: 0 | AS68: 0 | AT68: 0 | AU68: 0 | AV68: 1 | AW68: 1 | AZ68: 1 | BA68: 1 | BB68: 1 | BC68: 1 | BH68: 3 | BI68: 4 | BM68: 0 | BN68: 0 | BP68: 0 | BQ68: 16 | BR68: 0 | BS68: 1 | BT68: 1 | BU68: 1 | BV68: 1 | BW68: 1 | BX68: 1 | BZ68: 0 | CA68: 0 | CF68: 0 | CG68: 0 | CM68: 0 | CO68: 0 | CP68: =(P68+Q68+S68) -> 1617.88 | CQ68: =AC68*BC68 -> 808.94 | CR68: =AD68*BB68 -> 0 | CS68: =AE68*BS68 -> 0 | CT68: =AF68*BA68 -> 0 | CU68: =AG68 -> 0 | CV68: =AH68 -> 0 | CW68: =AI68 -> 0 | CX68: =AJ68 -> 0 | CY68: =(((S68+R68)*AT68)/100) -> 0 | CZ68: =(((S68+R68)*AU68)/100) -> 0 | DN68: 0 | DO68: 0 | DP68: 1 | DQ68: 1 | DU68: 1013 | DV68: ШТ | DW68: ШТ | DX68: 1 | EE68: 27028964 | EF68: 16 | EG68: Строка по умолчанию | EH68: 0 | EJ68: 4 | EK68: 0 | EL68: Прочие работы | EM68: по умолчанию | EQ68: 512 | ER68: 808.94 | ES68: 808.94 | ET68: 0 | EU68: 0 | EV68: 0 | EW68: 0 | EX68: 0 | FQ68: 0 | FR68: =ROUND(IF(AND(BH68=3,BI68=3),P68,0),2) -> 0 | FS68: 0 | FX68: 0 | FY68: 0 | GA68: занесена вручную | GD68: 0 | GF68: 1082292134 | GG68: 2 | GH68: 0 | GI68: -2 | GJ68: 0 | GK68: =ROUND(R68*(R12)/100,2) -> 0 | GL68: =ROUND(IF(AND(BH68=3,BI68=3,FS68<>0),P68,0),2) -> 0 | GM68: =ROUND(O68+X68+Y68+GK68,2)+GX68 -> 1617.88 | GN68: =IF(OR(BI68=0,BI68=1),ROUND(O68+X68+Y68+GK68,2),0) -> 0 | GO68: =IF(BI68=2,ROUND(O68+X68+Y68+GK68,2),0) -> 0 | GP68: =IF(BI68=4,ROUND(O68+X68+Y68+GK68,2)+GX68,0) -> 1617.88 | GR68: 0 | GS68: 4 | GT68: 0 | GV68: =ROUND(GT68,2) -> 0 | GW68: 1 | GX68: =ROUND(GV68*GW68*I68,2) -> 0 | HA68: 0 | HB68: 0 | IK68: 0
A69: 18 | B69: 1 | C69: 177 | E69: 8,4 | F69: Цена поставщика | G69: Отвод 90 1000х700 | H69: ШТ | I69: =I61*J69 -> 2 | J69: 2.3364486 | O69: =ROUND(CP69,2) -> 12457.68 | P69: =ROUND(CQ69*I69,2) -> 12457.68 | Q69: =ROUND(CR69*I69,2) -> 0 | R69: =ROUND(CS69*I69,2) -> 0 | S69: =ROUND(CT69*I69,2) -> 0 | T69: =ROUND(CU69*I69,2) -> 0 | U69: =CV69*I69 -> 0 | V69: =CW69*I69 -> 0 | W69: =ROUND(CX69*I69,2) -> 0 | X69: =ROUND(CY69,2) -> 0 | Y69: =ROUND(CZ69,2) -> 0 | AA69: 27796868 | AB69: =ROUND((AC69+AD69+AF69),2) -> 808.94 | AC69: =ROUND((ES69),2) -> 808.94 | AD69: =ROUND((((ET69)-(EU69))+AE69),2) -> 0 | AE69: =ROUND((EU69),2) -> 0 | AF69: =ROUND((EV69),2) -> 0 | AG69: =ROUND((AP69),2) -> 0 | AH69: =(EW69) -> 0 | AI69: =(EX69) -> 0 | AJ69: =ROUND((AS69),2) -> 0 | AK69: 808.94 | AL69: 808.94 | AM69: 0 | AN69: 0 | AO69: 0 | AP69: 0 | AQ69: 0 | AR69: 0 | AS69: 0 | AT69: 0 | AU69: 0 | AV69: 1 | AW69: 1 | AZ69: 7.7 | BA69: 1 | BB69: 1 | BC69: 7.7 | BH69: 3 | BI69: 4 | BM69: 0 | BN69: 0 | BP69: 0 | BQ69: 16 | BR69: 0 | BS69: 1 | BT69: 1 | BU69: 1 | BV69: 1 | BW69: 1 | BX69: 1 | BZ69: 0 | CA69: 0 | CF69: 0 | CG69: 0 | CM69: 0 | CO69: 0 | CP69: =(P69+Q69+S69) -> 12457.68 | CQ69: =AC69*BC69 -> 6228.838 | CR69: =AD69*BB69 -> 0 | CS69: =AE69*BS69 -> 0 | CT69: =AF69*BA69 -> 0 | CU69: =AG69 -> 0 | CV69: =AH69 -> 0 | CW69: =AI69 -> 0 | CX69: =AJ69 -> 0 | CY69: =(((S69+R69)*AT69)/100) -> 0 | CZ69: =(((S69+R69)*AU69)/100) -> 0 | DN69: 0 | DO69: 0 | DP69: 1 | DQ69: 1 | DU69: 1013 | DV69: ШТ | DW69: ШТ | DX69: 1 | EE69: 27028964 | EF69: 16 | EG69: Строка по умолчанию | EH69: 0 | EJ69: 4 | EK69: 0 | EL69: Прочие работы | EM69: по умолчанию | EQ69: 512 | ER69: 808.94 | ES69: 808.94 | ET69: 0 | EU69: 0 | EV69: 0 | EW69: 0 | EX69: 0 | EZ69: 5 | FC69: 0 | FD69: 18 | FF69: 6228.81 | FQ69: 0 | FR69: =ROUND(IF(AND(BH69=3,BI69=3),P69,0),2) -> 0 | FS69: 0 | FX69: 0 | FY69: 0 | GA69: [6 228,81 / 7,7] | GD69: 0 | GF69: 1082292134 | GG69: 1 | GH69: 3 | GI69: 3 | GJ69: 0 | GK69: =ROUND(R69*(S12)/100,2) -> 0 | GL69: =ROUND(IF(AND(BH69=3,BI69=3,FS69<>0),P69,0),2) -> 0 | GM69: =ROUND(O69+X69+Y69+GK69,2)+GX69 -> 12457.68 | GN69: =IF(OR(BI69=0,BI69=1),ROUND(O69+X69+Y69+GK69,2),0) -> 0 | GO69: =IF(BI69=2,ROUND(O69+X69+Y69+GK69,2),0) -> 0 | GP69: =IF(BI69=4,ROUND(O69+X69+Y69+GK69,2)+GX69,0) -> 12457.68 | GR69: 1 | GS69: 1 | GT69: 0 | GV69: =ROUND(GT69,2) -> 0 | GW69: 1 | GX69: =ROUND(GV69*GW69*I69,2) -> 0 | HA69: 0 | HB69: 0 | IK69: 0
A70: 18 | B70: 1 | C70: 161 | E70: 8,5 | F70: Цена поставщика | G70: Отвод прямой 1300х400 нестандартный | H70: ШТ | I70: =I60*J70 -> 1 | J70: 1.1682243 | O70: =ROUND(CP70,2) -> 1074.73 | P70: =ROUND(CQ70*I70,2) -> 1074.73 | Q70: =ROUND(CR70*I70,2) -> 0 | R70: =ROUND(CS70*I70,2) -> 0 | S70: =ROUND(CT70*I70,2) -> 0 | T70: =ROUND(CU70*I70,2) -> 0 | U70: =CV70*I70 -> 0 | V70: =CW70*I70 -> 0 | W70: =ROUND(CX70*I70,2) -> 0 | X70: =ROUND(CY70,2) -> 0 | Y70: =ROUND(CZ70,2) -> 0 | AA70: 27795993 | AB70: =ROUND((AC70+AD70+AF70),2) -> 1074.73 | AC70: =ROUND((ES70),2) -> 1074.73 | AD70: =ROUND((((ET70)-(EU70))+AE70),2) -> 0 | AE70: =ROUND((EU70),2) -> 0 | AF70: =ROUND((EV70),2) -> 0 | AG70: =ROUND((AP70),2) -> 0 | AH70: =(EW70) -> 0 | AI70: =(EX70) -> 0 | AJ70: =ROUND((AS70),2) -> 0 | AK70: 1074.73 | AL70: 1074.73 | AM70: 0 | AN70: 0 | AO70: 0 | AP70: 0 | AQ70: 0 | AR70: 0 | AS70: 0 | AT70: 0 | AU70: 0 | AV70: 1 | AW70: 1 | AZ70: 1 | BA70: 1 | BB70: 1 | BC70: 1 | BH70: 3 | BI70: 4 | BM70: 0 | BN70: 0 | BP70: 0 | BQ70: 16 | BR70: 0 | BS70: 1 | BT70: 1 | BU70: 1 | BV70: 1 | BW70: 1 | BX70: 1 | BZ70: 0 | CA70: 0 | CF70: 0 | CG70: 0 | CM70: 0 | CO70: 0 | CP70: =(P70+Q70+S70) -> 1074.73 | CQ70: =AC70*BC70 -> 1074.73 | CR70: =AD70*BB70 -> 0 | CS70: =AE70*BS70 -> 0 | CT70: =AF70*BA70 -> 0 | CU70: =AG70 -> 0 | CV70: =AH70 -> 0 | CW70: =AI70 -> 0 | CX70: =AJ70 -> 0 | CY70: =(((S70+R70)*AT70)/100) -> 0 | CZ70: =(((S70+R70)*AU70)/100) -> 0 | DN70: 0 | DO70: 0 | DP70: 1 | DQ70: 1 | DU70: 1013 | DV70: ШТ | DW70: ШТ | DX70: 1 | EE70: 27028964 | EF70: 16 | EG70: Строка по умолчанию | EH70: 0 | EJ70: 4 | EK70: 0 | EL70: Прочие работы | EM70: по умолчанию | EQ70: 512 | ER70: 1074.73 | ES70: 1074.73 | ET70: 0 | EU70: 0 | EV70: 0 | EW70: 0 | EX70: 0 | FQ70: 0 | FR70: =ROUND(IF(AND(BH70=3,BI70=3),P70,0),2) -> 0 | FS70: 0 | FX70: 0 | FY70: 0 | GA70: занесена вручную | GD70: 0 | GF70: -441914636 | GG70: 2 | GH70: 0 | GI70: -2 | GJ70: 0 | GK70: =ROUND(R70*(R12)/100,2) -> 0 | GL70: =ROUND(IF(AND(BH70=3,BI70=3,FS70<>0),P70,0),2) -> 0 | GM70: =ROUND(O70+X70+Y70+GK70,2)+GX70 -> 1074.73 | GN70: =IF(OR(BI70=0,BI70=1),ROUND(O70+X70+Y70+GK70,2),0) -> 0 | GO70: =IF(BI70=2,ROUND(O70+X70+Y70+GK70,2),0) -> 0 | GP70: =IF(BI70=4,ROUND(O70+X70+Y70+GK70,2)+GX70,0) -> 1074.73 | GR70: 0 | GS70: 4 | GT70: 0 | GV70: =ROUND(GT70,2) -> 0 | GW70: 1 | GX70: =ROUND(GV70*GW70*I70,2) -> 0 | HA70: 0 | HB70: 0 | IK70: 0
A71: 18 | B71: 1 | C71: 178 | E71: 8,5 | F71: Цена поставщика | G71: Отвод прямой 1300х400 нестандартный | H71: ШТ | I71: =I61*J71 -> 1 | J71: 1.1682243 | O71: =ROUND(CP71,2) -> 8275.42 | P71: =ROUND(CQ71*I71,2) -> 8275.42 | Q71: =ROUND(CR71*I71,2) -> 0 | R71: =ROUND(CS71*I71,2) -> 0 | S71: =ROUND(CT71*I71,2) -> 0 | T71: =ROUND(CU71*I71,2) -> 0 | U71: =CV71*I71 -> 0 | V71: =CW71*I71 -> 0 | W71: =ROUND(CX71*I71,2) -> 0 | X71: =ROUND(CY71,2) -> 0 | Y71: =ROUND(CZ71,2) -> 0 | AA71: 27796868 | AB71: =ROUND((AC71+AD71+AF71),2) -> 1074.73 | AC71: =ROUND((ES71),2) -> 1074.73 | AD71: =ROUND((((ET71)-(EU71))+AE71),2) -> 0 | AE71: =ROUND((EU71),2) -> 0 | AF71: =ROUND((EV71),2) -> 0 | AG71: =ROUND((AP71),2) -> 0 | AH71: =(EW71) -> 0 | AI71: =(EX71) -> 0 | AJ71: =ROUND((AS71),2) -> 0 | AK71: 1074.73 | AL71: 1074.73 | AM71: 0 | AN71: 0 | AO71: 0 | AP71: 0 | AQ71: 0 | AR71: 0 | AS71: 0 | AT71: 0 | AU71: 0 | AV71: 1 | AW71: 1 | AZ71: 7.7 | BA71: 1 | BB71: 1 | BC71: 7.7 | BH71: 3 | BI71: 4 | BM71: 0 | BN71: 0 | BP71: 0 | BQ71: 16 | BR71: 0 | BS71: 1 | BT71: 1 | BU71: 1 | BV71: 1 | BW71: 1 | BX71: 1 | BZ71: 0 | CA71: 0 | CF71: 0 | CG71: 0 | CM71: 0 | CO71: 0 | CP71: =(P71+Q71+S71) -> 8275.42 | CQ71: =AC71*BC71 -> 8275.421 | CR71: =AD71*BB71 -> 0 | CS71: =AE71*BS71 -> 0 | CT71: =AF71*BA71 -> 0 | CU71: =AG71 -> 0 | CV71: =AH71 -> 0 | CW71: =AI71 -> 0 | CX71: =AJ71 -> 0 | CY71: =(((S71+R71)*AT71)/100) -> 0 | CZ71: =(((S71+R71)*AU71)/100) -> 0 | DN71: 0 | DO71: 0 | DP71: 1 | DQ71: 1 | DU71: 1013 | DV71: ШТ | DW71: ШТ | DX71: 1 | EE71: 27028964 | EF71: 16 | EG71: Строка по умолчанию | EH71: 0 | EJ71: 4 | EK71: 0 | EL71: Прочие работы | EM71: по умолчанию | EQ71: 512 | ER71: 1074.73 | ES71: 1074.73 | ET71: 0 | EU71: 0 | EV71: 0 | EW71: 0 | EX71: 0 | EZ71: 5 | FC71: 0 | FD71: 18 | FF71: 8275.42 | FQ71: 0 | FR71: =ROUND(IF(AND(BH71=3,BI71=3),P71,0),2) -> 0 | FS71: 0 | FX71: 0 | FY71: 0 | GA71: [8 275,42 / 7,7] | GD71: 0 | GF71: -441914636 | GG71: 1 | GH71: 3 | GI71: 3 | GJ71: 0 | GK71: =ROUND(R71*(S12)/100,2) -> 0 | GL71: =ROUND(IF(AND(BH71=3,BI71=3,FS71<>0),P71,0),2) -> 0 | GM71: =ROUND(O71+X71+Y71+GK71,2)+GX71 -> 8275.42 | GN71: =IF(OR(BI71=0,BI71=1),ROUND(O71+X71+Y71+GK71,2),0) -> 0 | GO71: =IF(BI71=2,ROUND(O71+X71+Y71+GK71,2),0) -> 0 | GP71: =IF(BI71=4,ROUND(O71+X71+Y71+GK71,2)+GX71,0) -> 8275.42 | GR71: 1 | GS71: 1 | GT71: 0 | GV71: =ROUND(GT71,2) -> 0 | GW71: 1 | GX71: =ROUND(GV71*GW71*I71,2) -> 0 | HA71: 0 | HB71: 0 | IK71: 0
A72: 18 | B72: 1 | C72: 157 | E72: 8,6 | F72: 19.1.01.11-0012 | G72: Крепления для воздуховодов тяги СТД 446 | H72: т | I72: =I60*J72 -> 0.976 | J72: 1.1401869 | O72: =ROUND(CP72,2) -> 29668.99 | P72: =ROUND(CQ72*I72,2) -> 29668.99 | Q72: =ROUND(CR72*I72,2) -> 0 | R72: =ROUND(CS72*I72,2) -> 0 | S72: =ROUND(CT72*I72,2) -> 0 | T72: =ROUND(CU72*I72,2) -> 0 | U72: =CV72*I72 -> 0 | V72: =CW72*I72 -> 0 | W72: =ROUND(CX72*I72,2) -> 0 | X72: =ROUND(CY72,2) -> 0 | Y72: =ROUND(CZ72,2) -> 0 | AA72: 27795993 | AB72: =ROUND((AC72+AD72+AF72),2) -> 30398.56 | AC72: =ROUND((ES72),2) -> 30398.56 | AD72: =ROUND((((ET72)-(EU72))+AE72),2) -> 0 | AE72: =ROUND((EU72),2) -> 0 | AF72: =ROUND((EV72),2) -> 0 | AG72: =ROUND((AP72),2) -> 0 | AH72: =(EW72) -> 0 | AI72: =(EX72) -> 0 | AJ72: =ROUND((AS72),2) -> 0 | AK72: 30398.56 | AL72: 30398.56 | AM72: 0 | AN72: 0 | AO72: 0 | AP72: 0 | AQ72: 0 | AR72: 0 | AS72: 0 | AT72: 128 | AU72: 83 | AV72: 1 | AW72: 1 | AZ72: 1 | BA72: 1 | BB72: 1 | BC72: 1 | BH72: 3 | BI72: 1 | BJ72: ФССЦ-2001, 19.1.01.11-0012, приказ Минстроя России №1039/пр от 30.12.2016г. | BM72: 20001 | BN72: 0 | BP72: 0 | BQ72: 2 | BR72: 0 | BS72: 1 | BT72: 1 | BU72: 1 | BV72: 1 | BW72: 1 | BX72: 1 | BZ72: 128 | CA72: 83 | CF72: 0 | CG72: 0 | CM72: 0 | CO72: 0 | CP72: =(P72+Q72+S72) -> 29668.99 | CQ72: =AC72*BC72 -> 30398.56 | CR72: =AD72*BB72 -> 0 | CS72: =AE72*BS72 -> 0 | CT72: =AF72*BA72 -> 0 | CU72: =AG72 -> 0 | CV72: =AH72 -> 0 | CW72: =AI72 -> 0 | CX72: =AJ72 -> 0 | CY72: =(((S72+R72)*AT72)/100) -> 0 | CZ72: =(((S72+R72)*AU72)/100) -> 0 | DN72: 0 | DO72: 0 | DP72: 1 | DQ72: 1 | DU72: 1009 | DV72: т | DW72: т | DX72: 1000 | EE72: 27029054 | EF72: 2 | EG72: Общестроительные работы | EH72: 0 | EJ72: 1 | EK72: 20001 | EL72: Вентиляция и кондиционирование | EM72: ФЕР-20 | EQ72: 512 | ER72: 30398.56 | ES72: 30398.56 | ET72: 0 | EU72: 0 | EV72: 0 | EW72: 0 | EX72: 0 | FQ72: 0 | FR72: =ROUND(IF(AND(BH72=3,BI72=3),P72,0),2) -> 0 | FS72: 0 | FX72: 128 | FY72: 83 | GD72: 0 | GF72: 374471662 | GG72: 2 | GH72: 1 | GI72: -2 | GJ72: 0 | GK72: =ROUND(R72*(R12)/100,2) -> 0 | GL72: =ROUND(IF(AND(BH72=3,BI72=3,FS72<>0),P72,0),2) -> 0 | GM72: =ROUND(O72+X72+Y72+GK72,2)+GX72 -> 29668.99 | GN72: =IF(OR(BI72=0,BI72=1),ROUND(O72+X72+Y72+GK72,2),0) -> 29668.99 | GO72: =IF(BI72=2,ROUND(O72+X72+Y72+GK72,2),0) -> 0 | GP72: =IF(BI72=4,ROUND(O72+X72+Y72+GK72,2)+GX72,0) -> 0 | GR72: 0 | GS72: 3 | GT72: 0 | GV72: =ROUND(GT72,2) -> 0 | GW72: 1 | GX72: =ROUND(GV72*GW72*I72,2) -> 0 | HA72: 0 | HB72: 0 | IK72: 0
A73: 18 | B73: 1 | C73: 174 | E73: 8,6 | F73: 19.1.01.11-0012 | G73: Крепления для воздуховодов тяги СТД 446 | H73: т | I73: =I61*J73 -> 0.976 | J73: 1.1401869 | O73: =ROUND(CP73,2) -> 228451.26 | P73: =ROUND(CQ73*I73,2) -> 228451.26 | Q73: =ROUND(CR73*I73,2) -> 0 | R73: =ROUND(CS73*I73,2) -> 0 | S73: =ROUND(CT73*I73,2) -> 0 | T73: =ROUND(CU73*I73,2) -> 0 | U73: =CV73*I73 -> 0 | V73: =CW73*I73 -> 0 | W73: =ROUND(CX73*I73,2) -> 0 | X73: =ROUND(CY73,2) -> 0 | Y73: =ROUND(CZ73,2) -> 0 | AA73: 27796868 | AB73: =ROUND((AC73+AD73+AF73),2) -> 30398.56 | AC73: =ROUND((ES73),2) -> 30398.56 | AD73: =ROUND((((ET73)-(EU73))+AE73),2) -> 0 | AE73: =ROUND((EU73),2) -> 0 | AF73: =ROUND((EV73),2) -> 0 | AG73: =ROUND((AP73),2) -> 0 | AH73: =(EW73) -> 0 | AI73: =(EX73) -> 0 | AJ73: =ROUND((AS73),2) -> 0 | AK73: 30398.56 | AL73: 30398.56 | AM73: 0 | AN73: 0 | AO73: 0 | AP73: 0 | AQ73: 0 | AR73: 0 | AS73: 0 | AT73: 128 | AU73: 83 | AV73: 1 | AW73: 1 | AZ73: 7.7 | BA73: 1 | BB73: 1 | BC73: 7.7 | BH73: 3 | BI73: 1 | BJ73: ФССЦ-2001, 19.1.01.11-0012, приказ Минстроя России №1039/пр от 30.12.2016г. | BM73: 20001 | BN73: 0 | BP73: 0 | BQ73: 2 | BR73: 0 | BS73: 1 | BT73: 1 | BU73: 1 | BV73: 1 | BW73: 1 | BX73: 1 | BZ73: 128 | CA73: 83 | CF73: 0 | CG73: 0 | CM73: 0 | CO73: 0 | CP73: =(P73+Q73+S73) -> 228451.26 | CQ73: =AC73*BC73 -> 234068.91 | CR73: =AD73*BB73 -> 0 | CS73: =AE73*BS73 -> 0 | CT73: =AF73*BA73 -> 0 | CU73: =AG73 -> 0 | CV73: =AH73 -> 0 | CW73: =AI73 -> 0 | CX73: =AJ73 -> 0 | CY73: =(((S73+R73)*AT73)/100) -> 0 | CZ73: =(((S73+R73)*AU73)/100) -> 0 | DN73: 0 | DO73: 0 | DP73: 1 | DQ73: 1 | DU73: 1009 | DV73: т | DW73: т | DX73: 1000 | EE73: 27029054 | EF73: 2 | EG73: Общестроительные работы | EH73: 0 | EJ73: 1 | EK73: 20001 | EL73: Вентиляция и кондиционирование | EM73: ФЕР-20 | EQ73: 512 | ER73: 30398.56 | ES73: 30398.56 | ET73: 0 | EU73: 0 | EV73: 0 | EW73: 0 | EX73: 0 | FQ73: 0 | FR73: =ROUND(IF(AND(BH73=3,BI73=3),P73,0),2) -> 0 | FS73: 0 | FX73: 128 | FY73: 83 | GD73: 0 | GF73: 374471662 | GG73: 1 | GH73: 1 | GI73: 4 | GJ73: 0 | GK73: =ROUND(R73*(S12)/100,2) -> 0 | GL73: =ROUND(IF(AND(BH73=3,BI73=3,FS73<>0),P73,0),2) -> 0 | GM73: =ROUND(O73+X73+Y73+GK73,2)+GX73 -> 228451.26 | GN73: =IF(OR(BI73=0,BI73=1),ROUND(O73+X73+Y73+GK73,2),0) -> 228451.26 | GO73: =IF(BI73=2,ROUND(O73+X73+Y73+GK73,2),0) -> 0 | GP73: =IF(BI73=4,ROUND(O73+X73+Y73+GK73,2)+GX73,0) -> 0 | GR73: 0 | GS73: 3 | GT73: 0 | GV73: =ROUND(GT73,2) -> 0 | GW73: 1 | GX73: =ROUND(GV73*GW73*I73,2) -> 0 | HA73: 0 | HB73: 0 | IK73: 0
A74: 17 | B74: 1 | C74: =ROW(SmtRes!A188) -> 188 | D74: =ROW(EtalonRes!A192) -> 192 | E74: 9 | F74: 26-01-049-02 | G74: Покрытие поверхности изоляции трубопроводов сталью оцинкованной | H74: 100 м2 | I74: 0.801 | J74: 0 | O74: =ROUND(CP74,2) -> 2783.41 | P74: =ROUND(CQ74*I74,2) -> 496.52 | Q74: =ROUND(CR74*I74,2) -> 893.57 | R74: =ROUND(CS74*I74,2) -> 12.05 | S74: =ROUND(CT74*I74,2) -> 1393.32 | T74: =ROUND(CU74*I74,2) -> 0 | U74: =CV74*I74 -> 142.75742 | V74: =CW74*I74 -> 1.038096 | W74: =ROUND(CX74*I74,2) -> 0 | X74: =ROUND(CY74,2) -> 1405.37 | Y74: =ROUND(CZ74,2) -> 983.76 | AA74: 27795993 | AB74: =ROUND((AC74+AD74+AF74),2) -> 3474.92 | AC74: =ROUND((ES74),2) -> 619.88 | AD74: =ROUND(((((ET74*1.2))-((EU74*1.2)))+AE74),2) -> 1115.57 | AE74: =ROUND(((EU74*1.2)),2) -> 15.04 | AF74: =ROUND(((EV74*1.2)),2) -> 1739.47 | AG74: =ROUND((AP74),2) -> 0 | AH74: =((EW74*1.2)) -> 178.224 | AI74: =((EX74*1.2)) -> 1.296 | AJ74: =ROUND((AS74),2) -> 0 | AK74: 2999.08 | AL74: 619.88 | AM74: 929.64 | AN74: 12.53 | AO74: 1449.56 | AP74: 0 | AQ74: 148.52 | AR74: 1.08 | AS74: 0 | AT74: 100 | AU74: 70 | AV74: 1 | AW74: 1 | AZ74: 1 | BA74: 1 | BB74: 1 | BC74: 1 | BH74: 0 | BI74: 1 | BJ74: ФЕР-2001, 26-01-049-02, приказ Минстроя России №1039/пр от 30.12.2016г. | BM74: 26001 | BN74: 0 | BP74: 0 | BQ74: 2 | BR74: 0 | BS74: 1 | BT74: 1 | BU74: 1 | BV74: 1 | BW74: 1 | BX74: 1 | BZ74: 100 | CA74: 70 | CF74: 0 | CG74: 0 | CM74: 0 | CN74: Поправка: МДС 81-35.2004, прил.1, т.1, п.2 Наименование: Производство строительных и других работ в существующих зданиях и сооружениях, освобожденных от оборудования и других предметов, мешающих нормальному производству работ. | CO74: 0 | CP74: =(P74+Q74+S74) -> 2783.41 | CQ74: =AC74*BC74 -> 619.88 | CR74: =AD74*BB74 -> 1115.57 | CS74: =AE74*BS74 -> 15.04 | CT74: =AF74*BA74 -> 1739.47 | CU74: =AG74 -> 0 | CV74: =AH74 -> 178.224 | CW74: =AI74 -> 1.296 | CX74: =AJ74 -> 0 | CY74: =(((S74+R74)*AT74)/100) -> 1405.37 | CZ74: =(((S74+R74)*AU74)/100) -> 983.759 | DE74: )*1,2 | DF74: )*1,2 | DG74: )*1,2 | DI74: )*1,2 | DJ74: )*1,2 | DN74: 0 | DO74: 0 | DP74: 1 | DQ74: 1 | DU74: 1005 | DV74: 100 м2 | DW74: 100 м2 | DX74: 100 | EE74: 27029063 | EF74: 2 | EG74: Общестроительные работы | EH74: 0 | EJ74: 1 | EK74: 26001 | EL74: Теплоизоляционные работы | EM74: ФЕР-26 | EO74: Поправка: МДС 81-35.2004, прил.1, т.1, п.2 | EQ74: 0 | ER74: 2999.08 | ES74: 619.88 | ET74: 929.64 | EU74: 12.53 | EV74: 1449.56 | EW74: 148.52 | EX74: 1.08 | EY74: 0 | FQ74: 0 | FR74: =ROUND(IF(AND(BH74=3,BI74=3),P74,0),2) -> 0 | FS74: 0 | FX74: 100 | FY74: 70 | GD74: 0 | GF74: -1408409851 | GG74: 2 | GH74: 1 | GI74: -2 | GJ74: 0 | GK74: =ROUND(R74*(R12)/100,2) -> 0 | GL74: =ROUND(IF(AND(BH74=3,BI74=3,FS74<>0),P74,0),2) -> 0 | GM74: =ROUND(O74+X74+Y74+GK74,2)+GX74 -> 5172.54 | GN74: =IF(OR(BI74=0,BI74=1),ROUND(O74+X74+Y74+GK74,2),0) -> 5172.54 | GO74: =IF(BI74=2,ROUND(O74+X74+Y74+GK74,2),0) -> 0 | GP74: =IF(BI74=4,ROUND(O74+X74+Y74+GK74,2)+GX74,0) -> 0 | GR74: 0 | GS74: 3 | GT74: 0 | GV74: =ROUND(GT74,2) -> 0 | GW74: 1 | GX74: =ROUND(GV74*GW74*I74,2) -> 0 | HA74: 0 | HB74: 0 | IK74: 0
A75: 17 | B75: 1 | C75: =ROW(SmtRes!A198) -> 198 | D75: =ROW(EtalonRes!A202) -> 202 | E75: 9 | F75: 26-01-049-02 | G75: Покрытие поверхности изоляции трубопроводов сталью оцинкованной | H75: 100 м2 | I75: 0.801 | J75: 0 | O75: =ROUND(CP75,2) -> 21432.26 | P75: =ROUND(CQ75*I75,2) -> 3823.23 | Q75: =ROUND(CR75*I75,2) -> 6880.5 | R75: =ROUND(CS75*I75,2) -> 92.76 | S75: =ROUND(CT75*I75,2) -> 10728.53 | T75: =ROUND(CU75*I75,2) -> 0 | U75: =CV75*I75 -> 142.75742 | V75: =CW75*I75 -> 1.038096 | W75: =ROUND(CX75*I75,2) -> 0 | X75: =ROUND(CY75,2) -> 10821.29 | Y75: =ROUND(CZ75,2) -> 7574.9 | AA75: 27796868 | AB75: =ROUND((AC75+AD75+AF75),2) -> 3474.92 | AC75: =ROUND((ES75),2) -> 619.88 | AD75: =ROUND(((((ET75*1.2))-((EU75*1.2)))+AE75),2) -> 1115.57 | AE75: =ROUND(((EU75*1.2)),2) -> 15.04 | AF75: =ROUND(((EV75*1.2)),2) -> 1739.47 | AG75: =ROUND((AP75),2) -> 0 | AH75: =((EW75*1.2)) -> 178.224 | AI75: =((EX75*1.2)) -> 1.296 | AJ75: =ROUND((AS75),2) -> 0 | AK75: 2999.08 | AL75: 619.88 | AM75: 929.64 | AN75: 12.53 | AO75: 1449.56 | AP75: 0 | AQ75: 148.52 | AR75: 1.08 | AS75: 0 | AT75: 100 | AU75: 70 | AV75: 1 | AW75: 1 | AZ75: 7.7 | BA75: 7.7 | BB75: 7.7 | BC75: 7.7 | BH75: 0 | BI75: 1 | BJ75: ФЕР-2001, 26-01-049-02, приказ Минстроя России №1039/пр от 30.12.2016г. | BM75: 26001 | BN75: 0 | BP75: 0 | BQ75: 2 | BR75: 0 | BS75: 7.7 | BT75: 1 | BU75: 1 | BV75: 1 | BW75: 1 | BX75: 1 | BZ75: 100 | CA75: 70 | CF75: 0 | CG75: 0 | CM75: 0 | CN75: Поправка: МДС 81-35.2004, прил.1, т.1, п.2 Наименование: Производство строительных и других работ в существующих зданиях и сооружениях, освобожденных от оборудования и других предметов, мешающих нормальному производству работ. | CO75: 0 | CP75: =(P75+Q75+S75) -> 21432.26 | CQ75: =AC75*BC75 -> 4773.076 | CR75: =AD75*BB75 -> 8589.889 | CS75: =AE75*BS75 -> 115.808 | CT75: =AF75*BA75 -> 13393.919 | CU75: =AG75 -> 0 | CV75: =AH75 -> 178.224 | CW75: =AI75 -> 1.296 | CX75: =AJ75 -> 0 | CY75: =(((S75+R75)*AT75)/100) -> 10821.29 | CZ75: =(((S75+R75)*AU75)/100) -> 7574.903 | DE75: )*1,2 | DF75: )*1,2 | DG75: )*1,2 | DI75: )*1,2 | DJ75: )*1,2 | DN75: 0 | DO75: 0 | DP75: 1 | DQ75: 1 | DU75: 1005 | DV75: 100 м2 | DW75: 100 м2 | DX75: 100 | EE75: 27029063 | EF75: 2 | EG75: Общестроительные работы | EH75: 0 | EJ75: 1 | EK75: 26001 | EL75: Теплоизоляционные работы | EM75: ФЕР-26 | EO75: Поправка: МДС 81-35.2004, прил.1, т.1, п.2 | EQ75: 0 | ER75: 2999.08 | ES75: 619.88 | ET75: 929.64 | EU75: 12.53 | EV75: 1449.56 | EW75: 148.52 | EX75: 1.08 | EY75: 0 | FQ75: 0 | FR75: =ROUND(IF(AND(BH75=3,BI75=3),P75,0),2) -> 0 | FS75: 0 | FX75: 100 | FY75: 70 | GD75: 0 | GF75: -1408409851 | GG75: 1 | GH75: 1 | GI75: 4 | GJ75: 0 | GK75: =ROUND(R75*(S12)/100,2) -> 0 | GL75: =ROUND(IF(AND(BH75=3,BI75=3,FS75<>0),P75,0),2) -> 0 | GM75: =ROUND(O75+X75+Y75+GK75,2)+GX75 -> 39828.45 | GN75: =IF(OR(BI75=0,BI75=1),ROUND(O75+X75+Y75+GK75,2),0) -> 39828.45 | GO75: =IF(BI75=2,ROUND(O75+X75+Y75+GK75,2),0) -> 0 | GP75: =IF(BI75=4,ROUND(O75+X75+Y75+GK75,2)+GX75,0) -> 0 | GR75: 0 | GS75: 3 | GT75: 0 | GV75: =ROUND(GT75,2) -> 0 | GW75: 1 | GX75: =ROUND(GV75*GW75*I75,2) -> 0 | HA75: 0 | HB75: 0 | IK75: 0
A76: 18 | B76: 1 | C76: 186 | E76: 9,1 | F76: 08.3.05.05-0005 | G76: Лист оцинкованный плоский размером 2х1,25 м, толщиной: 0,9 мм | H76: м2 | I76: =I74*J76 -> 97.722 | J76: 122 | O76: =ROUND(CP76,2) -> 5690.35 | P76: =ROUND(CQ76*I76,2) -> 5690.35 | Q76: =ROUND(CR76*I76,2) -> 0 | R76: =ROUND(CS76*I76,2) -> 0 | S76: =ROUND(CT76*I76,2) -> 0 | T76: =ROUND(CU76*I76,2) -> 0 | U76: =CV76*I76 -> 0 | V76: =CW76*I76 -> 0 | W76: =ROUND(CX76*I76,2) -> 0 | X76: =ROUND(CY76,2) -> 0 | Y76: =ROUND(CZ76,2) -> 0 | AA76: 27795993 | AB76: =ROUND((AC76+AD76+AF76),2) -> 58.23 | AC76: =ROUND((ES76),2) -> 58.23 | AD76: =ROUND((((ET76)-(EU76))+AE76),2) -> 0 | AE76: =ROUND((EU76),2) -> 0 | AF76: =ROUND((EV76),2) -> 0 | AG76: =ROUND((AP76),2) -> 0 | AH76: =(EW76) -> 0 | AI76: =(EX76) -> 0 | AJ76: =ROUND((AS76),2) -> 0 | AK76: 58.23 | AL76: 58.23 | AM76: 0 | AN76: 0 | AO76: 0 | AP76: 0 | AQ76: 0 | AR76: 0 | AS76: 0 | AT76: 95 | AU76: 50 | AV76: 1 | AW76: 1 | AZ76: 1 | BA76: 1 | BB76: 1 | BC76: 1 | BH76: 3 | BI76: 1 | BM76: 1 | BN76: 0 | BP76: 0 | BQ76: 2 | BR76: 0 | BS76: 1 | BT76: 1 | BU76: 1 | BV76: 1 | BW76: 1 | BX76: 1 | BZ76: 95 | CA76: 50 | CF76: 0 | CG76: 0 | CM76: 0 | CO76: 0 | CP76: =(P76+Q76+S76) -> 5690.35 | CQ76: =AC76*BC76 -> 58.23 | CR76: =AD76*BB76 -> 0 | CS76: =AE76*BS76 -> 0 | CT76: =AF76*BA76 -> 0 | CU76: =AG76 -> 0 | CV76: =AH76 -> 0 | CW76: =AI76 -> 0 | CX76: =AJ76 -> 0 | CY76: =(((S76+R76)*AT76)/100) -> 0 | CZ76: =(((S76+R76)*AU76)/100) -> 0 | DN76: 0 | DO76: 0 | DP76: 1 | DQ76: 1 | DU76: 1005 | DV76: м2 | DW76: м2 | DX76: 1 | EE76: 27029165 | EF76: 2 | EG76: Общестроительные работы | EH76: 0 | EJ76: 1 | EK76: 1 | EL76: Земляные работы, выполняемые механизированным способом | EM76: ФЕР-01 (03) | EQ76: 512 | ER76: 58.23 | ES76: 58.23 | ET76: 0 | EU76: 0 | EV76: 0 | EW76: 0 | EX76: 0 | FQ76: 0 | FR76: =ROUND(IF(AND(BH76=3,BI76=3),P76,0),2) -> 0 | FS76: 0 | FX76: 95 | FY76: 50 | GD76: 0 | GF76: 102747261 | GG76: 2 | GH76: 0 | GI76: -2 | GJ76: 0 | GK76: =ROUND(R76*(R12)/100,2) -> 0 | GL76: =ROUND(IF(AND(BH76=3,BI76=3,FS76<>0),P76,0),2) -> 0 | GM76: =ROUND(O76+X76+Y76+GK76,2)+GX76 -> 5690.35 | GN76: =IF(OR(BI76=0,BI76=1),ROUND(O76+X76+Y76+GK76,2),0) -> 5690.35 | GO76: =IF(BI76=2,ROUND(O76+X76+Y76+GK76,2),0) -> 0 | GP76: =IF(BI76=4,ROUND(O76+X76+Y76+GK76,2)+GX76,0) -> 0 | GR76: 0 | GS76: 0 | GT76: 0 | GV76: =ROUND(GT76,2) -> 0 | GW76: 1 | GX76: =ROUND(GV76*GW76*I76,2) -> 0 | HA76: 0 | HB76: 0 | IK76: 0
A77: 18 | B77: 1 | C77: 196 | E77: 9,1 | F77: 08.3.05.05-0005 | G77: Лист оцинкованный плоский размером 2х1,25 м, толщиной: 0,9 мм | H77: м2 | I77: =I75*J77 -> 97.722 | J77: 122 | O77: =ROUND(CP77,2) -> 43815.71 | P77: =ROUND(CQ77*I77,2) -> 43815.71 | Q77: =ROUND(CR77*I77,2) -> 0 | R77: =ROUND(CS77*I77,2) -> 0 | S77: =ROUND(CT77*I77,2) -> 0 | T77: =ROUND(CU77*I77,2) -> 0 | U77: =CV77*I77 -> 0 | V77: =CW77*I77 -> 0 | W77: =ROUND(CX77*I77,2) -> 0 | X77: =ROUND(CY77,2) -> 0 | Y77: =ROUND(CZ77,2) -> 0 | AA77: 27796868 | AB77: =ROUND((AC77+AD77+AF77),2) -> 58.23 | AC77: =ROUND((ES77),2) -> 58.23 | AD77: =ROUND((((ET77)-(EU77))+AE77),2) -> 0 | AE77: =ROUND((EU77),2) -> 0 | AF77: =ROUND((EV77),2) -> 0 | AG77: =ROUND((AP77),2) -> 0 | AH77: =(EW77) -> 0 | AI77: =(EX77) -> 0 | AJ77: =ROUND((AS77),2) -> 0 | AK77: 58.23 | AL77: 58.23 | AM77: 0 | AN77: 0 | AO77: 0 | AP77: 0 | AQ77: 0 | AR77: 0 | AS77: 0 | AT77: 95 | AU77: 50 | AV77: 1 | AW77: 1 | AZ77: 7.7 | BA77: 1 | BB77: 1 | BC77: 7.7 | BH77: 3 | BI77: 1 | BM77: 1 | BN77: 0 | BP77: 0 | BQ77: 2 | BR77: 0 | BS77: 1 | BT77: 1 | BU77: 1 | BV77: 1 | BW77: 1 | BX77: 1 | BZ77: 95 | CA77: 50 | CF77: 0 | CG77: 0 | CM77: 0 | CO77: 0 | CP77: =(P77+Q77+S77) -> 43815.71 | CQ77: =AC77*BC77 -> 448.371 | CR77: =AD77*BB77 -> 0 | CS77: =AE77*BS77 -> 0 | CT77: =AF77*BA77 -> 0 | CU77: =AG77 -> 0 | CV77: =AH77 -> 0 | CW77: =AI77 -> 0 | CX77: =AJ77 -> 0 | CY77: =(((S77+R77)*AT77)/100) -> 0 | CZ77: =(((S77+R77)*AU77)/100) -> 0 | DN77: 0 | DO77: 0 | DP77: 1 | DQ77: 1 | DU77: 1005 | DV77: м2 | DW77: м2 | DX77: 1 | EE77: 27029165 | EF77: 2 | EG77: Общестроительные работы | EH77: 0 | EJ77: 1 | EK77: 1 | EL77: Земляные работы, выполняемые механизированным способом | EM77: ФЕР-01 (03) | EQ77: 512 | ER77: 58.23 | ES77: 58.23 | ET77: 0 | EU77: 0 | EV77: 0 | EW77: 0 | EX77: 0 | FQ77: 0 | FR77: =ROUND(IF(AND(BH77=3,BI77=3),P77,0),2) -> 0 | FS77: 0 | FX77: 95 | FY77: 50 | GD77: 0 | GF77: 102747261 | GG77: 1 | GH77: 0 | GI77: 4 | GJ77: 0 | GK77: =ROUND(R77*(S12)/100,2) -> 0 | GL77: =ROUND(IF(AND(BH77=3,BI77=3,FS77<>0),P77,0),2) -> 0 | GM77: =ROUND(O77+X77+Y77+GK77,2)+GX77 -> 43815.71 | GN77: =IF(OR(BI77=0,BI77=1),ROUND(O77+X77+Y77+GK77,2),0) -> 43815.71 | GO77: =IF(BI77=2,ROUND(O77+X77+Y77+GK77,2),0) -> 0 | GP77: =IF(BI77=4,ROUND(O77+X77+Y77+GK77,2)+GX77,0) -> 0 | GR77: 0 | GS77: 0 | GT77: 0 | GV77: =ROUND(GT77,2) -> 0 | GW77: 1 | GX77: =ROUND(GV77*GW77*I77,2) -> 0 | HA77: 0 | HB77: 0 | IK77: 0
A78: 17 | B78: 1 | C78: =ROW(SmtRes!A207) -> 207 | D78: =ROW(EtalonRes!A211) -> 211 | E78: 10 | F78: 26-02-008-04 | G78: Огнезащитное покрытие воздуховодов пастовым составом с пределом огнестойкости 1,5 часа, толщиной покрытия 8 мм | H78: 100 м2 | I78: 0.801 | J78: 0 | O78: =ROUND(CP78,2) -> 5655.46 | P78: =ROUND(CQ78*I78,2) -> 4530.22 | Q78: =ROUND(CR78*I78,2) -> 134.39 | R78: =ROUND(CS78*I78,2) -> 3.48 | S78: =ROUND(CT78*I78,2) -> 990.85 | T78: =ROUND(CU78*I78,2) -> 0 | U78: =CV78*I78 -> 111.83322 | V78: =CW78*I78 -> 0.346032 | W78: =ROUND(CX78*I78,2) -> 0 | X78: =ROUND(CY78,2) -> 994.33 | Y78: =ROUND(CZ78,2) -> 696.03 | AA78: 27795993 | AB78: =ROUND((AC78+AD78+AF78),2) -> 7060.5 | AC78: =ROUND(((ES78*2.25)),2) -> 5655.71 | AD78: =ROUND(((((ET78*1.2*2.25))-((EU78*1.2*2.25)))+AE78),2) -> 167.78 | AE78: =ROUND(((EU78*1.2*2.25)),2) -> 4.35 | AF78: =ROUND(((EV78*1.2*2.25)),2) -> 1237.01 | AG78: =ROUND((AP78),2) -> 0 | AH78: =((EW78*1.2*2.25)) -> 139.617 | AI78: =((EX78*1.2*2.25)) -> 0.432 | AJ78: =ROUND((AS78),2) -> 0 | AK78: 3033.94 | AL78: 2513.65 | AM78: 62.14 | AN78: 1.61 | AO78: 458.15 | AP78: 0 | AQ78: 51.71 | AR78: 0.16 | AS78: 0 | AT78: 100 | AU78: 70 | AV78: 1 | AW78: 1 | AZ78: 1 | BA78: 1 | BB78: 1 | BC78: 1 | BH78: 0 | BI78: 1 | BJ78: ФЕР-2001, 26-02-008-04, приказ Минстроя России №1039/пр от 30.12.2016г. | BM78: 26001 | BN78: 0 | BP78: 0 | BQ78: 2 | BR78: 0 | BS78: 1 | BT78: 1 | BU78: 1 | BV78: 1 | BW78: 1 | BX78: 1 | BZ78: 100 | CA78: 70 | CF78: 0 | CG78: 0 | CM78: 0 | CN78: Поправка: МДС 81-35.2004, прил.1, т.1, п.2 Наименование: Производство строительных и других работ в существующих зданиях и сооружениях, освобожденных от оборудования и других предметов, мешающих нормальному производству работ. | CO78: 0 | CP78: =(P78+Q78+S78) -> 5655.46 | CQ78: =AC78*BC78 -> 5655.71 | CR78: =AD78*BB78 -> 167.78 | CS78: =AE78*BS78 -> 4.35 | CT78: =AF78*BA78 -> 1237.01 | CU78: =AG78 -> 0 | CV78: =AH78 -> 139.617 | CW78: =AI78 -> 0.432 | CX78: =AJ78 -> 0 | CY78: =(((S78+R78)*AT78)/100) -> 994.33 | CZ78: =(((S78+R78)*AU78)/100) -> 696.031 | DD78: *2,25 | DE78: )*1,2*2,25 | DF78: )*1,2*2,25 | DG78: )*1,2*2,25 | DI78: )*1,2*2,25 | DJ78: )*1,2*2,25 | DN78: 0 | DO78: 0 | DP78: 1 | DQ78: 1 | DU78: 1005 | DV78: 100 м2 | DW78: 100 м2 | DX78: 100 | EE78: 27029063 | EF78: 2 | EG78: Общестроительные работы | EH78: 0 | EJ78: 1 | EK78: 26001 | EL78: Теплоизоляционные работы | EM78: ФЕР-26 | EO78: Поправка: МДС 81-35.2004, прил.1, т.1, п.2 | EQ78: 0 | ER78: 3033.94 | ES78: 2513.65 | ET78: 62.14 | EU78: 1.61 | EV78: 458.15 | EW78: 51.71 | EX78: 0.16 | EY78: 0 | FQ78: 0 | FR78: =ROUND(IF(AND(BH78=3,BI78=3),P78,0),2) -> 0 | FS78: 0 | FX78: 100 | FY78: 70 | GD78: 0 | GF78: 461406197 | GG78: 2 | GH78: 1 | GI78: -2 | GJ78: 0 | GK78: =ROUND(R78*(R12)/100,2) -> 0 | GL78: =ROUND(IF(AND(BH78=3,BI78=3,FS78<>0),P78,0),2) -> 0 | GM78: =ROUND(O78+X78+Y78+GK78,2)+GX78 -> 7345.82 | GN78: =IF(OR(BI78=0,BI78=1),ROUND(O78+X78+Y78+GK78,2),0) -> 7345.82 | GO78: =IF(BI78=2,ROUND(O78+X78+Y78+GK78,2),0) -> 0 | GP78: =IF(BI78=4,ROUND(O78+X78+Y78+GK78,2)+GX78,0) -> 0 | GR78: 0 | GS78: 3 | GT78: 0 | GV78: =ROUND(GT78,2) -> 0 | GW78: 1 | GX78: =ROUND(GV78*GW78*I78,2) -> 0 | HA78: 0 | HB78: 0 | IK78: 0
A79: 17 | B79: 1 | C79: =ROW(SmtRes!A216) -> 216 | D79: =ROW(EtalonRes!A220) -> 220 | E79: 10 | F79: 26-02-008-04 | G79: Огнезащитное покрытие воздуховодов пастовым составом с пределом огнестойкости 1,5 часа, толщиной покрытия 8 мм | H79: 100 м2 | I79: 0.801 | J79: 0 | O79: =ROUND(CP79,2) -> 43547.05 | P79: =ROUND(CQ79*I79,2) -> 34882.72 | Q79: =ROUND(CR79*I79,2) -> 1034.82 | R79: =ROUND(CS79*I79,2) -> 26.83 | S79: =ROUND(CT79*I79,2) -> 7629.51 | T79: =ROUND(CU79*I79,2) -> 0 | U79: =CV79*I79 -> 111.83322 | V79: =CW79*I79 -> 0.346032 | W79: =ROUND(CX79*I79,2) -> 0 | X79: =ROUND(CY79,2) -> 7656.34 | Y79: =ROUND(CZ79,2) -> 5359.44 | AA79: 27796868 | AB79: =ROUND((AC79+AD79+AF79),2) -> 7060.5 | AC79: =ROUND(((ES79*2.25)),2) -> 5655.71 | AD79: =ROUND(((((ET79*1.2*2.25))-((EU79*1.2*2.25)))+AE79),2) -> 167.78 | AE79: =ROUND(((EU79*1.2*2.25)),2) -> 4.35 | AF79: =ROUND(((EV79*1.2*2.25)),2) -> 1237.01 | AG79: =ROUND((AP79),2) -> 0 | AH79: =((EW79*1.2*2.25)) -> 139.617 | AI79: =((EX79*1.2*2.25)) -> 0.432 | AJ79: =ROUND((AS79),2) -> 0 | AK79: 3033.94 | AL79: 2513.65 | AM79: 62.14 | AN79: 1.61 | AO79: 458.15 | AP79: 0 | AQ79: 51.71 | AR79: 0.16 | AS79: 0 | AT79: 100 | AU79: 70 | AV79: 1 | AW79: 1 | AZ79: 7.7 | BA79: 7.7 | BB79: 7.7 | BC79: 7.7 | BH79: 0 | BI79: 1 | BJ79: ФЕР-2001, 26-02-008-04, приказ Минстроя России №1039/пр от 30.12.2016г. | BM79: 26001 | BN79: 0 | BP79: 0 | BQ79: 2 | BR79: 0 | BS79: 7.7 | BT79: 1 | BU79: 1 | BV79: 1 | BW79: 1 | BX79: 1 | BZ79: 100 | CA79: 70 | CF79: 0 | CG79: 0 | CM79: 0 | CN79: Поправка: МДС 81-35.2004, прил.1, т.1, п.2 Наименование: Производство строительных и других работ в существующих зданиях и сооружениях, освобожденных от оборудования и других предметов, мешающих нормальному производству работ. | CO79: 0 | CP79: =(P79+Q79+S79) -> 43547.05 | CQ79: =AC79*BC79 -> 43548.967 | CR79: =AD79*BB79 -> 1291.906 | CS79: =AE79*BS79 -> 33.495 | CT79: =AF79*BA79 -> 9524.977 | CU79: =AG79 -> 0 | CV79: =AH79 -> 139.617 | CW79: =AI79 -> 0.432 | CX79: =AJ79 -> 0 | CY79: =(((S79+R79)*AT79)/100) -> 7656.34 | CZ79: =(((S79+R79)*AU79)/100) -> 5359.438 | DD79: *2,25 | DE79: )*1,2*2,25 | DF79: )*1,2*2,25 | DG79: )*1,2*2,25 | DI79: )*1,2*2,25 | DJ79: )*1,2*2,25 | DN79: 0 | DO79: 0 | DP79: 1 | DQ79: 1 | DU79: 1005 | DV79: 100 м2 | DW79: 100 м2 | DX79: 100 | EE79: 27029063 | EF79: 2 | EG79: Общестроительные работы | EH79: 0 | EJ79: 1 | EK79: 26001 | EL79: Теплоизоляционные работы | EM79: ФЕР-26 | EO79: Поправка: МДС 81-35.2004, прил.1, т.1, п.2 | EQ79: 0 | ER79: 3033.94 | ES79: 2513.65 | ET79: 62.14 | EU79: 1.61 | EV79: 458.15 | EW79: 51.71 | EX79: 0.16 | EY79: 0 | FQ79: 0 | FR79: =ROUND(IF(AND(BH79=3,BI79=3),P79,0),2) -> 0 | FS79: 0 | FX79: 100 | FY79: 70 | GD79: 0 | GF79: 461406197 | GG79: 1 | GH79: 1 | GI79: 4 | GJ79: 0 | GK79: =ROUND(R79*(S12)/100,2) -> 0 | GL79: =ROUND(IF(AND(BH79=3,BI79=3,FS79<>0),P79,0),2) -> 0 | GM79: =ROUND(O79+X79+Y79+GK79,2)+GX79 -> 56562.83 | GN79: =IF(OR(BI79=0,BI79=1),ROUND(O79+X79+Y79+GK79,2),0) -> 56562.83 | GO79: =IF(BI79=2,ROUND(O79+X79+Y79+GK79,2),0) -> 0 | GP79: =IF(BI79=4,ROUND(O79+X79+Y79+GK79,2)+GX79,0) -> 0 | GR79: 0 | GS79: 3 | GT79: 0 | GV79: =ROUND(GT79,2) -> 0 | GW79: 1 | GX79: =ROUND(GV79*GW79*I79,2) -> 0 | HA79: 0 | HB79: 0 | IK79: 0
A80: 18 | B80: 1 | C80: 206 | E80: 10,1 | F80: 14.2.02.11-0028 | G80: Состав огнезащитный для воздуховодов, марка "ФИБРОГЕЙН" | H80: кг | I80: =I78*J80 -> 2162.7 | J80: 2700 | O80: =ROUND(CP80,2) -> 24265.49 | P80: =ROUND(CQ80*I80,2) -> 24265.49 | Q80: =ROUND(CR80*I80,2) -> 0 | R80: =ROUND(CS80*I80,2) -> 0 | S80: =ROUND(CT80*I80,2) -> 0 | T80: =ROUND(CU80*I80,2) -> 0 | U80: =CV80*I80 -> 0 | V80: =CW80*I80 -> 0 | W80: =ROUND(CX80*I80,2) -> 0 | X80: =ROUND(CY80,2) -> 0 | Y80: =ROUND(CZ80,2) -> 0 | AA80: 27795993 | AB80: =ROUND((AC80+AD80+AF80),2) -> 11.22 | AC80: =ROUND((ES80),2) -> 11.22 | AD80: =ROUND((((ET80)-(EU80))+AE80),2) -> 0 | AE80: =ROUND((EU80),2) -> 0 | AF80: =ROUND((EV80),2) -> 0 | AG80: =ROUND((AP80),2) -> 0 | AH80: =(EW80) -> 0 | AI80: =(EX80) -> 0 | AJ80: =ROUND((AS80),2) -> 0 | AK80: 11.22 | AL80: 11.22 | AM80: 0 | AN80: 0 | AO80: 0 | AP80: 0 | AQ80: 0 | AR80: 0 | AS80: 0 | AT80: 100 | AU80: 70 | AV80: 1 | AW80: 1 | AZ80: 1 | BA80: 1 | BB80: 1 | BC80: 1 | BH80: 3 | BI80: 1 | BJ80: ФССЦ-2001, 14.2.02.11-0028, приказ Минстроя России №1039/пр от 30.12.2016г. | BM80: 26001 | BN80: 0 | BP80: 0 | BQ80: 2 | BR80: 0 | BS80: 1 | BT80: 1 | BU80: 1 | BV80: 1 | BW80: 1 | BX80: 1 | BZ80: 100 | CA80: 70 | CF80: 0 | CG80: 0 | CM80: 0 | CO80: 0 | CP80: =(P80+Q80+S80) -> 24265.49 | CQ80: =AC80*BC80 -> 11.22 | CR80: =AD80*BB80 -> 0 | CS80: =AE80*BS80 -> 0 | CT80: =AF80*BA80 -> 0 | CU80: =AG80 -> 0 | CV80: =AH80 -> 0 | CW80: =AI80 -> 0 | CX80: =AJ80 -> 0 | CY80: =(((S80+R80)*AT80)/100) -> 0 | CZ80: =(((S80+R80)*AU80)/100) -> 0 | DN80: 0 | DO80: 0 | DP80: 1 | DQ80: 1 | DU80: 1009 | DV80: кг | DW80: кг | DX80: 1 | EE80: 27029063 | EF80: 2 | EG80: Общестроительные работы | EH80: 0 | EJ80: 1 | EK80: 26001 | EL80: Теплоизоляционные работы | EM80: ФЕР-26 | EQ80: 0 | ER80: 11.22 | ES80: 11.22 | ET80: 0 | EU80: 0 | EV80: 0 | EW80: 0 | EX80: 0 | FQ80: 0 | FR80: =ROUND(IF(AND(BH80=3,BI80=3),P80,0),2) -> 0 | FS80: 0 | FX80: 100 | FY80: 70 | GD80: 0 | GF80: 1042012327 | GG80: 2 | GH80: 1 | GI80: -2 | GJ80: 0 | GK80: =ROUND(R80*(R12)/100,2) -> 0 | GL80: =ROUND(IF(AND(BH80=3,BI80=3,FS80<>0),P80,0),2) -> 0 | GM80: =ROUND(O80+X80+Y80+GK80,2)+GX80 -> 24265.49 | GN80: =IF(OR(BI80=0,BI80=1),ROUND(O80+X80+Y80+GK80,2),0) -> 24265.49 | GO80: =IF(BI80=2,ROUND(O80+X80+Y80+GK80,2),0) -> 0 | GP80: =IF(BI80=4,ROUND(O80+X80+Y80+GK80,2)+GX80,0) -> 0 | GR80: 0 | GS80: 3 | GT80: 0 | GV80: =ROUND(GT80,2) -> 0 | GW80: 1 | GX80: =ROUND(GV80*GW80*I80,2) -> 0 | HA80: 0 | HB80: 0 | IK80: 0
A81: 18 | B81: 1 | C81: 215 | E81: 10,1 | F81: 14.2.02.11-0028 | G81: Состав огнезащитный для воздуховодов, марка "ФИБРОГЕЙН" | H81: кг | I81: =I79*J81 -> 2162.7 | J81: 2700 | O81: =ROUND(CP81,2) -> 186844.3 | P81: =ROUND(CQ81*I81,2) -> 186844.3 | Q81: =ROUND(CR81*I81,2) -> 0 | R81: =ROUND(CS81*I81,2) -> 0 | S81: =ROUND(CT81*I81,2) -> 0 | T81: =ROUND(CU81*I81,2) -> 0 | U81: =CV81*I81 -> 0 | V81: =CW81*I81 -> 0 | W81: =ROUND(CX81*I81,2) -> 0 | X81: =ROUND(CY81,2) -> 0 | Y81: =ROUND(CZ81,2) -> 0 | AA81: 27796868 | AB81: =ROUND((AC81+AD81+AF81),2) -> 11.22 | AC81: =ROUND((ES81),2) -> 11.22 | AD81: =ROUND((((ET81)-(EU81))+AE81),2) -> 0 | AE81: =ROUND((EU81),2) -> 0 | AF81: =ROUND((EV81),2) -> 0 | AG81: =ROUND((AP81),2) -> 0 | AH81: =(EW81) -> 0 | AI81: =(EX81) -> 0 | AJ81: =ROUND((AS81),2) -> 0 | AK81: 11.22 | AL81: 11.22 | AM81: 0 | AN81: 0 | AO81: 0 | AP81: 0 | AQ81: 0 | AR81: 0 | AS81: 0 | AT81: 100 | AU81: 70 | AV81: 1 | AW81: 1 | AZ81: 7.7 | BA81: 1 | BB81: 1 | BC81: 7.7 | BH81: 3 | BI81: 1 | BJ81: ФССЦ-2001, 14.2.02.11-0028, приказ Минстроя России №1039/пр от 30.12.2016г. | BM81: 26001 | BN81: 0 | BP81: 0 | BQ81: 2 | BR81: 0 | BS81: 1 | BT81: 1 | BU81: 1 | BV81: 1 | BW81: 1 | BX81: 1 | BZ81: 100 | CA81: 70 | CF81: 0 | CG81: 0 | CM81: 0 | CO81: 0 | CP81: =(P81+Q81+S81) -> 186844.3 | CQ81: =AC81*BC81 -> 86.394 | CR81: =AD81*BB81 -> 0 | CS81: =AE81*BS81 -> 0 | CT81: =AF81*BA81 -> 0 | CU81: =AG81 -> 0 | CV81: =AH81 -> 0 | CW81: =AI81 -> 0 | CX81: =AJ81 -> 0 | CY81: =(((S81+R81)*AT81)/100) -> 0 | CZ81: =(((S81+R81)*AU81)/100) -> 0 | DN81: 0 | DO81: 0 | DP81: 1 | DQ81: 1 | DU81: 1009 | DV81: кг | DW81: кг | DX81: 1 | EE81: 27029063 | EF81: 2 | EG81: Общестроительные работы | EH81: 0 | EJ81: 1 | EK81: 26001 | EL81: Теплоизоляционные работы | EM81: ФЕР-26 | EQ81: 0 | ER81: 11.22 | ES81: 11.22 | ET81: 0 | EU81: 0 | EV81: 0 | EW81: 0 | EX81: 0 | FQ81: 0 | FR81: =ROUND(IF(AND(BH81=3,BI81=3),P81,0),2) -> 0 | FS81: 0 | FX81: 100 | FY81: 70 | GD81: 0 | GF81: 1042012327 | GG81: 1 | GH81: 1 | GI81: 4 | GJ81: 0 | GK81: =ROUND(R81*(S12)/100,2) -> 0 | GL81: =ROUND(IF(AND(BH81=3,BI81=3,FS81<>0),P81,0),2) -> 0 | GM81: =ROUND(O81+X81+Y81+GK81,2)+GX81 -> 186844.3 | GN81: =IF(OR(BI81=0,BI81=1),ROUND(O81+X81+Y81+GK81,2),0) -> 186844.3 | GO81: =IF(BI81=2,ROUND(O81+X81+Y81+GK81,2),0) -> 0 | GP81: =IF(BI81=4,ROUND(O81+X81+Y81+GK81,2)+GX81,0) -> 0 | GR81: 0 | GS81: 3 | GT81: 0 | GV81: =ROUND(GT81,2) -> 0 | GW81: 1 | GX81: =ROUND(GV81*GW81*I81,2) -> 0 | HA81: 0 | HB81: 0 | IK81: 0
A83: 51 | B83: =B24 -> 1 | C83: =A24 -> 4 | D83: =ROW(A24) -> 24 | F83: =IF(F24<>"",F24,"") -> Дымоудаление | G83: =IF(G24<>"",G24,"") -> Дымоудаление | H83: 0 | O83: =ROUND(AB83,2) -> 140410.35 | P83: =ROUND(AC83,2) -> 135230.57 | Q83: =ROUND(AD83,2) -> 1402.2 | R83: =ROUND(AE83,2) -> 58.17 | S83: =ROUND(AF83,2) -> 3777.58 | T83: =ROUND(AG83,2) -> 0 | U83: =AH83 -> 409.14992 | V83: =AI83 -> 4.90326 | W83: =ROUND(AJ83,2) -> 0 | X83: =ROUND(AK83,2) -> 4107.19 | Y83: =ROUND(AL83,2) -> 2804.9 | AB83: =ROUND(SUMIF(AA28:AA81,"=27795993",O28:O81),2) -> 140410.35 | AC83: =ROUND(SUMIF(AA28:AA81,"=27795993",P28:P81),2) -> 135230.57 | AD83: =ROUND(SUMIF(AA28:AA81,"=27795993",Q28:Q81),2) -> 1402.2 | AE83: =ROUND(SUMIF(AA28:AA81,"=27795993",R28:R81),2) -> 58.17 | AF83: =ROUND(SUMIF(AA28:AA81,"=27795993",S28:S81),2) -> 3777.58 | AG83: =ROUND(SUMIF(AA28:AA81,"=27795993",T28:T81),2) -> 0 | AH83: =SUMIF(AA28:AA81,"=27795993",U28:U81) -> 409.14992 | AI83: =SUMIF(AA28:AA81,"=27795993",V28:V81) -> 4.90326 | AJ83: =ROUND(SUMIF(AA28:AA81,"=27795993",W28:W81),2) -> 0 | AK83: =ROUND(SUMIF(AA28:AA81,"=27795993",X28:X81),2) -> 4107.19 | AL83: =ROUND(SUMIF(AA28:AA81,"=27795993",Y28:Y81),2) -> 2804.9 | AO83: =ROUND(BX83,2) -> 0 | AP83: =ROUND(BY83,2) -> 0 | AQ83: =ROUND(BZ83,2) -> 0 | AR83: =ROUND(CA83,2) -> 147322.44 | AS83: =ROUND(CB83,2) -> 142651.4 | AT83: =ROUND(CC83,2) -> 1169.49 | AU83: =ROUND(CD83,2) -> 3501.55 | AV83: =ROUND(CE83,2) -> 135230.57 | ... BC83: =ROUND(CL83,2) -> 0 | BX83: =ROUND(SUMIF(AA28:AA81,"=27795993",FQ28:FQ81),2) -> 0 | BY83: =ROUND(SUMIF(AA28:AA81,"=27795993",FR28:FR81),2) -> 0 | BZ83: =ROUND(SUMIF(AA28:AA81,"=27795993",GL28:GL81),2) -> 0 | CA83: =ROUND(SUMIF(AA28:AA81,"=27795993",GM28:GM81),2) -> 147322.44 | CB83: =ROUND(SUMIF(AA28:AA81,"=27795993",GN28:GN81),2) -> 142651.4 | CC83: =ROUND(SUMIF(AA28:AA81,"=27795993",GO28:GO81),2) -> 1169.49 | CD83: =ROUND(SUMIF(AA28:AA81,"=27795993",GP28:GP81),2) -> 3501.55 | CE83: =AC83-BX83 -> 135230.57 | CF83: =AC83-BY83 -> 135230.57 | CG83: =BX83-BZ83 -> 0 | CH83: =AC83-BX83-BY83+BZ83 -> 135230.57 | CI83: =BY83-BZ83 -> 0 | CJ83: =ROUND(SUMIF(AA28:AA81,"=27795993",GX28:GX81),2) -> 0 | CK83: =ROUND(SUMIF(AA28:AA81,"=27795993",GY28:GY81),2) -> 0 | CL83: =ROUND(SUMIF(AA28:AA81,"=27795993",GZ28:GZ81),2) -> 0 | DG83: =ROUND(DT83,2) -> 1081159.8 | DH83: =ROUND(DU83,2) -> 1041275.5 | DI83: =ROUND(DV83,2) -> 10796.89 | DJ83: =ROUND(DW83,2) -> 447.99 | DK83: =ROUND(DX83,2) -> 29087.36 | DL83: =ROUND(DY83,2) -> 0 | DM83: =DZ83 -> 409.14992 | DN83: =EA83 -> 4.90326 | DO83: =ROUND(EB83,2) -> 0 | DP83: =ROUND(EC83,2) -> 31625.58 | DQ83: =ROUND(ED83,2) -> 21597.78 | DT83: =ROUND(SUMIF(AA28:AA81,"=27796868",O28:O81),2) -> 1081159.8 | DU83: =ROUND(SUMIF(AA28:AA81,"=27796868",P28:P81),2) -> 1041275.5 | DV83: =ROUND(SUMIF(AA28:AA81,"=27796868",Q28:Q81),2) -> 10796.89 | DW83: =ROUND(SUMIF(AA28:AA81,"=27796868",R28:R81),2) -> 447.99 | DX83: =ROUND(SUMIF(AA28:AA81,"=27796868",S28:S81),2) -> 29087.36 | DY83: =ROUND(SUMIF(AA28:AA81,"=27796868",T28:T81),2) -> 0 | DZ83: =SUMIF(AA28:AA81,"=27796868",U28:U81) -> 409.14992 | EA83: =SUMIF(AA28:AA81,"=27796868",V28:V81) -> 4.90326 | EB83: =ROUND(SUMIF(AA28:AA81,"=27796868",W28:W81),2) -> 0 | EC83: =ROUND(SUMIF(AA28:AA81,"=27796868",X28:X81),2) -> 31625.58 | ED83: =ROUND(SUMIF(AA28:AA81,"=27796868",Y28:Y81),2) -> 21597.78 | EG83: =ROUND(FP83,2) -> 0 | EH83: =ROUND(FQ83,2) -> 0 | EI83: =ROUND(FR83,2) -> 0 | EJ83: =ROUND(FS83,2) -> 1134383.1 | EK83: =ROUND(FT83,2) -> 1098416.1 | EL83: =ROUND(FU83,2) -> 9005.04 | EM83: =ROUND(FV83,2) -> 26961.94 | EN83: =ROUND(FW83,2) -> 1041275.5 | ... EU83: =ROUND(GD83,2) -> 0 | FP83: =ROUND(SUMIF(AA28:AA81,"=27796868",FQ28:FQ81),2) -> 0 | FQ83: =ROUND(SUMIF(AA28:AA81,"=27796868",FR28:FR81),2) -> 0 | FR83: =ROUND(SUMIF(AA28:AA81,"=27796868",GL28:GL81),2) -> 0 | FS83: =ROUND(SUMIF(AA28:AA81,"=27796868",GM28:GM81),2) -> 1134383.1 | FT83: =ROUND(SUMIF(AA28:AA81,"=27796868",GN28:GN81),2) -> 1098416.1 | FU83: =ROUND(SUMIF(AA28:AA81,"=27796868",GO28:GO81),2) -> 9005.04 | FV83: =ROUND(SUMIF(AA28:AA81,"=27796868",GP28:GP81),2) -> 26961.94 | FW83: =DU83-FP83 -> 1041275.5 | FX83: =DU83-FQ83 -> 1041275.5 | FY83: =FP83-FR83 -> 0 | FZ83: =DU83-FP83-FQ83+FR83 -> 1041275.5 | GA83: =FQ83-FR83 -> 0 | GB83: =ROUND(SUMIF(AA28:AA81,"=27796868",GX28:GX81),2) -> 0 | GC83: =ROUND(SUMIF(AA28:AA81,"=27796868",GY28:GY81),2) -> 0 | GD83: =ROUND(SUMIF(AA28:AA81,"=27796868",GZ28:GZ81),2) -> 0 | GX83: 0
A85: 50 | B85: 0 | C85: 0 | D85: 1 | E85: 201 | F85: =ROUND(Source!O83,O85) -> 140410.35 | G85: ПЗ | H85: Прямые затраты | K85: 201 | L85: 1 | M85: 3 | O85: 2 | P85: =ROUND(Source!DG83,O85) -> 1081159.8
A86: 50 | B86: 0 | C86: 0 | D86: 1 | E86: 202 | F86: =ROUND(Source!P83,O86) -> 135230.57 | G86: СтМатОб | H86: Стоимость материальных ресурсов (всего) | K86: 202 | L86: 2 | M86: 3 | O86: 2 | P86: =ROUND(Source!DH83,O86) -> 1041275.5
A87: 50 | B87: 0 | C87: 0 | D87: 1 | E87: 222 | F87: =ROUND(Source!AO83,O87) -> 0 | G87: СтМатОбЗак | H87: Стоимость материалов и оборудования заказчика | K87: 222 | L87: 3 | M87: 3 | O87: 2 | P87: =ROUND(Source!EG83,O87) -> 0
A88: 50 | B88: 0 | C88: 0 | D88: 1 | E88: 225 | F88: =ROUND(Source!AV83,O88) -> 135230.57 | G88: СтМатОбПод | H88: Стоимость материалов и оборудования подрядчика | K88: 225 | L88: 4 | M88: 3 | O88: 2 | P88: =ROUND(Source!EN83,O88) -> 1041275.5
A89: 50 | B89: 0 | C89: 0 | D89: 1 | E89: 226 | F89: =ROUND(Source!AW83,O89) -> 135230.57 | G89: СтМат | H89: Стоимость материалов (всего) | K89: 226 | L89: 5 | M89: 3 | O89: 2 | P89: =ROUND(Source!EO83,O89) -> 1041275.5
A90: 50 | B90: 0 | C90: 0 | D90: 1 | E90: 227 | F90: =ROUND(Source!AX83,O90) -> 0 | G90: СтМатЗак | H90: Стоимость материалов заказчика | K90: 227 | L90: 6 | M90: 3 | O90: 2 | P90: =ROUND(Source!EP83,O90) -> 0
A91: 50 | B91: 0 | C91: 0 | D91: 1 | E91: 228 | F91: =ROUND(Source!AY83,O91) -> 135230.57 | G91: СтМатПод | H91: Стоимость материалов подрядчика | K91: 228 | L91: 7 | M91: 3 | O91: 2 | P91: =ROUND(Source!EQ83,O91) -> 1041275.5
A92: 50 | B92: 0 | C92: 0 | D92: 1 | E92: 216 | F92: =ROUND(Source!AP83,O92) -> 0 | G92: Оборуд | H92: Стоимость оборудования (всего) | K92: 216 | L92: 8 | M92: 3 | O92: 2 | P92: =ROUND(Source!EH83,O92) -> 0
A93: 50 | B93: 0 | C93: 0 | D93: 1 | E93: 223 | F93: =ROUND(Source!AQ83,O93) -> 0 | G93: ОборудЗак | H93: Стоимость оборудования заказчика | K93: 223 | L93: 9 | M93: 3 | O93: 2 | P93: =ROUND(Source!EI83,O93) -> 0
A94: 50 | B94: 0 | C94: 0 | D94: 1 | E94: 229 | F94: =ROUND(Source!AZ83,O94) -> 0 | G94: ОборудПод | H94: Стоимость оборудования подрядчика | K94: 229 | L94: 10 | M94: 3 | O94: 2 | P94: =ROUND(Source!ER83,O94) -> 0
A95: 50 | B95: 0 | C95: 0 | D95: 1 | E95: 203 | F95: =ROUND(Source!Q83,O95) -> 1402.2 | G95: ЭММ | H95: Эксплуатация машин | K95: 203 | L95: 11 | M95: 3 | O95: 2 | P95: =ROUND(Source!DI83,O95) -> 10796.89
A96: 50 | B96: 0 | C96: 0 | D96: 1 | E96: 231 | F96: =ROUND(Source!BB83,O96) -> 0 | G96: ЭММсНРиСП | H96: Эксплуатация машин по ТСН-2001.16 | K96: 231 | L96: 12 | M96: 3 | O96: 2 | P96: =ROUND(Source!ET83,O96) -> 0
A97: 50 | B97: 0 | C97: 0 | D97: 1 | E97: 204 | F97: =ROUND(Source!R83,O97) -> 58.17 | G97: ЗПМ | H97: ЗП машинистов | K97: 204 | L97: 13 | M97: 3 | O97: 2 | P97: =ROUND(Source!DJ83,O97) -> 447.99
A98: 50 | B98: 0 | C98: 0 | D98: 1 | E98: 205 | F98: =ROUND(Source!S83,O98) -> 3777.58 | G98: ОЗП | H98: Основная ЗП рабочих | K98: 205 | L98: 14 | M98: 3 | O98: 2 | P98: =ROUND(Source!DK83,O98) -> 29087.36
A99: 50 | B99: 0 | C99: 0 | D99: 1 | E99: 232 | F99: =ROUND(Source!BC83,O99) -> 0 | G99: ОЗПсНРиСП | H99: Основная ЗП рабочих по ТСН-2001.16 | K99: 232 | L99: 15 | M99: 3 | O99: 2 | P99: =ROUND(Source!EU83,O99) -> 0
A100: 50 | B100: 0 | C100: 0 | D100: 1 | E100: 214 | F100: =ROUND(Source!AS83,O100) -> 142651.4 | G100: Строит | H100: Строительные работы с НР и СП | K100: 214 | L100: 16 | M100: 3 | O100: 2 | P100: =ROUND(Source!EK83,O100) -> 1098416.1
A101: 50 | B101: 0 | C101: 0 | D101: 1 | E101: 215 | F101: =ROUND(Source!AT83,O101) -> 1169.49 | G101: Монтаж | H101: Монтажные работы с НР и СП | K101: 215 | L101: 17 | M101: 3 | O101: 2 | P101: =ROUND(Source!EL83,O101) -> 9005.04
A102: 50 | B102: 0 | C102: 0 | D102: 1 | E102: 217 | F102: =ROUND(Source!AU83,O102) -> 3501.55 | G102: Прочие | H102: Прочие работы с НР и СП | K102: 217 | L102: 18 | M102: 3 | O102: 2 | P102: =ROUND(Source!EM83,O102) -> 26961.94
A103: 50 | B103: 0 | C103: 0 | D103: 1 | E103: 230 | F103: =ROUND(Source!BA83,O103) -> 0 | G103: ПрочиеЗатр | H103: Прочие затраты по ТСН-2001.16 | K103: 230 | L103: 19 | M103: 3 | O103: 2 | P103: =ROUND(Source!ES83,O103) -> 0
A104: 50 | B104: 0 | C104: 0 | D104: 1 | E104: 206 | F104: =ROUND(Source!T83,O104) -> 0 | G104: ВозврМат | H104: Возврат материалов | K104: 206 | L104: 20 | M104: 3 | O104: 2 | P104: =ROUND(Source!DL83,O104) -> 0
A105: 50 | B105: 0 | C105: 0 | D105: 1 | E105: 207 | F105: =Source!U83 -> 409.14992 | G105: ТрудСтр | H105: Трудозатраты строителей | K105: 207 | L105: 21 | M105: 3 | O105: -1 | P105: =Source!DM83 -> 409.14992
A106: 50 | B106: 0 | C106: 0 | D106: 1 | E106: 208 | F106: =Source!V83 -> 4.90326 | G106: ТрудМаш | H106: Трудозатраты машинистов | K106: 208 | L106: 22 | M106: 3 | O106: -1 | P106: =Source!DN83 -> 4.90326
A107: 50 | B107: 0 | C107: 0 | D107: 1 | E107: 209 | F107: =ROUND(Source!W83,O107) -> 0 | G107: ТранспМат | H107: Транспорт материалов | K107: 209 | L107: 23 | M107: 3 | O107: 2 | P107: =ROUND(Source!DO83,O107) -> 0
A108: 50 | B108: 0 | C108: 0 | D108: 1 | E108: 210 | F108: =ROUND(Source!X83,O108) -> 4107.19 | G108: НР | H108: Накладные расходы | K108: 210 | L108: 24 | M108: 3 | O108: 2 | P108: =ROUND(Source!DP83,O108) -> 31625.58
A109: 50 | B109: 0 | C109: 0 | D109: 1 | E109: 211 | F109: =ROUND(Source!Y83,O109) -> 2804.9 | G109: СмПриб | H109: Сметная прибыль | K109: 211 | L109: 25 | M109: 3 | O109: 2 | P109: =ROUND(Source!DQ83,O109) -> 21597.78
A110: 50 | B110: 0 | C110: 0 | D110: 1 | E110: 224 | F110: =ROUND(Source!AR83,O110) -> 147322.44 | G110: Всего | H110: Всего с НР и СП | K110: 224 | L110: 26 | M110: 3 | O110: 2 | P110: =ROUND(Source!EJ83,O110) -> 1134383.1
A112: 4 | B112: 1 | D112: =ROW(A145) -> 145 | F112: Подпор | G112: Подпор | I112: 0 | K112: 1 | V112: 0 | BX112: 0 | CJ112: 0
A114: 52 | B114: =B145 -> 1 | C114: =C145 -> 4 | D114: =D145 -> 112 | E114: =E145 -> 0 | F114: =F145 -> Подпор | G114: =G145 -> Подпор | O114: =O145 -> 55435.2 | P114: =P145 -> 54492.8 | Q114: =Q145 -> 293.12 | R114: =R145 -> 40.99 | S114: =S145 -> 649.28 | T114: =T145 -> 0 | U114: =U145 -> 69.111144 | V114: =V145 -> 3.355608 | ... GX114: =GX145 -> 0
A116: 17 | B116: 1 | C116: =ROW(SmtRes!A224) -> 224 | D116: =ROW(EtalonRes!A228) -> 228 | E116: 11 | F116: 20-03-002-03 | G116: Установка вентиляторов осевых массой до 0,1 т | H116: ШТ | I116: 1 | J116: 0 | O116: =ROUND(CP116,2) -> 147.71 | P116: =ROUND(CQ116*I116,2) -> 3.04 | Q116: =ROUND(CR116*I116,2) -> 24.96 | R116: =ROUND(CS116*I116,2) -> 2.69 | S116: =ROUND(CT116*I116,2) -> 119.71 | T116: =ROUND(CU116*I116,2) -> 0 | U116: =CV116*I116 -> 12.444 | V116: =CW116*I116 -> 0.228 | W116: =ROUND(CX116*I116,2) -> 0 | X116: =ROUND(CY116,2) -> 156.67 | Y116: =ROUND(CZ116,2) -> 101.59 | AA116: 27795993 | AB116: =ROUND((AC116+AD116+AF116),2) -> 147.71 | AC116: =ROUND((ES116),2) -> 3.04 | AD116: =ROUND(((((ET116*1.2))-((EU116*1.2)))+AE116),2) -> 24.96 | AE116: =ROUND(((EU116*1.2)),2) -> 2.69 | AF116: =ROUND(((EV116*1.2)),2) -> 119.71 | AG116: =ROUND((AP116),2) -> 0 | AH116: =((EW116*1.2)) -> 12.444 | AI116: =((EX116*1.2)) -> 0.228 | AJ116: =ROUND((AS116),2) -> 0 | AK116: 123.6 | AL116: 3.04 | AM116: 20.8 | AN116: 2.24 | AO116: 99.76 | AP116: 0 | AQ116: 10.37 | AR116: 0.19 | AS116: 0 | AT116: 128 | AU116: 83 | AV116: 1 | AW116: 1 | AZ116: 1 | BA116: 1 | BB116: 1 | BC116: 1 | BH116: 0 | BI116: 1 | BJ116: ФЕР-2001, 20-03-002-03, приказ Минстроя России №1039/пр от 30.12.2016г. | BM116: 20001 | BN116: 0 | BP116: 0 | BQ116: 2 | BR116: 0 | BS116: 1 | BT116: 1 | BU116: 1 | BV116: 1 | BW116: 1 | BX116: 1 | BZ116: 128 | CA116: 83 | CF116: 0 | CG116: 0 | CM116: 0 | CN116: Поправка: МДС 81-35.2004, прил.1, т.1, п.2 Наименование: Производство строительных и других работ в существующих зданиях и сооружениях, освобожденных от оборудования и других предметов, мешающих нормальному производству работ. | CO116: 0 | CP116: =(P116+Q116+S116) -> 147.71 | CQ116: =AC116*BC116 -> 3.04 | CR116: =AD116*BB116 -> 24.96 | CS116: =AE116*BS116 -> 2.69 | CT116: =AF116*BA116 -> 119.71 | CU116: =AG116 -> 0 | CV116: =AH116 -> 12.444 | CW116: =AI116 -> 0.228 | CX116: =AJ116 -> 0 | CY116: =(((S116+R116)*AT116)/100) -> 156.672 | CZ116: =(((S116+R116)*AU116)/100) -> 101.592 | DE116: )*1,2 | DF116: )*1,2 | DG116: )*1,2 | DI116: )*1,2 | DJ116: )*1,2 | DN116: 0 | DO116: 0 | DP116: 1 | DQ116: 1 | DU116: 1013 | DV116: ШТ | DW116: ШТ | DX116: 1 | EE116: 27029054 | EF116: 2 | EG116: Общестроительные работы | EH116: 0 | EJ116: 1 | EK116: 20001 | EL116: Вентиляция и кондиционирование | EM116: ФЕР-20 | EO116: Поправка: МДС 81-35.2004, прил.1, т.1, п.2 | EQ116: 0 | ER116: 123.6 | ES116: 3.04 | ET116: 20.8 | EU116: 2.24 | EV116: 99.76 | EW116: 10.37 | EX116: 0.19 | EY116: 0 | FQ116: 0 | FR116: =ROUND(IF(AND(BH116=3,BI116=3),P116,0),2) -> 0 | FS116: 0 | FX116: 128 | FY116: 83 | GD116: 0 | GF116: -2074127217 | GG116: 2 | GH116: 1 | GI116: -2 | GJ116: 0 | GK116: =ROUND(R116*(R12)/100,2) -> 0 | GL116: =ROUND(IF(AND(BH116=3,BI116=3,FS116<>0),P116,0),2) -> 0 | GM116: =ROUND(O116+X116+Y116+GK116,2)+GX116 -> 405.97 | GN116: =IF(OR(BI116=0,BI116=1),ROUND(O116+X116+Y116+GK116,2),0) -> 405.97 | GO116: =IF(BI116=2,ROUND(O116+X116+Y116+GK116,2),0) -> 0 | GP116: =IF(BI116=4,ROUND(O116+X116+Y116+GK116,2)+GX116,0) -> 0 | GR116: 0 | GS116: 3 | GT116: 0 | GV116: =ROUND(GT116,2) -> 0 | GW116: 1 | GX116: =ROUND(GV116*GW116*I116,2) -> 0 | HA116: 0 | HB116: 0 | IK116: 0
A117: 17 | B117: 1 | C117: =ROW(SmtRes!A232) -> 232 | D117: =ROW(EtalonRes!A236) -> 236 | E117: 11 | F117: 20-03-002-03 | G117: Установка вентиляторов осевых массой до 0,1 т | H117: ШТ | I117: 1 | J117: 0 | O117: =ROUND(CP117,2) -> 1137.37 | P117: =ROUND(CQ117*I117,2) -> 23.41 | Q117: =ROUND(CR117*I117,2) -> 192.19 | R117: =ROUND(CS117*I117,2) -> 20.71 | S117: =ROUND(CT117*I117,2) -> 921.77 | T117: =ROUND(CU117*I117,2) -> 0 | U117: =CV117*I117 -> 12.444 | V117: =CW117*I117 -> 0.228 | W117: =ROUND(CX117*I117,2) -> 0 | X117: =ROUND(CY117,2) -> 1206.37 | Y117: =ROUND(CZ117,2) -> 782.26 | AA117: 27796868 | AB117: =ROUND((AC117+AD117+AF117),2) -> 147.71 | AC117: =ROUND((ES117),2) -> 3.04 | AD117: =ROUND(((((ET117*1.2))-((EU117*1.2)))+AE117),2) -> 24.96 | AE117: =ROUND(((EU117*1.2)),2) -> 2.69 | AF117: =ROUND(((EV117*1.2)),2) -> 119.71 | AG117: =ROUND((AP117),2) -> 0 | AH117: =((EW117*1.2)) -> 12.444 | AI117: =((EX117*1.2)) -> 0.228 | AJ117: =ROUND((AS117),2) -> 0 | AK117: 123.6 | AL117: 3.04 | AM117: 20.8 | AN117: 2.24 | AO117: 99.76 | AP117: 0 | AQ117: 10.37 | AR117: 0.19 | AS117: 0 | AT117: 128 | AU117: 83 | AV117: 1 | AW117: 1 | AZ117: 7.7 | BA117: 7.7 | BB117: 7.7 | BC117: 7.7 | BH117: 0 | BI117: 1 | BJ117: ФЕР-2001, 20-03-002-03, приказ Минстроя России №1039/пр от 30.12.2016г. | BM117: 20001 | BN117: 0 | BP117: 0 | BQ117: 2 | BR117: 0 | BS117: 7.7 | BT117: 1 | BU117: 1 | BV117: 1 | BW117: 1 | BX117: 1 | BZ117: 128 | CA117: 83 | CF117: 0 | CG117: 0 | CM117: 0 | CN117: Поправка: МДС 81-35.2004, прил.1, т.1, п.2 Наименование: Производство строительных и других работ в существующих зданиях и сооружениях, освобожденных от оборудования и других предметов, мешающих нормальному производству работ. | CO117: 0 | CP117: =(P117+Q117+S117) -> 1137.37 | CQ117: =AC117*BC117 -> 23.408 | CR117: =AD117*BB117 -> 192.192 | CS117: =AE117*BS117 -> 20.713 | CT117: =AF117*BA117 -> 921.767 | CU117: =AG117 -> 0 | CV117: =AH117 -> 12.444 | CW117: =AI117 -> 0.228 | CX117: =AJ117 -> 0 | CY117: =(((S117+R117)*AT117)/100) -> 1206.3744 | CZ117: =(((S117+R117)*AU117)/100) -> 782.2584 | DE117: )*1,2 | DF117: )*1,2 | DG117: )*1,2 | DI117: )*1,2 | DJ117: )*1,2 | DN117: 0 | DO117: 0 | DP117: 1 | DQ117: 1 | DU117: 1013 | DV117: ШТ | DW117: ШТ | DX117: 1 | EE117: 27029054 | EF117: 2 | EG117: Общестроительные работы | EH117: 0 | EJ117: 1 | EK117: 20001 | EL117: Вентиляция и кондиционирование | EM117: ФЕР-20 | EO117: Поправка: МДС 81-35.2004, прил.1, т.1, п.2 | EQ117: 0 | ER117: 123.6 | ES117: 3.04 | ET117: 20.8 | EU117: 2.24 | EV117: 99.76 | EW117: 10.37 | EX117: 0.19 | EY117: 0 | FQ117: 0 | FR117: =ROUND(IF(AND(BH117=3,BI117=3),P117,0),2) -> 0 | FS117: 0 | FX117: 128 | FY117: 83 | GD117: 0 | GF117: -2074127217 | GG117: 1 | GH117: 1 | GI117: 4 | GJ117: 0 | GK117: =ROUND(R117*(S12)/100,2) -> 0 | GL117: =ROUND(IF(AND(BH117=3,BI117=3,FS117<>0),P117,0),2) -> 0 | GM117: =ROUND(O117+X117+Y117+GK117,2)+GX117 -> 3126 | GN117: =IF(OR(BI117=0,BI117=1),ROUND(O117+X117+Y117+GK117,2),0) -> 3126 | GO117: =IF(BI117=2,ROUND(O117+X117+Y117+GK117,2),0) -> 0 | GP117: =IF(BI117=4,ROUND(O117+X117+Y117+GK117,2)+GX117,0) -> 0 | GR117: 0 | GS117: 3 | GT117: 0 | GV117: =ROUND(GT117,2) -> 0 | GW117: 1 | GX117: =ROUND(GV117*GW117*I117,2) -> 0 | HA117: 0 | HB117: 0 | IK117: 0
